Workbook
Name equipos: [1]ParaPriorizar!$C$65521:$C$65529

Sheet MIPG INSTITUCIONAL
AJ2: x
B3: PLAN DE ACCIÓN MODELO INTEGRADO DE PLANEACIÓN Y GESTIÓN MIPG 2021- 2022 Instituto Municipal de Empleo y Fomento Empresarial de Bucaramanga - IMEBU | P3: Código: F-MC-1000-238,37-064
P4: Versión: 2.0
P5: Fecha aprobación: Agosto-12-2021
P6: Página: 1 de 1
B7: Fecha Aprobación / Actualización Plan:
B8: DIMENSIÓN | C8: POLÍTICAS | D8: RESULTADO FURAG VIGENCIA ANTERIOR | E8: RECOMENDACIÓN DAFP | F8: ACTIVIDAD DE TRABAJO | G8: PRODUCTO / ENTREGABLE | H8: META | I8: LOGRO | M8: CUMPLIMIENTO ACUMULADO | N8: OBSERVACIONES | O8: RECURSOS | P8: RESPONSABLE | Q8: CRONOGRAMA DE TRABAJO | S8: AÑO 2022
I9: AÑO 2021 | K9: AÑO 2022 | Q9: AÑO 2021 | S9: AÑO 2022
I10: III Trim | J10: IV Trim | K10: I Trim | L10: II Trim | Q10: III Trim | R10: IV Trim | S10: I Trim | T10: II Trim
B11: Talento Humano | C11: Gestión Estratégica de Talento Humano | D11: 86.9 | E11: NA | F11: Actualizar los planes y programas que integran la dimensión estratégica del Talento Humano | G11: Plan Anual de Vacantes actualizado | H11: 1 | M11: ='PROGRAMACIÓN DE META '!AE5 -> 0 | O11: Talento Humano, Recursos Físicos y Tecnológicos | P11: Subdirección Administrativa y Financiera | S11: x
G12: Plan de previsión de recursos humanos actualizado | H12: 1 | M12: ='PROGRAMACIÓN DE META '!AE6 -> 0 | O12: Talento Humano, Recursos Físicos y Tecnológicos | P12: Subdirección Administrativa y Financiera | S12: x
G13: Plan estratégico de Talento humano actualizado | H13: 1 | M13: ='PROGRAMACIÓN DE META '!AE7 -> 0 | O13: Talento Humano, Recursos Físicos y Tecnológicos | P13: Subdirección Administrativa y Financiera | S13: x
G14: Plan Institucional de Capacitación actualizado | H14: 1 | M14: ='PROGRAMACIÓN DE META '!AE8 -> 0 | O14: Talento Humano, Recursos Físicos y Tecnológicos | P14: Subdirección Administrativa y Financiera | S14: x
G15: Plan de Bienestar Institucional e Incentivos actualizado | H15: 1 | M15: ='PROGRAMACIÓN DE META '!AE9 -> 0 | O15: Talento Humano, Recursos Físicos y Tecnológicos | P15: Subdirección Administrativa y Financiera | S15: x
G16: Plan Anual de seguridad y salud en el trabajo actualizado | H16: 1 | M16: ='PROGRAMACIÓN DE META '!AE10 -> 0 | O16: Talento Humano, Recursos Físicos y Tecnológicos | P16: Subdirección Administrativa y Financiera | S16: x
E17: NA | F17: Implementar el Plan Anual de Seguridad y salud en el trabajo de acuerdo al cronograma de actividades año 2021- 2022. | G17: Informes del plan de seguridad y salud en el trabajo implementado 2021 | H17: 2 | M17: ='PROGRAMACIÓN DE META '!AE11 -> 0 | N17: Durante el tercer y cuarto trimestre de 2021, se realizó la definición y actualización del plan de trabajo SST, renovación y capacitación de los comités (copaso y cocolab), actualización de los requisitos legales del sistema de SST, revisión y actualización de los indicadores, aplicación y análisis de estadística de morbilidad , inspecciones de orden y aseo , jornadas de capacitación a brigadas de emergencia y seguimiento al plan de capacitaciones de SST | O17: Talento Humano, Recursos Físicos y Tecnológicos | P17: Subdirección Administrativa y Financiera | Q17: x | R17: x
G18: Informes del plan de seguridad y salud en el trabajo implementado 2022 | H18: 2 | M18: ='PROGRAMACIÓN DE META '!AE12 -> 0 | O18: Talento Humano, Recursos Físicos y Tecnológicos | P18: Subdirección Administrativa y Financiera | S18: x | T18: x
E19: PIR4,IR11, IR12,IR13, | F19: Implementar Plan Institucional de Capacitación de acuerdo al cronograma de actividades año 2021- año 2022 | G19: Informes del Plan Institucional de capacitación implementado 2021 | H19: 2 | M19: ='PROGRAMACIÓN DE META '!AE13 -> 0 | N19: Se realizó el informe de ejecución de actividades de acuerdo al cronograma del PIC | O19: Talento Humano, Recursos Físicos y Tecnológicos | P19: Subdirección Administrativa y Financiera | Q19: x | R19: x
G20: Informes del plan Institucional de capacitación implementado 2022 | H20: 2 | M20: ='PROGRAMACIÓN DE META '!AE14 -> 0 | O20: Talento Humano, Recursos Físicos y Tecnológicos | P20: Subdirección Administrativa y Financiera | S20: x | T20: x
E21: RN GETH04 | F21: Implementar Plan de Bienestar Institucional e incentivos de acuerdo al cronograma de actividades año 2021- 2022 | G21: Informes del Plan de Bienestar e incentivos implementado 2021 | H21: 2 | M21: ='PROGRAMACIÓN DE META '!AE15 -> 0 | N21: Se realizó el informe de ejecución de actividades de acuerdo al cronograma de Bienestar | O21: Talento Humano, Recursos Físicos y Tecnológicos | P21: Subdirección Administrativa y Financiera | Q21: x | R21: x
G22: Informes de los Planes de Bienestar e incentivos implementados 2022 | H22: 2 | M22: ='PROGRAMACIÓN DE META '!AE16 -> 0 | O22: Talento Humano, Recursos Físicos y Tecnológicos | P22: Subdirección Administrativa y Financiera | S22: x | T22: x
E23: GETHR13 | F23: Implementar actividades de salario emocional para promover el bienestar de los servidores públicos | G23: Acciones realizadas que permitan resaltar y estimular a los servidores públicos como reconocimiento a sus labores | H23: 1 | M23: ='PROGRAMACIÓN DE META '!AE17 -> 0 | N23: Se realizó la conmemoración del servidor público en la sede COMFENALCO el día 23 de septiembre de 2021 y en el último trimestre de 2021 se realizó reunión de cierre de vigencia y novenas navideñas 2021. | O23: Talento Humano, Recursos Físicos y Tecnológicos | P23: Subdirección Administrativa y Financiera | Q23: x | R23: x
E24: GETHR11 | F24: Desarrollar un diagnóstico de la accesibilidad y análisis de los puestos de trabajo, con recomendaciones para la implementación de ajustes razonables de acuerdo con los servidores públicos vinculados, en especial aquellos con discapacidad. | G24: Diagnóstico de accesibilidad y análisis de puestos de trabajo servidores públicos vinculados y funcionarios con discapacidad | H24: 1 | M24: ='PROGRAMACIÓN DE META '!AE18 -> 0 | N24: Se realizó el diagnóstico y análisis de puestos de trabajo. | O24: Talento Humano, Recursos Físicos y Tecnológicos | P24: Subdirección Administrativa y Financiera | Q24: x | R24: x
E25: NA | F25: Analizar y tomar las medidas de mejora que contribuyan al fortalecimiento del clima laboral en la entidad. | G25: Informe Intervención del clima organizacional | H25: 1 | M25: ='PROGRAMACIÓN DE META '!AE19 -> 0 | N25: Se están ejecutando actividades de intervención de conformidad con los resultados del diagnóstico. | O25: Talento Humano, Recursos Físicos y Tecnológicos | P25: Subdirección Administrativa y Financiera | R25: x
C26: Integridad | D26: 70.3 | E26: IR14 | F26: Fortalecer los canales de denuncia y seguimiento frente a situaciones disciplinarias y de conflictos de interés que faciliten la formulación e implementación oportuna de acciones de control y sanción de los conflictos de interés. | G26: Formulario de denuncias implementado en línea | H26: 1 | M26: ='PROGRAMACIÓN DE META '!AE20 -> 0 | O26: Talento Humano, Recursos Físicos y Tecnológicos | P26: Subdirección Administrativa y Financiera | R26: x
E27: IR11, IR12,IR13 | F27: Socializar y sensibilizar los valores del código de integridad | G27: Código de integridad socializado | H27: 1 | M27: ='PROGRAMACIÓN DE META '!AE21 -> 0 | N27: Se han socializado los valores del código de integridad y se han realizado actividades alusivas a estos. | O27: Talento Humano, Recursos Físicos y Tecnológicos | P27: Subdirección Administrativa y Financiera | R27: x
E28: IR 2 | F28: Monitorear en la página del SIGEP el registro Declaración de bienes y rentas y/o conflictos de interés de los obligados conforme la Ley 2013 de 2019 | G28: Informe de monitoreo del registro de las declaraciones de bienes, rentas y conflicto de interés de contratistas y servidores públicos . | H28: 1 | M28: ='PROGRAMACIÓN DE META '!AE22 -> 0 | N28: Los contratistas en el momento que realizan la contratación actualizan declaración de bienes y rentas en la plataforma del SIGEP, y la declaración de conflictos de interés, los formatos ya se compartieron para su diligenciamiento. | O28: Talento Humano, Recursos Físicos y Tecnológicos | P28: Subdirección Administrativa y Financiera | R28: x
B29: Direccionamiento Estratégico y Planeación | C29: Planeación Institucional | D29: 84.9 | E29: NA | F29: Formular el Plan Anticorrupción y Atención al ciudadano 2021 - 2022 | G29: Plan Anticorrupción y Atención al ciudadano formulado PAAC 2021 | H29: 1 | M29: ='PROGRAMACIÓN DE META '!AE23 -> 0 | N29: El Plan Anticorrupción y Atención al Ciudadano 2021 Se formuló y fue publicado en página WEB (LA ACCION SE DEBE AJUSTAR: REALIZAR MONITOREO AL PAAC 2021) | O29: Talento Humano, Recursos Físicos y Tecnológicos | P29: Subdirección Técnica | R29: x
G30: Plan anticorrupción y Atención al ciudadano formulado PAAC 2022 | H30: 1 | M30: ='PROGRAMACIÓN DE META '!AE24 -> 0 | O30: Talento Humano, Recursos Físicos y Tecnológicos | P30: Subdirección Técnica | S30: x
E31: NA | F31: Socializar Plan Estratégico Institucional año 2022 | G31: Plan estratégico Institucional 2022 socializado | H31: 1 | M31: ='PROGRAMACIÓN DE META '!AE25 -> 0 | O31: Talento Humano, Recursos Físicos y Tecnológicos | P31: Subdirección Técnica | S31: x
E32: NA | F32: Formular e implementar planes de mejora que promuevan una gestión transparente y efectiva, además contribuyan a la mitigación de los riesgos de la entidad | G32: Planes de mejoramiento formulados e implementados | H32: 1 | M32: ='PROGRAMACIÓN DE META '!AE26 -> 0 | N32: El instituto a la fecha presenta dos planes de mejoramiento, uno suscrito con la Contraloría Municipal y otro con la Oficina de Control Interno, a los cuales se está dando cumplimiento a las acciones de mejora. | O32: Talento Humano, Recursos Físicos y Tecnológicos | P32: Subdirección Técnica | R32: x
E33: NA | F33: Realizar monitoreo a la Matriz de Indicadores de Gestión año 2021- 2022 | G33: Informe de monitoreo de la matriz de indicadores de gestión año 2021. | H33: 2 | M33: ='PROGRAMACIÓN DE META '!AE27 -> 0 | N33: Se realizó el informe de monitoreo de la matriz de indicadores de gestión por cada proceso con corte 30 de septiembre de 2021 y a corte de 30 de diciembre de 2021 | O33: Talento Humano, Recursos Físicos y Tecnológicos | P33: Subdirección Técnica | Q33: x | R33: x
G34: Informe de monitoreo matriz de indicadores de gestión año 2022 . | H34: 2 | M34: ='PROGRAMACIÓN DE META '!AE28 -> 0 | O34: Talento Humano, Recursos Físicos y Tecnológicos | P34: Subdirección Técnica | S34: x | T34: x
C35: Compras y contratación Pública | D35: NA | E35: NA | F35: Diseñar e implementar los procedimientos de contratación directa y mínimas cuantías que se ajusten a los lineamientos y estándares propuestos a través de los decretos, manuales, guías y documentos tipo, establecidos en Colombia compra eficiente a través de la plataforma - SECOP ll | G35: Procedimientos contratación directa y mínima cuantía implementados de acuerdo a las guías y manuales de Colombia compra eficiente y SECOP Il | H35: 2 | M35: ='PROGRAMACIÓN DE META '!AE29 -> 0 | N35: Se han avanzado en los procedimientos de prestación de servicios, y publicación SECOP I y SECOP II | O35: Talento Humano, Recursos Físicos y Tecnológicos | P35: Jurídica | R35: x | T35: x
C36: Gestión presupuestal y eficiencia en el gasto público | D36: NA | E36: NA | F36: Elaborar y mantener actualizado Plan anual de adquisiciones | G36: Plan anual de adquisiones - PAA actualizado | H36: 4 | M36: ='PROGRAMACIÓN DE META '!AE30 -> 0 | N36: Se adjunta resolución de actualización PAA- Plan Anual de adquisiciones | O36: Talento Humano, Recursos Físicos y Tecnológicos | P36: Subdirección Administrativa y Financiera | Q36: x | R36: x | S36: x | T36: x
F37: Realizar seguimiento a la ejecución presupuestal acorde al Plan anual de adquisiones | G37: Actas de comité de desempeño con seguimiento a la ejecución presupuestal | H37: 2 | M37: ='PROGRAMACIÓN DE META '!AE31 -> 0 | O37: Talento Humano, Recursos Físicos y Tecnológicos | P37: Subdirección Administrativa y Financiera | R37: x | T37: x
F38: Realizar seguimiento al cumplimiento de la elaboración del programa mensualizado de caja año 2021 y 2022 | G38: Seguimiento Programa Mensualizado de caja 2021 | H38: 6 | M38: ='PROGRAMACIÓN DE META '!AE32 -> 0 | N38: Se tienen como evidencias los programas mensualizados de caja | O38: Talento Humano, Recursos Físicos y Tecnológicos | P38: Subdirección Administrativa y Financiera | Q38: x | R38: x
G39: Seguimiento Programa Mensualizado de caja 2022 | H39: 6 | M39: ='PROGRAMACIÓN DE META '!AE33 -> 0 | O39: Talento Humano, Recursos Físicos y Tecnológicos | P39: Subdirección Administrativa y Financiera | S39: x | T39: x
B40: Gestión para Resultados con Valores | C40: Fortalecimiento organizacional y simplificación de procesos | D40: 71.1 | E40: NA | F40: Implementar mejoras continuas al Sistema Integrado de Gestión de calidad | G40: Procedimientos y formatos actualizados | H40: 1 | M40: ='PROGRAMACIÓN DE META '!AE34 -> 0 | N40: Se tiene como evidencia acta de comité MIPG de los procedimientos actualizados | O40: Talento Humano, Recursos Físicos y Tecnológicos | P40: Subdirección Técnica | R40: x | T40: x
E41: P1R2, FO2,GETHR2 | F41: Actualizar y ajustar el Manual de funciones conforme al Decreto 1083 de 2015, Decreto 815 de 2018, la Ley 1955 de 2019 y al Decreto 2365 de 2019, decreto 989 de 2020 | G41: Manual de funciones actualizado | H41: 1 | M41: ='PROGRAMACIÓN DE META '!AE35 -> 0 | N41: Se realizó la actualización y se encuentra en revisión de funciones y responsabilidades por cada uno de los funcionarios , el cargo de Control Interno ya se aprobó para llevar Consejo Directivo. | O41: Talento Humano, Recursos Físicos y Tecnológicos | P41: Subdirección Administrativa y Financiera | R41: x
E42: FO3 | F42: Implementar plan de mantenimiento preventivo de equipos | G42: Plan de mantenimientos preventivo implementado | H42: 1 | M42: ='PROGRAMACIÓN DE META '!AE36 -> 0 | N42: Se llevo a cabo el mantenimiento preventivo de los equipos tecnológicos del IMEBU, y actualización de hojas de vida de los equipos. | O42: Talento Humano, Recursos Físicos y Tecnológicos | P42: Subdirección Administrativa y Financiera | R42: x
E43: FO5, FO6 | F43: Actualizar los inventarios de la entidad. | G43: Inventario de la entidad actualizado. | H43: 1 | M43: ='PROGRAMACIÓN DE META '!AE37 -> 0 | N43: Se realizó la jornada de inventarios programado y el informe, presentado al Comité de MIPG, el cuál autorizó la baja de los bienes que se clasificaron como inservibles. | O43: Talento Humano, Recursos Físicos y Tecnológicos | P43: Subdirección Administrativa y Financiera | R43: x
E44: NA | F44: Sensibilizar a los funcionarios públicos y contratistas de la entidad acerca de los programas ambientales del Sistema de Gestión ambiental Institucional | G44: Talleres de educación ambiental y / o Campañas de información realizada | H44: 2 | M44: ='PROGRAMACIÓN DE META '!AE38 -> 0 | N44: Se adquirió infogramas que hacen alusión al correcto uso y racionamiento de los recursos naturales del Instituto, así mismo, el insumo para las jornadas de sensibilización programadas. | O44: Talento Humano, Recursos Físicos y Tecnológicos | P44: Subdirección Administrativa y Financiera | R44: x | T44: x
E45: FO8, GD8 | F45: Gestionar de manera adecuada los residuos de aparatos eléctricos y digitales acorde al decreto 284 de 2018 y la política ambiental nacional, por parte de la entidad. | G45: Residuos de los aparatos eléctricos y digitales entregados a un operador especializado | H45: 1 | M45: ='PROGRAMACIÓN DE META '!AE39 -> 0 | N45: La entidad cuenta con manejo especial de los aparatos eléctricos y digitales que se encuentran debidamente almacenados y clasificados con el objetivo de entregarlo al operador especializado | O45: Talento Humano, Recursos Físicos y Tecnológicos | P45: Subdirección Administrativa y Financiera | R45: x | T45: x
C46: Gobierno Digital | D46: 56.9 | E46: PIR1 | F46: Dar continuidad a la Implementación del PETI - Plan Estratégico de Tecnologías de la información de acuerdo con el cronograma de actividades | G46: Informes de avances de implementación del PETI - 2021 | H46: 2 | M46: ='PROGRAMACIÓN DE META '!AE40 -> 0 | N46: Se presento el informe de avance de las actividades planeadas en el PETI y se esta realizando su actualización. | O46: Talento Humano, Recursos Físicos y Tecnológicos | P46: Subdirección Administrativa y Financiera - Profesional Ingeniero de Sistemas | Q46: x | R46: x
G47: Formatos Sistema de Gestión de Calidad diseñados | H47: 1 | M47: ='PROGRAMACIÓN DE META '!AE41 -> 0 | N47: Se diseñaron y actualizaron los formatos del Sistema de Gestión de Calidad, los cuales se encuentran aprobados. | O47: Talento Humano, Recursos Físicos y Tecnológicos | P47: Subdirección Administrativa y Financiera - Profesional Ingeniero de Sistemas | R47: x
G48: Informes de avances de la implementación del PETI- 2022 | H48: 2 | M48: ='PROGRAMACIÓN DE META '!AE42 -> 0 | O48: Talento Humano, Recursos Físicos y Tecnológicos | P48: Subdirección Administrativa y Financiera - Profesional Ingeniero de Sistema | S48: x | T48: x
E49: RNFGD10 | F49: Realizar capacitación sobre tema de datos abiertos. | G49: Capacitaciones realizadas sobre datos abiertos | H49: 1 | M49: ='PROGRAMACIÓN DE META '!AE43 -> 0 | N49: Se realizó una capacitación virtual sobre datos abiertos, datos jurídicos y datos básicos. De igual manero, la divulgación sobre los diferentes programas que realiza el IMEBU. | O49: Talento Humano, Recursos Físicos y Tecnológicos | P49: Subdirección Administrativa y Financiera - Profesional Ingeniero de Sistema | R49: x
F50: Elaborar inventario de los temas que se pueden publicar como datos abiertos. | G50: Inventario de datos abiertos elaborado | H50: 1 | M50: ='PROGRAMACIÓN DE META '!AE44 -> 0 | N50: Se avanza en la actualización de inventario de datos abiertos | O50: Talento Humano, Recursos Físicos y Tecnológicos | P50: Subdirección Administrativa y Financiera - Profesional Ingeniero de Sistema | Q50: x | R50: x | S50: x | T50: x
F51: Procesar y publicar la información de datos abiertos. | G51: Datos abiertos publicado | H51: 1 | M51: ='PROGRAMACIÓN DE META '!AE45 -> 0 | N51: Se tienen publicado los datos abiertos página WEB | O51: Talento Humano, Recursos Físicos y Tecnológicos | P51: Subdirección Administrativa y Financiera - Profesional Ingeniero de Sistema | Q51: x | R51: x | S51: x | T51: x
F52: Elaborar procedimiento de calidad de datos | G52: Procedimiento calidad de datos elaborado | H52: 1 | M52: ='PROGRAMACIÓN DE META '!AE46 -> 0 | O52: Talento Humano, Recursos Físicos y Tecnológicos | P52: Subdirección Administrativa y Financiera - Profesional Ingeniero de Sistema | R52: x
E53: RNFGD6, TAIR14R, NFGD8 | F53: Elaborar el plan de mantenimiento preventivo y evolutivo sobre la infraestructura TI e implementarlo de acuerdo al cronograma de actividades. | G53: Plan de mantenimiento preventivo y evolutivo implementado | H53: 1 | M53: ='PROGRAMACIÓN DE META '!AE47 -> 0 | O53: Talento Humano, Recursos Físicos y Tecnológicos | P53: Subdirección Administrativa y Financiera - Profesional Ingeniero de Sistema | R53: x
F54: Actualizar programa para la disposición final de residuos tecnológicos. | G54: Programa para la disposición final de los residuos tecnológicos actualizado | H54: 1 | M54: ='PROGRAMACIÓN DE META '!AE48 -> 0 | N54: Se está actualizando el programa de gestión de residuos tecnológicos y sólidos de la mano con la persona encargada de gestión de calidad | O54: Talento Humano, Recursos Físicos y Tecnológicos | P54: Subdirección Administrativa y Financiera - Profesional Ingeniero de Sistem | R54: x
F55: Actualizar el plan de continuidad de los servicios tecnológicos. | G55: Plan de continuidad de servicios tecnológicos actualizado | H55: 1 | M55: ='PROGRAMACIÓN DE META '!AE49 -> 0 | N55: Se está proyectando el documento | O55: Talento Humano, Recursos Físicos y Tecnológicos | P55: Subdirección Administrativa y Financiera - Profesional Ingeniero de Sistem | Q55: x | R55: x | S55: x | T55: x
E56: RNFGD8 | F56: Sensibilizar a los usuarios de la información sobre el uso adecuado de las TIC | G56: Talleres, charlas y/o campañas para el uso adecuado de las TIC | H56: 2 | M56: ='PROGRAMACIÓN DE META '!AE50 -> 0 | O56: Talento Humano, Recursos Físicos y Tecnológicos | P56: Subdirección Administrativa y Financiera - Profesional Ingeniero de Sistem | R56: x | T56: x
E57: RN GD 01 | F57: Publicar, en la sección "transparencia y acceso a la información pública" de la página web oficial de la entidad la información actualizada acorde a los lineamientos de la Ley 1712 de 2014 y resolución 1519 de 2020 | G57: Registros de la información publicados en la página web de la entidad | H57: 1 | M57: ='PROGRAMACIÓN DE META '!AE51 -> 0 | N57: La publicación en la página WEB se realiza de manera permanente | O57: Talento Humano, Recursos Físicos y Tecnológicos | P57: Subdirección Administrativa y Financiera - Profesional Ingeniero de Sistem | Q57: x | R57: x | S57: x | T57: x
C58: Seguridad Digital | D58: 73.7 | E58: SD R5,PIR7,GD86 | F58: Actualizar y aprobar la política de seguridad y privacidad de la información de la entidad. | G58: Política de seguridad de la información actualizada y aprobada | H58: 1 | M58: ='PROGRAMACIÓN DE META '!AE52 -> 0 | N58: Está en trámite de actualización lleva un 75% de cumplimiento | T58: x
F59: Implementar la Política de seguridad de la información acuerdo con los lineamientos del Ministerio de Tecnologías de la Información y Comunicaciones. | G59: Política de seguridad de la información implementada | H59: 1 | M59: ='PROGRAMACIÓN DE META '!AE53 -> 0 | N59: Dentro de la implementación se lleva a cabo las actividades de publicación de información de acuerdo a la normalidad vigente | T59: x
E60: RN GD 10 | F60: Hacer diagnostico para la implementación del Marco de Interoperabilidad. | G60: Diagnóstico realizado para la implementación del marco de interoperabilidad | H60: 1 | M60: ='PROGRAMACIÓN DE META '!AE54 -> 0 | N60: En la actualidad el Instituto se esta documentando de la información pertinente para generar el diagnostico requerido, se solicitara apoyo a la administración central para esta actividad | O60: Talento Humano, Recursos Físicos y Tecnológicos | P60: Subdirección Administrativa y Financiera - Profesional Ingeniero de Sistem | T60: x
E61: SD R4,PIR3 | F61: Elaborar diagnostico de seguridad y privacidad de la información - MSPI | G61: Diagnóstico de seguridad y privacidad de la información MSPI realizado | H61: 1 | M61: ='PROGRAMACIÓN DE META '!AE55 -> 0 | N61: Se presenta avance del diagnóstico de MSPI en el informe PETI | O61: Talento Humano, Recursos Físicos y Tecnológicos | P61: Subdirección Administrativa y Financiera - Profesional Ingeniero de Sistem | R61: x | T61: x
E62: NA | F62: Realizar el inventario de activos de seguridad y privacidad de la información. | G62: Inventario de activos de seguridad y privacidad de la información realizado | H62: 1 | M62: ='PROGRAMACIÓN DE META '!AE56 -> 0 | N62: Se lleva un avance a diciembre 31 del 75% de actualización de inventario de activos de seguridad y privacidad de la información | O62: Talento Humano, Recursos Físicos y Tecnológicos | P62: Subdirección Administrativa y Financiera - Profesional Ingeniero de Sistem | Q62: x | R62: x | S62: x | T62: x
E63: GD75, GD72, GD73, GD,74 | F63: Actualizar el documento Plan de Transición de Protocolos IPv4 a IPv6. | G63: Plan de transición de protocolos IPv4 a IPv6 actualizado | H63: 1 | M63: ='PROGRAMACIÓN DE META '!AE57 -> 0 | N63: Se está proyectando el documento con un 50% de avance a 31 de diciembre | O63: Talento Humano, Recursos Físicos y Tecnológicos | P63: Subdirección Administrativa y Financiera - Profesional Ingeniero de Sistem | T63: x
C64: Defensa jurídica | D64: NA | E64: NA | F64: Actualizar el Manual de contratación | G64: Manual de contratación actualizado | H64: 1 | M64: ='PROGRAMACIÓN DE META '!AE58 -> 0 | N64: El asesor jurídico presentó un documento preliminar de avance de la actualización del Manual de Contratación | O64: Talento Humano, Recursos Físicos y Tecnológicos | P64: Asesor Jurídico | R64: x
E65: NA | F65: Actualizar e implementar Plan de acción para la defensa jurídica de la entidad, incluyendo el componente de prevención de daño antijurídico. | G65: Plan de acción actualizado e implementado para la defensa jurídica de la entidad | H65: 1 | M65: ='PROGRAMACIÓN DE META '!AE59 -> 0 | O65: Talento Humano, Recursos Físicos y Tecnológicos | P65: Asesor Jurídico | S65: x
E66: NA | F66: Realizar permanente el Comité de Conciliación de acuerdo a la normatividad vigente. | G66: Comités de Conciliaciones realizados | H66: 1 | M66: ='PROGRAMACIÓN DE META '!AE60 -> 0 | N66: Los comités de conciliación se realizan según la necesidad durante el tercer y cuarto trimestre 2021 | O66: Talento Humano, Recursos Físicos y Tecnológicos | P66: Asesor Jurídico | Q66: x | R66: x | S66: x | T66: x
C67: Servicio al ciudadano | D67: 76.2 | E67: PSCR28 | F67: Adecuar el canal telefónico de la entidad con menú de opciones | G67: PBX instalado con menú de opciones | H67: 1 | M67: ='PROGRAMACIÓN DE META '!AE61 -> 0 | N67: Se instaló el PBX con menú de opciones como respuesta automáticas, traslado de llamadas a dependencias entre otras. | O67: Talento Humano, Recursos Físicos y Tecnológicos | P67: Dirección General - Secretario Ejecutivo | R67: x
E68: PSCR16,PSCR20 | F68: Generar unos banner, en la pagina del IMEBU que vayan directamente a la población con discapacidad. | G68: Banners informativos para población en condición de discapacidad publicado | H68: 1 | M68: ='PROGRAMACIÓN DE META '!AE62 -> 0 | N68: En la actualidad el Instituto se esta documentando de la información pertinente para generar esta actividad | O68: Talento Humano, Recursos Físicos y Tecnológicos | P68: Dirección General - Secretario Ejecutivo | R68: x | T68: x
E69: PSCR30,PSCR31,PSCR32,PSCR33,PSCR34,TAI R81, TAI R82, TAI R83, TAI R85 | F69: Implementar señalización inclusiva para garantizar las condiciones de acceso a la infraestructura física de la entidad. | G69: Señalización con imágenes en lengua de señas Instaladas en la entidad | H69: 1 | M69: ='PROGRAMACIÓN DE META '!AE63 -> 0 | O69: Talento Humano, Recursos Físicos y Tecnológicos | P69: Dirección General - Secretario Ejecutivo | S69: x
E70: PSCR10 | F70: Implementar el protocolo de atención al servicio ciudadano | G70: Protocolo de servicio al ciudadano implementado | H70: 1 | M70: ='PROGRAMACIÓN DE META '!AE64 -> 0 | N70: Se ha venido implementado el protocolo de servicio al ciudadano. | R70: x | T70: x
F71: Capacitar a los funcionarios de la entidad en lenguaje claro, que permitan mejorar la comunicación entre sus grupos de valor. | G71: Capacitación lenguaje claro | H71: 1 | M71: ='PROGRAMACIÓN DE META '!AE65 -> 0 | N71: Se han capacitado funcionarios en lenguaje claro por la ESAP. | O71: Talento Humano, Recursos Físicos y Tecnológicos | P71: Dirección General - Secretario Ejecutivo | R71: x
E72: PSCR18,PSCR20 | F72: Actualizar e Implementar en la entidad el protocolo de cualificación en atención preferente e incluyente | G72: Protocolo de atención preferente e incluyente actualizado e implementado | H72: 1 | M72: ='PROGRAMACIÓN DE META '!AE66 -> 0 | N72: Se cuenta con el documento preliminar del protocolo preferente e incluyente. | O72: Talento Humano, Recursos Físicos y Tecnológicos | P72: Dirección General - Secretario Ejecutivo | R72: x
E73: RN SC 02 | F73: Implementar la Ventanilla única | G73: Ventanilla única implementada | H73: 1 | M73: ='PROGRAMACIÓN DE META '!AE67 -> 0 | N73: Se han realizado gestiones administrativas con funcionarios de la alcaldía y se tienen actas de mesas de trabajo, así mismo se suscribió contrato con ASESORAR LTDA para la implementación de la ventanilla única con el programa ECO-GD. | O73: Talento Humano, Recursos Físicos y Tecnológicos | P73: Dirección General - Secretario Ejecutivo | S73: x | T73: x
E74: PSCR17 | F74: Realizar Informe de peticiones, quejas, reclamos, sugerencias y denuncias | G74: Informes de peticiones, quejas, reclamos, sugerencias y denuncias realizados | H74: 4 | M74: ='PROGRAMACIÓN DE META '!AE68 -> 0 | N74: Se presenta informe de peticiones quejas y reclamos con corte a 30 de septiembre de 2021. | O74: Talento Humano, Recursos Físicos y Tecnológicos | P74: Dirección General - Secretario Ejecutivo | Q74: x | R74: x | S74: x | T74: x
C75: Participación ciudadana | D75: 73.5 | E75: PCR6 | F75: Implementar acciones dirigidas a capacitar a los grupos de valor y control social en forma directa por parte de la entidad o en alianza con otros organismos públicos | G75: Mecanismo implementado para capacitar a los grupos de valor | H75: 1 | M75: ='PROGRAMACIÓN DE META '!AE69 -> 0 | O75: Talento Humano, Recursos Físicos y Tecnológicos | P75: Subdirección Técnica | T75: x
E76: PCR13 | F76: Realizar audiencia Pública de Rendición de Cuentas. | G76: Audiencia Pública de Rendición de Cuentas | H76: 1 | M76: ='PROGRAMACIÓN DE META '!AE70 -> 0 | O76: Talento Humano, Recursos Físicos y Tecnológicos | P76: Subdirección Técnica | R76: x
C77: Racionalización de trámites | D77: NA | E77: NA | F77: Publicar de manera permanente información de interés del IMEBU en carteleras, página web y otros lugares visibles, consultando grupos de valor | G77: Información de interés del IMEBU publicada en carteleras, página web y otros lugares visibles | H77: 1 | M77: ='PROGRAMACIÓN DE META '!AE71 -> 0 | N77: Se publica el 100% de la información de interés, a través de la instalación de la cartelera con publicaciones permanentes sobre los valores de integridad, protocolos de bioseguridad, temas ambientales, entre otros. Así mismo se ha publicado en pagina web (informes de gestión presentados al Concejo Municipal) y redes sociales (facebook line y twitter) la oferta institucional y eventos. | O77: Talento Humano, Recursos Físicos y Tecnológicos | P77: Subdirección Administrativa y Financiera | Q77: x | R77: x | S77: x | T77: x
F78: Mantener actualizada la política de protección de datos de acuerdo ley 1581 de 2012 | G78: Política de Protección de datos actualizada | H78: 1 | M78: ='PROGRAMACIÓN DE META '!AE72 -> 0 | N78: Se cuenta con el documento preliminar de la actualización de la política de protección de datos. | O78: Talento Humano, Recursos Físicos y Tecnológicos | P78: Subdirección Administrativa y Financiera - Profesional Ingeniero de Sistemas | Q78: x | R78: x | S78: x | T78: x
B79: Evaluación de Resultados | C79: Seguimiento y evaluación del desempeño institucional | D79: 97 | E79: SER1 | F79: Publicar en pagina web los resultados de la gestión del IMEBU para el conocimiento de los grupos de valor. | G79: Resultados de gestión del IMEBU publicados en la página web . | H79: 1 | M79: ='PROGRAMACIÓN DE META '!AE73 -> 0 | N79: Resultados de la gestión IMEBU publicada en la página WEB | O79: Talento Humano, Recursos Físicos y Tecnológicos | P79: Subdirección Administrativa y Financiera - Profesional Ingeniero de Sistemas | R79: x | S79: x | T79: x
E80: NA | F80: Realizar el seguimiento a los indicadores de gestión por proceso | G80: Informe del seguimiento de Indicadores de gestión por proceso . | H80: 4 | M80: ='PROGRAMACIÓN DE META '!AE74 -> 0 | N80: Se realizó el informe de monitoreo de la matriz de indicadores de gestión por cada proceso con corte 30 de septiembre de 2021. | O80: Talento Humano, Recursos Físicos y Tecnológicos | P80: Subdirección Técnica | Q80: x | R80: x | S80: x | T80: x
B81: Información y Comunicación | C81: Gestión Documental | D81: 79.4 | E81: GD12, TAI R31 | F81: Actualizar el plan de preservación digital a largo plazo - Sistema integrado de conservación - SIC | G81: Plan de preservación Digital a largo plazo SIC 2022 actualizado | M81: ='PROGRAMACIÓN DE META '!AE75 -> 0 | O81: Talento Humano, Recursos Físicos y Tecnológicos | P81: Subdirección Administrativa y Financiera - Profesional de archivo | S81: x | T81: x
E82: GD23 | F82: Dar continuidad con la implementación del PINAR 2021 - 2022 de acuerdo al cronograma de actividades establecido por la entidad | G82: Plan Institucional de archivos de la entidad PINAR implementado 2021 | H82: 1 | M82: ='PROGRAMACIÓN DE META '!AE76 -> 0 | N82: Se ha actualizado e implementado el sistema integrado de conservación, se realizo transferencia primaria del área jurídica, tesorería al archivo central, se creó el procedimiento digitalización de documentos AGDC PR07 . Pendiente actividades del SIC | O82: Talento Humano, Recursos Físicos y Tecnológicos | P82: Subdirección Administrativa y Financiera - Profesional de archivo | Q82: x | R82: x
G83: Plan Institucional de archivos de la entidad PINAR implementado 2022 | H83: 1 | M83: ='PROGRAMACIÓN DE META '!AE77 -> 0 | O83: Talento Humano, Recursos Físicos y Tecnológicos | P83: Subdirección Administrativa y Financiera - Profesional de archivo | S83: x | T83: x
E84: GD23 | F84: Actualizar el Inventario Documental de la entidad | G84: Inventario documental actualizado | H84: 1 | M84: ='PROGRAMACIÓN DE META '!AE78 -> 0 | N84: Se actualizó el inventario de acuerdo a las transferencias primarias este trimestre | O84: Talento Humano, Recursos Físicos y Tecnológicos | P84: Subdirección Administrativa y Financiera - Profesional de archivo | Q84: x | R84: x | S84: x | T84: x
E85: GD5 | F85: Dar continuidad con la Implementación del Sistema Integrado de Conservación Documental adoptado por la entidad de acuerdo al cronograma de actividades 2021-2022 | G85: Sistema Integrado de Conservación Documental Implementado 2021 | H85: 1 | M85: ='PROGRAMACIÓN DE META '!AE79 -> 0 | N85: Se avanza en las actividades programadas en Capacitación y sensibilización, programas de mantenimiento de sistemas de almacenamiento, se realizó una inspección al sistema de alarmas antiincendios | O85: Talento Humano, Recursos Físicos y Tecnológicos | P85: Subdirección Administrativa y Financiera - Profesional de archivo | Q85: x | R85: x
G86: Sistema Integrado de Conservación Documental Implementado 2022 | H86: 1 | M86: ='PROGRAMACIÓN DE META '!AE80 -> 0 | O86: Talento Humano, Recursos Físicos y Tecnológicos | P86: Subdirección Administrativa y Financiera - Profesional de archivo | S86: x | T86: x
E87: GD9,GD10,G11,GD13 | F87: Actualizar el diagnóstico de expedientes electrónicos en el marco del Sistema de Conservación Documental. | G87: Diagnóstico de expedientes electrónicos actualizados en el marco del sistema de conservación documental | H87: 1 | M87: ='PROGRAMACIÓN DE META '!AE81 -> 0 | O87: Talento Humano, Recursos Físicos y Tecnológicos | P87: Subdirección Administrativa y Financiera - Profesional de archivo | T87: x
E88: GD4,GD20,TAI R35 | F88: Elaborar Plan de Trabajo para la implementación del sistema de gestión de documentos electrónicos de archivo - SGDEA | G88: Plan de trabajo para la implementación del sistema de Gestión de documentos Electrónicos de Archivo SGDEA | H88: 1 | M88: ='PROGRAMACIÓN DE META '!AE82 -> 0 | N88: Se han adelantado gestiones administrativas y mesas de trabajo con la OATIC con el fin implementar el sistema SGDEA año 2022 | O88: Talento Humano, Recursos Físicos y Tecnológicos | P88: Subdirección Administrativa y Financiera - Profesional de archivo | T88: x
E89: GD4,TAI R25 | F89: Actualizar las tablas de retención. incluyendo la gestión de documentos electrónicos. | G89: Tablas de Retención actualizadas | H89: 1 | M89: ='PROGRAMACIÓN DE META '!AE83 -> 0 | N89: Se convalidaron las Tablas de Retención Documental con el Comité Departamental de Archivo se adjunta certificación de convalidación | O89: Talento Humano, Recursos Físicos y Tecnológicos | P89: Subdirección Administrativa y Financiera - Profesional de archivo | T89: x
E90: GD4 | F90: Publicar el documento del Sistema Integrado de Conservación - SIC, Plan Institucional de archivos PINAR , en el sitio web de la entidad en la sección de transparencia. | G90: Sistema Integrado de Conservación SIC y Plan Institucional de Archivos PINAR publicados | H90: 2 | M90: ='PROGRAMACIÓN DE META '!AE84 -> 0 | O90: Talento Humano, Recursos Físicos y Tecnológicos | P90: Subdirección Administrativa y Financiera - Profesional de archivo | S90: X
C91: Transparencia, acceso a la información pública y lucha contra la corrupción | D91: 70.5 | E91: NA | F91: Socializar a los funcionarios y contratistas para que conozcan la normatividad referente a la ley de transparencia y acceso a la información ( ley 1712 de 2014) | G91: Socialización de la ley de transparencia y acceso a la información - ley 1712 de 2014 realizada | H91: 1 | M91: ='PROGRAMACIÓN DE META '!AE85 -> 0 | N91: Funcionarios y contratistas asistieron virtualmente a un proceso de sensibilización y capacitación en temas de "transparencia y acceso información publica", dirigido por la Secretaria de Transparencia de la Presidencia de la Republica - funcionarios y contratistas realizaron el curso de ley de transparencia y acceso a la información. | O91: Talento Humano, Recursos Físicos y Tecnológicos | P91: Subdirección Administrativa y Financiera - Talento humano | R91: x
E92: NA | F92: Aplicar encuestas de satisfacción del usuario, que capture la percepción del IMEBU ante la ciudadanía. | G92: Encuestas de satisfacción al usuario publicadas y/o aplicadas | H92: 1 | M92: ='PROGRAMACIÓN DE META '!AE86 -> 0 | N92: Se realizó el informe de los resultados de la aplicación de las encuestas de satisfacción a los usuarios, a septiembre 30 de 2021. | O92: Talento Humano, Recursos Físicos y Tecnológicos | P92: Dirección General - Secretario Ejecutivo | Q92: x | R92: x | S92: x | T92: x
E93: TAI R38 | F93: Designar a un funcionario mediante acto administrativo que reciba las denuncias que estén en presuntos actos de corrupción para cumplir con la ley de transparencia y acceso a la información publica y lucha contra corrupción | G93: Acto administrativo de designación al funcionario encargado de recepcionar las denuncias de los presuntos actos de corrupción. | H93: 1 | M93: ='PROGRAMACIÓN DE META '!AE87 -> 0 | O93: Talento Humano, Recursos Físicos y Tecnológicos | P93: Dirección General | R93: x
E94: TAI R 96, TAIR97, TAIR98 ,TAIR99 TAIR 100 TAR 101 TAIR 102 TAIR103 | F94: Identificar debilidades, retos u oportunidades institucionales frente al ejercicio de rendición de cuentas. | G94: Encuestas de satisfacción con respecto al evento de rendición de cuentas. | H94: 1 | M94: ='PROGRAMACIÓN DE META '!AE88 -> 0 | O94: Talento Humano, Recursos Físicos y Tecnológicos | P94: Subdirección Técnica | R94: x
E95: NA | F95: Publicar en redes el proceso de rendición de cuentas | G95: Proceso de Rendición de cuentas publicadas | H95: 2 | M95: ='PROGRAMACIÓN DE META '!AE89 -> 0 | O95: Talento Humano, Recursos Físicos y Tecnológicos | P95: Subdirección Técnica | R95: x | T95: x
B96: Gestión del Conocimiento y la Innovación | C96: Gestión del Conocimiento | D96: 79.4 | E96: NA | F96: Implementar la política de gestión del conocimiento | G96: Política de Gestión del Conocimiento implementada | H96: 1 | M96: ='PROGRAMACIÓN DE META '!AE90 -> 0 | O96: Talento Humano, Recursos Físicos y Tecnológicos | P96: Dirección General-Subdirección Técnico | T96: x
E97: GCR8 | F97: Implementar cultura para compartir y difundir el conocimiento | G97: Estrategia implementada para difundir el conocimiento | H97: 1 | M97: ='PROGRAMACIÓN DE META '!AE91 -> 0 | N97: Existe una estrategia llamada "Café con Dirección", se presentó en el comité MIPG el segundo eje del conocimiento "Cultura de difundir y compartir" | O97: Talento Humano, Recursos Físicos y Tecnológicos | P97: Dirección General-Subdirección Técnico | Q97: x | R97: x | S97: x | T97: x
E98: GC4 | F98: Mantener actualizado plan de Comunicaciones de la entidad. | G98: Plan de comunicaciones actualizado | H98: 1 | M98: ='PROGRAMACIÓN DE META '!AE92 -> 0 | N98: Se realizó el documento preliminar de la actualización del plan de comunicaciones | O98: Talento Humano, Recursos Físicos y Tecnológicos | P98: Dirección General-Subdirección Técnico | Q98: x | R98: x | S98: x | T98: x
E99: PSCR1, GC6 | F99: Replicar las experiencias ciudadanas que se han identificado como exitosas. | G99: Informes de experiencias exitosas replicadas | H99: 4 | M99: ='PROGRAMACIÓN DE META '!AE93 -> 0 | N99: En las redes sociales se replicaron dos experiencias exitosas de los grupos de valor, dos Centros de Desarrollo Empresarial realizados en julio y diciembre 2021 y un Cooworking realizado en diciembre de 2021. | O99: Talento Humano, Recursos Físicos y Tecnológicos | P99: Dirección General-Subdirección Técnico | Q99: x | R99: x | S99: x | T99: x
B100: Control Interno | C100: Control Interno | D100: 76.2 | E100: CI R4, CI R6 | F100: Hacer seguimiento para la aplicación de acciones de mejora del PAAC y Mapa de Riesgos de corrupción y de gestión | G100: PAAC y Mapa de riesgos con seguimiento 2021- 2022 | H100: 3 | M100: ='PROGRAMACIÓN DE META '!AE94 -> 0 | N100: La Oficina de Control Interno realizo seguimiento del segundo cuatrimestre 2021. | O100: Talento Humano, Recursos Físicos y Tecnológicos | P100: Control Interno | Q100: x | S100: x | T100: x
E101: CI R5, CI R6 | F101: Realizar el comité Institucional de Control Interno CICI, informando sobre las funciones principales del mismo con relación a las actividades de cumplimiento del plan de auditorias, y los riesgos, controles de primera y segunda línea de la entidad . | G101: Actas de Comité Institucional de Control Interno | H101: 5 | M101: ='PROGRAMACIÓN DE META '!AE95 -> 0 | N101: Se cuenta con 3 acta de los comité Institucional de Control Interno realizadas en el tercer y cuarto trimestre de 2021. | O101: Talento Humano, Recursos Físicos y Tecnológicos | P101: Control Interno | Q101: x | R101: x | S101: x | T101: x
...

Sheet TABLA DINÁMICA
B3: OATIC | C3: OCIG | D3: Oficina de Prensa y Comunicaciones | E3: Sec. Administrativa | F3: Sec. de Educación | G3: Sec. de Hacienda | H3: Sec. de Infraestructura | I3: Sec. de Interior | J3: Sec. de Planeación | K3: Sec. de Salud y Ambiente | L3: Sec. Jurídica | M3: Total general
A4: Promedio de III TRIM 20217 | B4: 0.70656566 | C4: 1 | D4: 1 | E4: 0.71153846 | F4: 0.5 | G4: 0.75 | H4: 0.75 | I4: 1 | J4: 0.92647059 | K4: 1 | L4: 0.8 | M4: 0.78479501

Sheet PROGRAMACIÓN DE META 
I3: LOGRO | M3: PROGRAMACIÓN DESAGREGADA | R3: PROGRAMACIÓN TRIMESTRAL | AA3: CUMPLIMIENTO
B4: DIMENSIÓN | C4: POLÍTICA | D4: ACTIVIDAD | E4: PRODUCTO | F4: TIPO DE META | G4: N.X | H4: META | I4: LOGRO III TRIM 2021 | J4: LOGRO IV TRIM 2021 | K4: LOGRO I TRIM 2022 | L4: LOGRO II TRIM 2022 | M4: III TRIM 2021 | N4: IV TRIM 2021 | O4: I TRIM 2022 | P4: II TRIM 2022 | Q4: VAL | R4: III TRIM 20212 | S4: IV TRIM 20213 | T4: I TRIM 20224 | U4: II TRIM 20225 | V4: Calculo1 | W4: Calculo2 | X4: Calculo3 | Y4: Calculo4 | Z4: Calculo5 | AA4: III TRIM 20217 | AB4: IV TRIM 20218 | AC4: I TRIM 20229 | AD4: II TRIM 202210 | AE4: ACUMULADO 2021 -2022 | AF4: OBSERVACIONES | AG4: RECURSOS | AH4: DEPENDENCIA | AI4: RESPONSABLE
B5: Talento Humano | C5: Gestión estratégica del talento humano | D5: ='MIPG INSTITUCIONAL'!F11 -> Actualizar los planes y programas que integran la dimensión estratégica del Talento Humano | E5: ='MIPG INSTITUCIONAL'!G11 -> Plan Anual de Vacantes actualizado | F5: INCREMENTO | G5: =COUNTIF(R5:U5,"x") -> 1 | H5: ='MIPG INSTITUCIONAL'!H11 -> 1 | I5: ='MIPG INSTITUCIONAL'!I11 -> 0 | J5: ='MIPG INSTITUCIONAL'!J11 -> 0 | K5: ='MIPG INSTITUCIONAL'!K11 -> 0 | L5: ='MIPG INSTITUCIONAL'!L11 -> 0 | O5: 1 | Q5: =_xlfn.IFNA(IF(_xlfn.IFS(F5="MANTENIMIENTO",SUM(M5:P5)/G5,F5="INCREMENTO",SUM(M5:P5))=H5,"SI",""),"") -> SI | R5: ='MIPG INSTITUCIONAL'!Q11 -> 0 | S5: ='MIPG INSTITUCIONAL'!R11 -> 0 | T5: ='MIPG INSTITUCIONAL'!S11 -> x | U5: ='MIPG INSTITUCIONAL'!T11 -> 0 | V5: =_xlfn.IFNA(_xlfn.IFS(AND(M5="",I5>0.001),"1",AND(M5>0.001,I5>0.001),"2",AND(M5>0.001,I5=0),"3"),"4") -> 4 | W5: =_xlfn.IFNA(_xlfn.IFS(AND(N5="",J5>0.001),"1",AND(N5>0.001,J5>0.001),"2",AND(N5>0.001,J5=0),"3"),"4") -> 4 | X5: =_xlfn.IFNA(_xlfn.IFS(AND(O5="",K5>0.001),"1",AND(O5>0.001,K5>0.001),"2",AND(O5>0.001,K5=0),"3"),"4") -> 3 | Y5: =_xlfn.IFNA(_xlfn.IFS(AND(P5="",L5>0.001),"1",AND(P5>0.001,L5>0.001),"2",AND(P5>0.001,L5=0),"3"),"4") -> 4 | Z5: =IF((IF(Tabla2[[#This Row],[Calculo1 ]]="1",_xlfn.IFS(W5="1",IF((J5/H5)>100%,100%,J5/H5),W5="2",IF((J5/N5)>100%,100%,J5/N5),W5="3","0%",W5="4","0")+Tabla2[[#This Row],[ III TRIM 20217]],_xlfn.IFS(W5="1",IF((J5/H5)>100%,100%,J5/H5),W5="2",IF((J5/N5)>100%,100%,J5/N5),W5="3","0%",W5="4","")))=100%,100%,(IF(Tabla2[[#This Row],[Calculo1 ]]="1",_xlfn.IFS(W5="1",IF((J5/H5)>100%,100%,J5/H5),W5="2",IF((J5/N5)>100%,100%,J5/N5),W5="3","0%",W5="4","0")+Tabla2[[#This Row],[ III TRIM 20217]],_xlfn.IFS(W5="1",IF((J5/H5)>100%,100%,J5/H5),W5="2",IF((J5/N5)>100%,100%,J5/N5),W5="3","0%",W5="4","")))) | AA5: =_xlfn.IFS(V5="1",IF((I5/H5)>100%,"100%",I5/H5),V5="2",IF((I5/M5)>100%,"100%",I5/M5),V5="3","0%",V5="4","") | AB5: =_xlfn.IFNA(INDEX(Hoja1!$C$3:$C$230,MATCH(Tabla2[[#This Row],[Calculo5]],Hoja1!$B$3:$B$230,0)),"") | AC5: =_xlfn.IFS(X5="1",IF((K5/J5)>100%,"100%",K5/J5),X5="2",IF((K5/O5)>100%,"100%",K5/O5),X5="3","0%",X5="4","") -> 0% | AD5: =_xlfn.IFS(Y5="1",IF((L5/K5)>100%,"100%",L5/K5),Y5="2",IF((L5/P5)>100%,"100%",L5/P5),Y5="3","0%",Y5="4","") | AE5: =IF(IF(F5="","ESPECÍFICAR TIPO DE META",_xlfn.IFNA(_xlfn.IFS(SUM(I5:L5)=0,0%,SUM(I5:L5)>0.001,(_xlfn.IFS(F5="INCREMENTO",SUM(I5:L5)/H5,F5="MANTENIMIENTO",SUM(I5:L5)/(H5*Tabla2[[#This Row],[N.X]])))),"ESPECÍFICAR TIPO DE META"))>1,"100%",IF(F5="","ESPECÍFICAR TIPO DE META",_xlfn.IFNA(_xlfn.IFS(SUM(I5:L5)=0,0%,SUM(I5:L5)>0.001,(_xlfn.IFS(F5="INCREMENTO",SUM(I5:L5)/H5,F5="MANTENIMIENTO",SUM(I5:L5)/(H5*Tabla2[[#This Row],[N.X]])))),"ESPECÍFICAR TIPO DE META"))) -> 0 | AF5: ='MIPG INSTITUCIONAL'!N11 -> 0 | AG5: ='MIPG INSTITUCIONAL'!O11 -> Talento Humano, Recursos Físicos y Tecnológicos | AH5: ='MIPG INSTITUCIONAL'!P11 -> Subdirección Administrativa y Financiera | AI5: ='MIPG INSTITUCIONAL'!P11 -> Subdirección Administrativa y Financiera | BB5: INCREMENTO
B6: Talento Humano | C6: Gestión estratégica del talento humano | D6: =D5 -> Actualizar los planes y programas que integran la dimensión estratégica del Talento Humano | E6: ='MIPG INSTITUCIONAL'!G12 -> Plan de previsión de recursos humanos actualizado | F6: INCREMENTO | G6: =COUNTIF(R6:U6,"x") -> 1 | H6: ='MIPG INSTITUCIONAL'!H12 -> 1 | I6: ='MIPG INSTITUCIONAL'!I12 -> 0 | J6: ='MIPG INSTITUCIONAL'!J12 -> 0 | K6: ='MIPG INSTITUCIONAL'!K12 -> 0 | L6: ='MIPG INSTITUCIONAL'!L12 -> 0 | O6: 1 | Q6: =_xlfn.IFNA(IF(_xlfn.IFS(F6="MANTENIMIENTO",SUM(M6:P6)/G6,F6="INCREMENTO",SUM(M6:P6))=H6,"SI",""),"") -> SI | R6: ='MIPG INSTITUCIONAL'!Q12 -> 0 | S6: ='MIPG INSTITUCIONAL'!R12 -> 0 | T6: ='MIPG INSTITUCIONAL'!S12 -> x | U6: ='MIPG INSTITUCIONAL'!T12 -> 0 | V6: =_xlfn.IFNA(_xlfn.IFS(AND(M6="",I6>0.001),"1",AND(M6>0.001,I6>0.001),"2",AND(M6>0.001,I6=0),"3"),"4") -> 4 | W6: =_xlfn.IFNA(_xlfn.IFS(AND(N6="",J6>0.001),"1",AND(N6>0.001,J6>0.001),"2",AND(N6>0.001,J6=0),"3"),"4") -> 4 | X6: =_xlfn.IFNA(_xlfn.IFS(AND(O6="",K6>0.001),"1",AND(O6>0.001,K6>0.001),"2",AND(O6>0.001,K6=0),"3"),"4") -> 3 | Y6: =_xlfn.IFNA(_xlfn.IFS(AND(P6="",L6>0.001),"1",AND(P6>0.001,L6>0.001),"2",AND(P6>0.001,L6=0),"3"),"4") -> 4 | Z6: =IF((IF(Tabla2[[#This Row],[Calculo1 ]]="1",_xlfn.IFS(W6="1",IF((J6/H6)>100%,100%,J6/H6),W6="2",IF((J6/N6)>100%,100%,J6/N6),W6="3","0%",W6="4","0")+Tabla2[[#This Row],[ III TRIM 20217]],_xlfn.IFS(W6="1",IF((J6/H6)>100%,100%,J6/H6),W6="2",IF((J6/N6)>100%,100%,J6/N6),W6="3","0%",W6="4","")))=100%,100%,(IF(Tabla2[[#This Row],[Calculo1 ]]="1",_xlfn.IFS(W6="1",IF((J6/H6)>100%,100%,J6/H6),W6="2",IF((J6/N6)>100%,100%,J6/N6),W6="3","0%",W6="4","0")+Tabla2[[#This Row],[ III TRIM 20217]],_xlfn.IFS(W6="1",IF((J6/H6)>100%,100%,J6/H6),W6="2",IF((J6/N6)>100%,100%,J6/N6),W6="3","0%",W6="4","")))) | AA6: =_xlfn.IFS(V6="1",IF((I6/H6)>100%,"100%",I6/H6),V6="2",IF((I6/M6)>100%,"100%",I6/M6),V6="3","0%",V6="4","") | AB6: =_xlfn.IFNA(INDEX(Hoja1!$C$3:$C$230,MATCH(Tabla2[[#This Row],[Calculo5]],Hoja1!$B$3:$B$230,0)),"") | AC6: =_xlfn.IFS(X6="1",IF((K6/J6)>100%,"100%",K6/J6),X6="2",IF((K6/O6)>100%,"100%",K6/O6),X6="3","0%",X6="4","") -> 0% | AD6: =_xlfn.IFS(Y6="1",IF((L6/K6)>100%,"100%",L6/K6),Y6="2",IF((L6/P6)>100%,"100%",L6/P6),Y6="3","0%",Y6="4","") | AE6: =IF(IF(F6="","ESPECÍFICAR TIPO DE META",_xlfn.IFNA(_xlfn.IFS(SUM(I6:L6)=0,0%,SUM(I6:L6)>0.001,(_xlfn.IFS(F6="INCREMENTO",SUM(I6:L6)/H6,F6="MANTENIMIENTO",SUM(I6:L6)/(H6*Tabla2[[#This Row],[N.X]])))),"ESPECÍFICAR TIPO DE META"))>1,"100%",IF(F6="","ESPECÍFICAR TIPO DE META",_xlfn.IFNA(_xlfn.IFS(SUM(I6:L6)=0,0%,SUM(I6:L6)>0.001,(_xlfn.IFS(F6="INCREMENTO",SUM(I6:L6)/H6,F6="MANTENIMIENTO",SUM(I6:L6)/(H6*Tabla2[[#This Row],[N.X]])))),"ESPECÍFICAR TIPO DE META"))) -> 0 | AF6: ='MIPG INSTITUCIONAL'!N12 -> 0 | AG6: ='MIPG INSTITUCIONAL'!O12 -> Talento Humano, Recursos Físicos y Tecnológicos | AH6: ='MIPG INSTITUCIONAL'!P12 -> Subdirección Administrativa y Financiera | AI6: ='MIPG INSTITUCIONAL'!P12 -> Subdirección Administrativa y Financiera | BB6: MANTENIMIENTO
B7: Talento Humano | C7: Gestión estratégica del talento humano | D7: =D5 -> Actualizar los planes y programas que integran la dimensión estratégica del Talento Humano | E7: ='MIPG INSTITUCIONAL'!G13 -> Plan estratégico de Talento humano actualizado | F7: INCREMENTO | G7: =COUNTIF(R7:U7,"x") -> 1 | H7: ='MIPG INSTITUCIONAL'!H13 -> 1 | I7: ='MIPG INSTITUCIONAL'!I13 -> 0 | J7: ='MIPG INSTITUCIONAL'!J13 -> 0 | K7: ='MIPG INSTITUCIONAL'!K13 -> 0 | L7: ='MIPG INSTITUCIONAL'!L13 -> 0 | O7: 1 | Q7: =_xlfn.IFNA(IF(_xlfn.IFS(F7="MANTENIMIENTO",SUM(M7:P7)/G7,F7="INCREMENTO",SUM(M7:P7))=H7,"SI",""),"") -> SI | R7: ='MIPG INSTITUCIONAL'!Q13 -> 0 | S7: ='MIPG INSTITUCIONAL'!R13 -> 0 | T7: ='MIPG INSTITUCIONAL'!S13 -> x | U7: ='MIPG INSTITUCIONAL'!T13 -> 0 | V7: =_xlfn.IFNA(_xlfn.IFS(AND(M7="",I7>0.001),"1",AND(M7>0.001,I7>0.001),"2",AND(M7>0.001,I7=0),"3"),"4") -> 4 | W7: =_xlfn.IFNA(_xlfn.IFS(AND(N7="",J7>0.001),"1",AND(N7>0.001,J7>0.001),"2",AND(N7>0.001,J7=0),"3"),"4") -> 4 | X7: =_xlfn.IFNA(_xlfn.IFS(AND(O7="",K7>0.001),"1",AND(O7>0.001,K7>0.001),"2",AND(O7>0.001,K7=0),"3"),"4") -> 3 | Y7: =_xlfn.IFNA(_xlfn.IFS(AND(P7="",L7>0.001),"1",AND(P7>0.001,L7>0.001),"2",AND(P7>0.001,L7=0),"3"),"4") -> 4 | Z7: =IF((IF(Tabla2[[#This Row],[Calculo1 ]]="1",_xlfn.IFS(W7="1",IF((J7/H7)>100%,100%,J7/H7),W7="2",IF((J7/N7)>100%,100%,J7/N7),W7="3","0%",W7="4","0")+Tabla2[[#This Row],[ III TRIM 20217]],_xlfn.IFS(W7="1",IF((J7/H7)>100%,100%,J7/H7),W7="2",IF((J7/N7)>100%,100%,J7/N7),W7="3","0%",W7="4","")))=100%,100%,(IF(Tabla2[[#This Row],[Calculo1 ]]="1",_xlfn.IFS(W7="1",IF((J7/H7)>100%,100%,J7/H7),W7="2",IF((J7/N7)>100%,100%,J7/N7),W7="3","0%",W7="4","0")+Tabla2[[#This Row],[ III TRIM 20217]],_xlfn.IFS(W7="1",IF((J7/H7)>100%,100%,J7/H7),W7="2",IF((J7/N7)>100%,100%,J7/N7),W7="3","0%",W7="4","")))) | AA7: =_xlfn.IFS(V7="1",IF((I7/H7)>100%,"100%",I7/H7),V7="2",IF((I7/M7)>100%,"100%",I7/M7),V7="3","0%",V7="4","") | AB7: =_xlfn.IFNA(INDEX(Hoja1!$C$3:$C$230,MATCH(Tabla2[[#This Row],[Calculo5]],Hoja1!$B$3:$B$230,0)),"") | AC7: =_xlfn.IFS(X7="1",IF((K7/J7)>100%,"100%",K7/J7),X7="2",IF((K7/O7)>100%,"100%",K7/O7),X7="3","0%",X7="4","") -> 0% | AD7: =_xlfn.IFS(Y7="1",IF((L7/K7)>100%,"100%",L7/K7),Y7="2",IF((L7/P7)>100%,"100%",L7/P7),Y7="3","0%",Y7="4","") | AE7: =IF(IF(F7="","ESPECÍFICAR TIPO DE META",_xlfn.IFNA(_xlfn.IFS(SUM(I7:L7)=0,0%,SUM(I7:L7)>0.001,(_xlfn.IFS(F7="INCREMENTO",SUM(I7:L7)/H7,F7="MANTENIMIENTO",SUM(I7:L7)/(H7*Tabla2[[#This Row],[N.X]])))),"ESPECÍFICAR TIPO DE META"))>1,"100%",IF(F7="","ESPECÍFICAR TIPO DE META",_xlfn.IFNA(_xlfn.IFS(SUM(I7:L7)=0,0%,SUM(I7:L7)>0.001,(_xlfn.IFS(F7="INCREMENTO",SUM(I7:L7)/H7,F7="MANTENIMIENTO",SUM(I7:L7)/(H7*Tabla2[[#This Row],[N.X]])))),"ESPECÍFICAR TIPO DE META"))) -> 0 | AF7: ='MIPG INSTITUCIONAL'!N13 -> 0 | AG7: ='MIPG INSTITUCIONAL'!O13 -> Talento Humano, Recursos Físicos y Tecnológicos | AH7: ='MIPG INSTITUCIONAL'!P13 -> Subdirección Administrativa y Financiera | AI7: ='MIPG INSTITUCIONAL'!P13 -> Subdirección Administrativa y Financiera
B8: Talento Humano | C8: Gestión estratégica del talento humano | D8: =+D5 -> Actualizar los planes y programas que integran la dimensión estratégica del Talento Humano | E8: ='MIPG INSTITUCIONAL'!G14 -> Plan Institucional de Capacitación actualizado | F8: INCREMENTO | G8: =COUNTIF(R8:U8,"x") -> 1 | H8: ='MIPG INSTITUCIONAL'!H14 -> 1 | I8: ='MIPG INSTITUCIONAL'!I14 -> 0 | J8: ='MIPG INSTITUCIONAL'!J14 -> 0 | K8: ='MIPG INSTITUCIONAL'!K14 -> 0 | L8: ='MIPG INSTITUCIONAL'!L14 -> 0 | O8: 1 | Q8: =_xlfn.IFNA(IF(_xlfn.IFS(F8="MANTENIMIENTO",SUM(M8:P8)/G8,F8="INCREMENTO",SUM(M8:P8))=H8,"SI",""),"") -> SI | R8: ='MIPG INSTITUCIONAL'!Q14 -> 0 | S8: ='MIPG INSTITUCIONAL'!R14 -> 0 | T8: ='MIPG INSTITUCIONAL'!S14 -> x | U8: ='MIPG INSTITUCIONAL'!T14 -> 0 | V8: =_xlfn.IFNA(_xlfn.IFS(AND(M8="",I8>0.001),"1",AND(M8>0.001,I8>0.001),"2",AND(M8>0.001,I8=0),"3"),"4") -> 4 | W8: =_xlfn.IFNA(_xlfn.IFS(AND(N8="",J8>0.001),"1",AND(N8>0.001,J8>0.001),"2",AND(N8>0.001,J8=0),"3"),"4") -> 4 | X8: =_xlfn.IFNA(_xlfn.IFS(AND(O8="",K8>0.001),"1",AND(O8>0.001,K8>0.001),"2",AND(O8>0.001,K8=0),"3"),"4") -> 3 | Y8: =_xlfn.IFNA(_xlfn.IFS(AND(P8="",L8>0.001),"1",AND(P8>0.001,L8>0.001),"2",AND(P8>0.001,L8=0),"3"),"4") -> 4 | Z8: =IF((IF(Tabla2[[#This Row],[Calculo1 ]]="1",_xlfn.IFS(W8="1",IF((J8/H8)>100%,100%,J8/H8),W8="2",IF((J8/N8)>100%,100%,J8/N8),W8="3","0%",W8="4","0")+Tabla2[[#This Row],[ III TRIM 20217]],_xlfn.IFS(W8="1",IF((J8/H8)>100%,100%,J8/H8),W8="2",IF((J8/N8)>100%,100%,J8/N8),W8="3","0%",W8="4","")))=100%,100%,(IF(Tabla2[[#This Row],[Calculo1 ]]="1",_xlfn.IFS(W8="1",IF((J8/H8)>100%,100%,J8/H8),W8="2",IF((J8/N8)>100%,100%,J8/N8),W8="3","0%",W8="4","0")+Tabla2[[#This Row],[ III TRIM 20217]],_xlfn.IFS(W8="1",IF((J8/H8)>100%,100%,J8/H8),W8="2",IF((J8/N8)>100%,100%,J8/N8),W8="3","0%",W8="4","")))) | AA8: =_xlfn.IFS(V8="1",IF((I8/H8)>100%,"100%",I8/H8),V8="2",IF((I8/M8)>100%,"100%",I8/M8),V8="3","0%",V8="4","") | AB8: =_xlfn.IFNA(INDEX(Hoja1!$C$3:$C$230,MATCH(Tabla2[[#This Row],[Calculo5]],Hoja1!$B$3:$B$230,0)),"") | AC8: =_xlfn.IFS(X8="1",IF((K8/J8)>100%,"100%",K8/J8),X8="2",IF((K8/O8)>100%,"100%",K8/O8),X8="3","0%",X8="4","") -> 0% | AD8: =_xlfn.IFS(Y8="1",IF((L8/K8)>100%,"100%",L8/K8),Y8="2",IF((L8/P8)>100%,"100%",L8/P8),Y8="3","0%",Y8="4","") | AE8: =IF(IF(F8="","ESPECÍFICAR TIPO DE META",_xlfn.IFNA(_xlfn.IFS(SUM(I8:L8)=0,0%,SUM(I8:L8)>0.001,(_xlfn.IFS(F8="INCREMENTO",SUM(I8:L8)/H8,F8="MANTENIMIENTO",SUM(I8:L8)/(H8*Tabla2[[#This Row],[N.X]])))),"ESPECÍFICAR TIPO DE META"))>1,"100%",IF(F8="","ESPECÍFICAR TIPO DE META",_xlfn.IFNA(_xlfn.IFS(SUM(I8:L8)=0,0%,SUM(I8:L8)>0.001,(_xlfn.IFS(F8="INCREMENTO",SUM(I8:L8)/H8,F8="MANTENIMIENTO",SUM(I8:L8)/(H8*Tabla2[[#This Row],[N.X]])))),"ESPECÍFICAR TIPO DE META"))) -> 0 | AF8: ='MIPG INSTITUCIONAL'!N14 -> 0 | AG8: ='MIPG INSTITUCIONAL'!O14 -> Talento Humano, Recursos Físicos y Tecnológicos | AH8: ='MIPG INSTITUCIONAL'!P14 -> Subdirección Administrativa y Financiera | AI8: ='MIPG INSTITUCIONAL'!P14 -> Subdirección Administrativa y Financiera
B9: Talento Humano | C9: Gestión estratégica del talento humano | D9: =+D5 -> Actualizar los planes y programas que integran la dimensión estratégica del Talento Humano | E9: ='MIPG INSTITUCIONAL'!G15 -> Plan de Bienestar Institucional e Incentivos actualizado | F9: INCREMENTO | G9: =COUNTIF(R9:U9,"x") -> 1 | H9: ='MIPG INSTITUCIONAL'!H15 -> 1 | I9: ='MIPG INSTITUCIONAL'!I15 -> 0 | J9: ='MIPG INSTITUCIONAL'!J15 -> 0 | K9: ='MIPG INSTITUCIONAL'!K15 -> 0 | L9: ='MIPG INSTITUCIONAL'!L15 -> 0 | O9: 1 | Q9: =_xlfn.IFNA(IF(_xlfn.IFS(F9="MANTENIMIENTO",SUM(M9:P9)/G9,F9="INCREMENTO",SUM(M9:P9))=H9,"SI",""),"") -> SI | R9: ='MIPG INSTITUCIONAL'!Q15 -> 0 | S9: ='MIPG INSTITUCIONAL'!R15 -> 0 | T9: ='MIPG INSTITUCIONAL'!S15 -> x | U9: ='MIPG INSTITUCIONAL'!T15 -> 0 | V9: =_xlfn.IFNA(_xlfn.IFS(AND(M9="",I9>0.001),"1",AND(M9>0.001,I9>0.001),"2",AND(M9>0.001,I9=0),"3"),"4") -> 4 | W9: =_xlfn.IFNA(_xlfn.IFS(AND(N9="",J9>0.001),"1",AND(N9>0.001,J9>0.001),"2",AND(N9>0.001,J9=0),"3"),"4") -> 4 | X9: =_xlfn.IFNA(_xlfn.IFS(AND(O9="",K9>0.001),"1",AND(O9>0.001,K9>0.001),"2",AND(O9>0.001,K9=0),"3"),"4") -> 3 | Y9: =_xlfn.IFNA(_xlfn.IFS(AND(P9="",L9>0.001),"1",AND(P9>0.001,L9>0.001),"2",AND(P9>0.001,L9=0),"3"),"4") -> 4 | Z9: =IF((IF(Tabla2[[#This Row],[Calculo1 ]]="1",_xlfn.IFS(W9="1",IF((J9/H9)>100%,100%,J9/H9),W9="2",IF((J9/N9)>100%,100%,J9/N9),W9="3","0%",W9="4","0")+Tabla2[[#This Row],[ III TRIM 20217]],_xlfn.IFS(W9="1",IF((J9/H9)>100%,100%,J9/H9),W9="2",IF((J9/N9)>100%,100%,J9/N9),W9="3","0%",W9="4","")))=100%,100%,(IF(Tabla2[[#This Row],[Calculo1 ]]="1",_xlfn.IFS(W9="1",IF((J9/H9)>100%,100%,J9/H9),W9="2",IF((J9/N9)>100%,100%,J9/N9),W9="3","0%",W9="4","0")+Tabla2[[#This Row],[ III TRIM 20217]],_xlfn.IFS(W9="1",IF((J9/H9)>100%,100%,J9/H9),W9="2",IF((J9/N9)>100%,100%,J9/N9),W9="3","0%",W9="4","")))) | AA9: =_xlfn.IFS(V9="1",IF((I9/H9)>100%,"100%",I9/H9),V9="2",IF((I9/M9)>100%,"100%",I9/M9),V9="3","0%",V9="4","") | AB9: =_xlfn.IFNA(INDEX(Hoja1!$C$3:$C$230,MATCH(Tabla2[[#This Row],[Calculo5]],Hoja1!$B$3:$B$230,0)),"") | AC9: =_xlfn.IFS(X9="1",IF((K9/J9)>100%,"100%",K9/J9),X9="2",IF((K9/O9)>100%,"100%",K9/O9),X9="3","0%",X9="4","") -> 0% | AD9: =_xlfn.IFS(Y9="1",IF((L9/K9)>100%,"100%",L9/K9),Y9="2",IF((L9/P9)>100%,"100%",L9/P9),Y9="3","0%",Y9="4","") | AE9: =IF(IF(F9="","ESPECÍFICAR TIPO DE META",_xlfn.IFNA(_xlfn.IFS(SUM(I9:L9)=0,0%,SUM(I9:L9)>0.001,(_xlfn.IFS(F9="INCREMENTO",SUM(I9:L9)/H9,F9="MANTENIMIENTO",SUM(I9:L9)/(H9*Tabla2[[#This Row],[N.X]])))),"ESPECÍFICAR TIPO DE META"))>1,"100%",IF(F9="","ESPECÍFICAR TIPO DE META",_xlfn.IFNA(_xlfn.IFS(SUM(I9:L9)=0,0%,SUM(I9:L9)>0.001,(_xlfn.IFS(F9="INCREMENTO",SUM(I9:L9)/H9,F9="MANTENIMIENTO",SUM(I9:L9)/(H9*Tabla2[[#This Row],[N.X]])))),"ESPECÍFICAR TIPO DE META"))) -> 0 | AF9: ='MIPG INSTITUCIONAL'!N15 -> 0 | AG9: ='MIPG INSTITUCIONAL'!O15 -> Talento Humano, Recursos Físicos y Tecnológicos | AH9: ='MIPG INSTITUCIONAL'!P15 -> Subdirección Administrativa y Financiera | AI9: ='MIPG INSTITUCIONAL'!P15 -> Subdirección Administrativa y Financiera
B10: Talento Humano | C10: Gestión estratégica del talento humano | D10: =+D5 -> Actualizar los planes y programas que integran la dimensión estratégica del Talento Humano | E10: ='MIPG INSTITUCIONAL'!G16 -> Plan Anual de seguridad y salud en el trabajo actualizado | F10: INCREMENTO | G10: =COUNTIF(R10:U10,"x") -> 1 | H10: ='MIPG INSTITUCIONAL'!H16 -> 1 | I10: ='MIPG INSTITUCIONAL'!I16 -> 0 | J10: ='MIPG INSTITUCIONAL'!J16 -> 0 | K10: ='MIPG INSTITUCIONAL'!K16 -> 0 | L10: ='MIPG INSTITUCIONAL'!L16 -> 0 | O10: 1 | Q10: =_xlfn.IFNA(IF(_xlfn.IFS(F10="MANTENIMIENTO",SUM(M10:P10)/G10,F10="INCREMENTO",SUM(M10:P10))=H10,"SI",""),"") -> SI | R10: ='MIPG INSTITUCIONAL'!Q16 -> 0 | S10: ='MIPG INSTITUCIONAL'!R16 -> 0 | T10: ='MIPG INSTITUCIONAL'!S16 -> x | U10: ='MIPG INSTITUCIONAL'!T16 -> 0 | V10: =_xlfn.IFNA(_xlfn.IFS(AND(M10="",I10>0.001),"1",AND(M10>0.001,I10>0.001),"2",AND(M10>0.001,I10=0),"3"),"4") -> 4 | W10: =_xlfn.IFNA(_xlfn.IFS(AND(N10="",J10>0.001),"1",AND(N10>0.001,J10>0.001),"2",AND(N10>0.001,J10=0),"3"),"4") -> 4 | X10: =_xlfn.IFNA(_xlfn.IFS(AND(O10="",K10>0.001),"1",AND(O10>0.001,K10>0.001),"2",AND(O10>0.001,K10=0),"3"),"4") -> 3 | Y10: =_xlfn.IFNA(_xlfn.IFS(AND(P10="",L10>0.001),"1",AND(P10>0.001,L10>0.001),"2",AND(P10>0.001,L10=0),"3"),"4") -> 4 | Z10: =IF((IF(Tabla2[[#This Row],[Calculo1 ]]="1",_xlfn.IFS(W10="1",IF((J10/H10)>100%,100%,J10/H10),W10="2",IF((J10/N10)>100%,100%,J10/N10),W10="3","0%",W10="4","0")+Tabla2[[#This Row],[ III TRIM 20217]],_xlfn.IFS(W10="1",IF((J10/H10)>100%,100%,J10/H10),W10="2",IF((J10/N10)>100%,100%,J10/N10),W10="3","0%",W10="4","")))=100%,100%,(IF(Tabla2[[#This Row],[Calculo1 ]]="1",_xlfn.IFS(W10="1",IF((J10/H10)>100%,100%,J10/H10),W10="2",IF((J10/N10)>100%,100%,J10/N10),W10="3","0%",W10="4","0")+Tabla2[[#This Row],[ III TRIM 20217]],_xlfn.IFS(W10="1",IF((J10/H10)>100%,100%,J10/H10),W10="2",IF((J10/N10)>100%,100%,J10/N10),W10="3","0%",W10="4","")))) | AA10: =_xlfn.IFS(V10="1",IF((I10/H10)>100%,"100%",I10/H10),V10="2",IF((I10/M10)>100%,"100%",I10/M10),V10="3","0%",V10="4","") | AB10: =_xlfn.IFNA(INDEX(Hoja1!$C$3:$C$230,MATCH(Tabla2[[#This Row],[Calculo5]],Hoja1!$B$3:$B$230,0)),"") | AC10: =_xlfn.IFS(X10="1",IF((K10/J10)>100%,"100%",K10/J10),X10="2",IF((K10/O10)>100%,"100%",K10/O10),X10="3","0%",X10="4","") -> 0% | AD10: =_xlfn.IFS(Y10="1",IF((L10/K10)>100%,"100%",L10/K10),Y10="2",IF((L10/P10)>100%,"100%",L10/P10),Y10="3","0%",Y10="4","") | AE10: =IF(IF(F10="","ESPECÍFICAR TIPO DE META",_xlfn.IFNA(_xlfn.IFS(SUM(I10:L10)=0,0%,SUM(I10:L10)>0.001,(_xlfn.IFS(F10="INCREMENTO",SUM(I10:L10)/H10,F10="MANTENIMIENTO",SUM(I10:L10)/(H10*Tabla2[[#This Row],[N.X]])))),"ESPECÍFICAR TIPO DE META"))>1,"100%",IF(F10="","ESPECÍFICAR TIPO DE META",_xlfn.IFNA(_xlfn.IFS(SUM(I10:L10)=0,0%,SUM(I10:L10)>0.001,(_xlfn.IFS(F10="INCREMENTO",SUM(I10:L10)/H10,F10="MANTENIMIENTO",SUM(I10:L10)/(H10*Tabla2[[#This Row],[N.X]])))),"ESPECÍFICAR TIPO DE META"))) -> 0 | AF10: ='MIPG INSTITUCIONAL'!N16 -> 0 | AG10: ='MIPG INSTITUCIONAL'!O16 -> Talento Humano, Recursos Físicos y Tecnológicos | AH10: ='MIPG INSTITUCIONAL'!P16 -> Subdirección Administrativa y Financiera | AI10: ='MIPG INSTITUCIONAL'!P16 -> Subdirección Administrativa y Financiera
B11: Talento Humano | C11: Gestión estratégica del talento humano | D11: ='MIPG INSTITUCIONAL'!F17 -> Implementar el Plan Anual de Seguridad y salud en el trabajo de acuerdo al cronograma de actividades año 2021- 2022. | E11: ='MIPG INSTITUCIONAL'!G17 -> Informes del plan de seguridad y salud en el trabajo implementado 2021 | F11: INCREMENTO | G11: =COUNTIF(R11:U11,"x") -> 2 | H11: ='MIPG INSTITUCIONAL'!H17 -> 2 | I11: ='MIPG INSTITUCIONAL'!I17 -> 0 | J11: ='MIPG INSTITUCIONAL'!J17 -> 0 | K11: ='MIPG INSTITUCIONAL'!K17 -> 0 | L11: ='MIPG INSTITUCIONAL'!L17 -> 0 | M11: 1 | N11: 1 | Q11: =_xlfn.IFNA(IF(_xlfn.IFS(F11="MANTENIMIENTO",SUM(M11:P11)/G11,F11="INCREMENTO",SUM(M11:P11))=H11,"SI",""),"") -> SI | R11: ='MIPG INSTITUCIONAL'!Q17 -> x | S11: ='MIPG INSTITUCIONAL'!R17 -> x | T11: ='MIPG INSTITUCIONAL'!S17 -> 0 | U11: ='MIPG INSTITUCIONAL'!T17 -> 0 | V11: =_xlfn.IFNA(_xlfn.IFS(AND(M11="",I11>0.001),"1",AND(M11>0.001,I11>0.001),"2",AND(M11>0.001,I11=0),"3"),"4") -> 3 | W11: =_xlfn.IFNA(_xlfn.IFS(AND(N11="",J11>0.001),"1",AND(N11>0.001,J11>0.001),"2",AND(N11>0.001,J11=0),"3"),"4") -> 3 | X11: =_xlfn.IFNA(_xlfn.IFS(AND(O11="",K11>0.001),"1",AND(O11>0.001,K11>0.001),"2",AND(O11>0.001,K11=0),"3"),"4") -> 4 | Y11: =_xlfn.IFNA(_xlfn.IFS(AND(P11="",L11>0.001),"1",AND(P11>0.001,L11>0.001),"2",AND(P11>0.001,L11=0),"3"),"4") -> 4 | Z11: =IF((IF(Tabla2[[#This Row],[Calculo1 ]]="1",_xlfn.IFS(W11="1",IF((J11/H11)>100%,100%,J11/H11),W11="2",IF((J11/N11)>100%,100%,J11/N11),W11="3","0%",W11="4","0")+Tabla2[[#This Row],[ III TRIM 20217]],_xlfn.IFS(W11="1",IF((J11/H11)>100%,100%,J11/H11),W11="2",IF((J11/N11)>100%,100%,J11/N11),W11="3","0%",W11="4","")))=100%,100%,(IF(Tabla2[[#This Row],[Calculo1 ]]="1",_xlfn.IFS(W11="1",IF((J11/H11)>100%,100%,J11/H11),W11="2",IF((J11/N11)>100%,100%,J11/N11),W11="3","0%",W11="4","0")+Tabla2[[#This Row],[ III TRIM 20217]],_xlfn.IFS(W11="1",IF((J11/H11)>100%,100%,J11/H11),W11="2",IF((J11/N11)>100%,100%,J11/N11),W11="3","0%",W11="4","")))) -> 0% | AA11: =_xlfn.IFS(V11="1",IF((I11/H11)>100%,"100%",I11/H11),V11="2",IF((I11/M11)>100%,"100%",I11/M11),V11="3","0%",V11="4","") -> 0% | AB11: =_xlfn.IFNA(INDEX(Hoja1!$C$3:$C$230,MATCH(Tabla2[[#This Row],[Calculo5]],Hoja1!$B$3:$B$230,0)),"") -> 1e-16 | AC11: =_xlfn.IFS(X11="1",IF((K11/J11)>100%,"100%",K11/J11),X11="2",IF((K11/O11)>100%,"100%",K11/O11),X11="3","0%",X11="4","") | AD11: =_xlfn.IFS(Y11="1",IF((L11/K11)>100%,"100%",L11/K11),Y11="2",IF((L11/P11)>100%,"100%",L11/P11),Y11="3","0%",Y11="4","") | AE11: =IF(IF(F11="","ESPECÍFICAR TIPO DE META",_xlfn.IFNA(_xlfn.IFS(SUM(I11:L11)=0,0%,SUM(I11:L11)>0.001,(_xlfn.IFS(F11="INCREMENTO",SUM(I11:L11)/H11,F11="MANTENIMIENTO",SUM(I11:L11)/(H11*Tabla2[[#This Row],[N.X]])))),"ESPECÍFICAR TIPO DE META"))>1,"100%",IF(F11="","ESPECÍFICAR TIPO DE META",_xlfn.IFNA(_xlfn.IFS(SUM(I11:L11)=0,0%,SUM(I11:L11)>0.001,(_xlfn.IFS(F11="INCREMENTO",SUM(I11:L11)/H11,F11="MANTENIMIENTO",SUM(I11:L11)/(H11*Tabla2[[#This Row],[N.X]])))),"ESPECÍFICAR TIPO DE META"))) -> 0 | AF11: ='MIPG INSTITUCIONAL'!N17 -> Durante el tercer y cuarto trimestre de 2021, se realizó la definición y actualización del plan de trabajo SST, renovación y capacitación de los comités (copaso y cocolab), actualización de los requisitos legales del sistema de SST, revisión y actualización de los indicadores, aplicación y análisis de estadística de morbilidad , inspecciones de orden y aseo , jornadas de capacitación a brigadas de emergencia y seguimiento al plan de capacitaciones de SST | AG11: ='MIPG INSTITUCIONAL'!O17 -> Talento Humano, Recursos Físicos y Tecnológicos | AH11: ='MIPG INSTITUCIONAL'!P17 -> Subdirección Administrativa y Financiera | AI11: ='MIPG INSTITUCIONAL'!P17 -> Subdirección Administrativa y Financiera
B12: Talento Humano | C12: Gestión estratégica del talento humano | D12: =+D11 -> Implementar el Plan Anual de Seguridad y salud en el trabajo de acuerdo al cronograma de actividades año 2021- 2022. | E12: ='MIPG INSTITUCIONAL'!G18 -> Informes del plan de seguridad y salud en el trabajo implementado 2022 | F12: INCREMENTO | G12: =COUNTIF(R12:U12,"x") -> 2 | H12: ='MIPG INSTITUCIONAL'!H18 -> 2 | I12: ='MIPG INSTITUCIONAL'!I18 -> 0 | J12: ='MIPG INSTITUCIONAL'!J18 -> 0 | K12: ='MIPG INSTITUCIONAL'!K18 -> 0 | L12: ='MIPG INSTITUCIONAL'!L18 -> 0 | O12: 1 | P12: 1 | Q12: =_xlfn.IFNA(IF(_xlfn.IFS(F12="MANTENIMIENTO",SUM(M12:P12)/G12,F12="INCREMENTO",SUM(M12:P12))=H12,"SI",""),"") -> SI | R12: ='MIPG INSTITUCIONAL'!Q18 -> 0 | S12: ='MIPG INSTITUCIONAL'!R18 -> 0 | T12: ='MIPG INSTITUCIONAL'!S18 -> x | U12: ='MIPG INSTITUCIONAL'!T18 -> x | V12: =_xlfn.IFNA(_xlfn.IFS(AND(M12="",I12>0.001),"1",AND(M12>0.001,I12>0.001),"2",AND(M12>0.001,I12=0),"3"),"4") -> 4 | W12: =_xlfn.IFNA(_xlfn.IFS(AND(N12="",J12>0.001),"1",AND(N12>0.001,J12>0.001),"2",AND(N12>0.001,J12=0),"3"),"4") -> 4 | X12: =_xlfn.IFNA(_xlfn.IFS(AND(O12="",K12>0.001),"1",AND(O12>0.001,K12>0.001),"2",AND(O12>0.001,K12=0),"3"),"4") -> 3 | Y12: =_xlfn.IFNA(_xlfn.IFS(AND(P12="",L12>0.001),"1",AND(P12>0.001,L12>0.001),"2",AND(P12>0.001,L12=0),"3"),"4") -> 3 | Z12: =IF((IF(Tabla2[[#This Row],[Calculo1 ]]="1",_xlfn.IFS(W12="1",IF((J12/H12)>100%,100%,J12/H12),W12="2",IF((J12/N12)>100%,100%,J12/N12),W12="3","0%",W12="4","0")+Tabla2[[#This Row],[ III TRIM 20217]],_xlfn.IFS(W12="1",IF((J12/H12)>100%,100%,J12/H12),W12="2",IF((J12/N12)>100%,100%,J12/N12),W12="3","0%",W12="4","")))=100%,100%,(IF(Tabla2[[#This Row],[Calculo1 ]]="1",_xlfn.IFS(W12="1",IF((J12/H12)>100%,100%,J12/H12),W12="2",IF((J12/N12)>100%,100%,J12/N12),W12="3","0%",W12="4","0")+Tabla2[[#This Row],[ III TRIM 20217]],_xlfn.IFS(W12="1",IF((J12/H12)>100%,100%,J12/H12),W12="2",IF((J12/N12)>100%,100%,J12/N12),W12="3","0%",W12="4","")))) | AA12: =_xlfn.IFS(V12="1",IF((I12/H12)>100%,"100%",I12/H12),V12="2",IF((I12/M12)>100%,"100%",I12/M12),V12="3","0%",V12="4","") | AB12: =_xlfn.IFNA(INDEX(Hoja1!$C$3:$C$230,MATCH(Tabla2[[#This Row],[Calculo5]],Hoja1!$B$3:$B$230,0)),"") | AC12: =_xlfn.IFS(X12="1",IF((K12/J12)>100%,"100%",K12/J12),X12="2",IF((K12/O12)>100%,"100%",K12/O12),X12="3","0%",X12="4","") -> 0% | AD12: =_xlfn.IFS(Y12="1",IF((L12/K12)>100%,"100%",L12/K12),Y12="2",IF((L12/P12)>100%,"100%",L12/P12),Y12="3","0%",Y12="4","") -> 0% | AE12: =IF(IF(F12="","ESPECÍFICAR TIPO DE META",_xlfn.IFNA(_xlfn.IFS(SUM(I12:L12)=0,0%,SUM(I12:L12)>0.001,(_xlfn.IFS(F12="INCREMENTO",SUM(I12:L12)/H12,F12="MANTENIMIENTO",SUM(I12:L12)/(H12*Tabla2[[#This Row],[N.X]])))),"ESPECÍFICAR TIPO DE META"))>1,"100%",IF(F12="","ESPECÍFICAR TIPO DE META",_xlfn.IFNA(_xlfn.IFS(SUM(I12:L12)=0,0%,SUM(I12:L12)>0.001,(_xlfn.IFS(F12="INCREMENTO",SUM(I12:L12)/H12,F12="MANTENIMIENTO",SUM(I12:L12)/(H12*Tabla2[[#This Row],[N.X]])))),"ESPECÍFICAR TIPO DE META"))) -> 0 | AF12: ='MIPG INSTITUCIONAL'!N18 -> 0 | AG12: ='MIPG INSTITUCIONAL'!O18 -> Talento Humano, Recursos Físicos y Tecnológicos | AH12: ='MIPG INSTITUCIONAL'!P18 -> Subdirección Administrativa y Financiera | AI12: ='MIPG INSTITUCIONAL'!P18 -> Subdirección Administrativa y Financiera
B13: Talento Humano | C13: Gestión estratégica del talento humano | D13: ='MIPG INSTITUCIONAL'!F19 -> Implementar Plan Institucional de Capacitación de acuerdo al cronograma de actividades año 2021- año 2022 | E13: ='MIPG INSTITUCIONAL'!G19 -> Informes del Plan Institucional de capacitación implementado 2021 | F13: INCREMENTO | G13: =COUNTIF(R13:U13,"x") -> 2 | H13: ='MIPG INSTITUCIONAL'!H19 -> 2 | I13: ='MIPG INSTITUCIONAL'!I19 -> 0 | J13: ='MIPG INSTITUCIONAL'!J19 -> 0 | K13: ='MIPG INSTITUCIONAL'!K19 -> 0 | L13: ='MIPG INSTITUCIONAL'!L19 -> 0 | M13: 1 | N13: 1 | Q13: =_xlfn.IFNA(IF(_xlfn.IFS(F13="MANTENIMIENTO",SUM(M13:P13)/G13,F13="INCREMENTO",SUM(M13:P13))=H13,"SI",""),"") -> SI | R13: ='MIPG INSTITUCIONAL'!Q19 -> x | S13: ='MIPG INSTITUCIONAL'!R19 -> x | T13: ='MIPG INSTITUCIONAL'!S19 -> 0 | U13: ='MIPG INSTITUCIONAL'!T19 -> 0 | V13: =_xlfn.IFNA(_xlfn.IFS(AND(M13="",I13>0.001),"1",AND(M13>0.001,I13>0.001),"2",AND(M13>0.001,I13=0),"3"),"4") -> 3 | W13: =_xlfn.IFNA(_xlfn.IFS(AND(N13="",J13>0.001),"1",AND(N13>0.001,J13>0.001),"2",AND(N13>0.001,J13=0),"3"),"4") -> 3 | X13: =_xlfn.IFNA(_xlfn.IFS(AND(O13="",K13>0.001),"1",AND(O13>0.001,K13>0.001),"2",AND(O13>0.001,K13=0),"3"),"4") -> 4 | Y13: =_xlfn.IFNA(_xlfn.IFS(AND(P13="",L13>0.001),"1",AND(P13>0.001,L13>0.001),"2",AND(P13>0.001,L13=0),"3"),"4") -> 4 | Z13: =IF((IF(Tabla2[[#This Row],[Calculo1 ]]="1",_xlfn.IFS(W13="1",IF((J13/H13)>100%,100%,J13/H13),W13="2",IF((J13/N13)>100%,100%,J13/N13),W13="3","0%",W13="4","0")+Tabla2[[#This Row],[ III TRIM 20217]],_xlfn.IFS(W13="1",IF((J13/H13)>100%,100%,J13/H13),W13="2",IF((J13/N13)>100%,100%,J13/N13),W13="3","0%",W13="4","")))=100%,100%,(IF(Tabla2[[#This Row],[Calculo1 ]]="1",_xlfn.IFS(W13="1",IF((J13/H13)>100%,100%,J13/H13),W13="2",IF((J13/N13)>100%,100%,J13/N13),W13="3","0%",W13="4","0")+Tabla2[[#This Row],[ III TRIM 20217]],_xlfn.IFS(W13="1",IF((J13/H13)>100%,100%,J13/H13),W13="2",IF((J13/N13)>100%,100%,J13/N13),W13="3","0%",W13="4","")))) -> 0% | AA13: =_xlfn.IFS(V13="1",IF((I13/H13)>100%,"100%",I13/H13),V13="2",IF((I13/M13)>100%,"100%",I13/M13),V13="3","0%",V13="4","") -> 0% | AB13: =_xlfn.IFNA(INDEX(Hoja1!$C$3:$C$230,MATCH(Tabla2[[#This Row],[Calculo5]],Hoja1!$B$3:$B$230,0)),"") -> 1e-16 | AC13: =_xlfn.IFS(X13="1",IF((K13/J13)>100%,"100%",K13/J13),X13="2",IF((K13/O13)>100%,"100%",K13/O13),X13="3","0%",X13="4","") | AD13: =_xlfn.IFS(Y13="1",IF((L13/K13)>100%,"100%",L13/K13),Y13="2",IF((L13/P13)>100%,"100%",L13/P13),Y13="3","0%",Y13="4","") | AE13: =IF(IF(F13="","ESPECÍFICAR TIPO DE META",_xlfn.IFNA(_xlfn.IFS(SUM(I13:L13)=0,0%,SUM(I13:L13)>0.001,(_xlfn.IFS(F13="INCREMENTO",SUM(I13:L13)/H13,F13="MANTENIMIENTO",SUM(I13:L13)/(H13*Tabla2[[#This Row],[N.X]])))),"ESPECÍFICAR TIPO DE META"))>1,"100%",IF(F13="","ESPECÍFICAR TIPO DE META",_xlfn.IFNA(_xlfn.IFS(SUM(I13:L13)=0,0%,SUM(I13:L13)>0.001,(_xlfn.IFS(F13="INCREMENTO",SUM(I13:L13)/H13,F13="MANTENIMIENTO",SUM(I13:L13)/(H13*Tabla2[[#This Row],[N.X]])))),"ESPECÍFICAR TIPO DE META"))) -> 0 | AF13: ='MIPG INSTITUCIONAL'!N19 -> Se realizó el informe de ejecución de actividades de acuerdo al cronograma del PIC | AG13: ='MIPG INSTITUCIONAL'!O19 -> Talento Humano, Recursos Físicos y Tecnológicos | AH13: ='MIPG INSTITUCIONAL'!P19 -> Subdirección Administrativa y Financiera | AI13: ='MIPG INSTITUCIONAL'!P19 -> Subdirección Administrativa y Financiera
B14: Talento Humano | C14: Integridad | D14: =+D13 -> Implementar Plan Institucional de Capacitación de acuerdo al cronograma de actividades año 2021- año 2022 | E14: ='MIPG INSTITUCIONAL'!G20 -> Informes del plan Institucional de capacitación implementado 2022 | F14: INCREMENTO | G14: =COUNTIF(R14:U14,"x") -> 2 | H14: ='MIPG INSTITUCIONAL'!H20 -> 2 | I14: ='MIPG INSTITUCIONAL'!I20 -> 0 | J14: ='MIPG INSTITUCIONAL'!J20 -> 0 | K14: ='MIPG INSTITUCIONAL'!K20 -> 0 | L14: ='MIPG INSTITUCIONAL'!L20 -> 0 | O14: 1 | P14: 1 | Q14: =_xlfn.IFNA(IF(_xlfn.IFS(F14="MANTENIMIENTO",SUM(M14:P14)/G14,F14="INCREMENTO",SUM(M14:P14))=H14,"SI",""),"") -> SI | R14: ='MIPG INSTITUCIONAL'!Q20 -> 0 | S14: ='MIPG INSTITUCIONAL'!R20 -> 0 | T14: ='MIPG INSTITUCIONAL'!S20 -> x | U14: ='MIPG INSTITUCIONAL'!T20 -> x | V14: =_xlfn.IFNA(_xlfn.IFS(AND(M14="",I14>0.001),"1",AND(M14>0.001,I14>0.001),"2",AND(M14>0.001,I14=0),"3"),"4") -> 4 | W14: =_xlfn.IFNA(_xlfn.IFS(AND(N14="",J14>0.001),"1",AND(N14>0.001,J14>0.001),"2",AND(N14>0.001,J14=0),"3"),"4") -> 4 | X14: =_xlfn.IFNA(_xlfn.IFS(AND(O14="",K14>0.001),"1",AND(O14>0.001,K14>0.001),"2",AND(O14>0.001,K14=0),"3"),"4") -> 3 | Y14: =_xlfn.IFNA(_xlfn.IFS(AND(P14="",L14>0.001),"1",AND(P14>0.001,L14>0.001),"2",AND(P14>0.001,L14=0),"3"),"4") -> 3 | Z14: =IF((IF(Tabla2[[#This Row],[Calculo1 ]]="1",_xlfn.IFS(W14="1",IF((J14/H14)>100%,100%,J14/H14),W14="2",IF((J14/N14)>100%,100%,J14/N14),W14="3","0%",W14="4","0")+Tabla2[[#This Row],[ III TRIM 20217]],_xlfn.IFS(W14="1",IF((J14/H14)>100%,100%,J14/H14),W14="2",IF((J14/N14)>100%,100%,J14/N14),W14="3","0%",W14="4","")))=100%,100%,(IF(Tabla2[[#This Row],[Calculo1 ]]="1",_xlfn.IFS(W14="1",IF((J14/H14)>100%,100%,J14/H14),W14="2",IF((J14/N14)>100%,100%,J14/N14),W14="3","0%",W14="4","0")+Tabla2[[#This Row],[ III TRIM 20217]],_xlfn.IFS(W14="1",IF((J14/H14)>100%,100%,J14/H14),W14="2",IF((J14/N14)>100%,100%,J14/N14),W14="3","0%",W14="4","")))) | AA14: =_xlfn.IFS(V14="1",IF((I14/H14)>100%,"100%",I14/H14),V14="2",IF((I14/M14)>100%,"100%",I14/M14),V14="3","0%",V14="4","") | AB14: =_xlfn.IFNA(INDEX(Hoja1!$C$3:$C$230,MATCH(Tabla2[[#This Row],[Calculo5]],Hoja1!$B$3:$B$230,0)),"") | AC14: =_xlfn.IFS(X14="1",IF((K14/J14)>100%,"100%",K14/J14),X14="2",IF((K14/O14)>100%,"100%",K14/O14),X14="3","0%",X14="4","") -> 0% | AD14: =_xlfn.IFS(Y14="1",IF((L14/K14)>100%,"100%",L14/K14),Y14="2",IF((L14/P14)>100%,"100%",L14/P14),Y14="3","0%",Y14="4","") -> 0% | AE14: =IF(IF(F14="","ESPECÍFICAR TIPO DE META",_xlfn.IFNA(_xlfn.IFS(SUM(I14:L14)=0,0%,SUM(I14:L14)>0.001,(_xlfn.IFS(F14="INCREMENTO",SUM(I14:L14)/H14,F14="MANTENIMIENTO",SUM(I14:L14)/(H14*Tabla2[[#This Row],[N.X]])))),"ESPECÍFICAR TIPO DE META"))>1,"100%",IF(F14="","ESPECÍFICAR TIPO DE META",_xlfn.IFNA(_xlfn.IFS(SUM(I14:L14)=0,0%,SUM(I14:L14)>0.001,(_xlfn.IFS(F14="INCREMENTO",SUM(I14:L14)/H14,F14="MANTENIMIENTO",SUM(I14:L14)/(H14*Tabla2[[#This Row],[N.X]])))),"ESPECÍFICAR TIPO DE META"))) -> 0 | AF14: ='MIPG INSTITUCIONAL'!N20 -> 0 | AG14: ='MIPG INSTITUCIONAL'!O20 -> Talento Humano, Recursos Físicos y Tecnológicos | AH14: ='MIPG INSTITUCIONAL'!P20 -> Subdirección Administrativa y Financiera | AI14: ='MIPG INSTITUCIONAL'!P20 -> Subdirección Administrativa y Financiera
B15: Talento Humano | C15: Integridad | D15: ='MIPG INSTITUCIONAL'!F21 -> Implementar Plan de Bienestar Institucional e incentivos de acuerdo al cronograma de actividades año 2021- 2022 | E15: ='MIPG INSTITUCIONAL'!G21 -> Informes del Plan de Bienestar e incentivos implementado 2021 | F15: INCREMENTO | G15: =COUNTIF(R15:U15,"x") -> 2 | H15: ='MIPG INSTITUCIONAL'!H21 -> 2 | I15: ='MIPG INSTITUCIONAL'!I21 -> 0 | J15: ='MIPG INSTITUCIONAL'!J21 -> 0 | K15: ='MIPG INSTITUCIONAL'!K21 -> 0 | L15: ='MIPG INSTITUCIONAL'!L21 -> 0 | M15: 1 | N15: 1 | Q15: =_xlfn.IFNA(IF(_xlfn.IFS(F15="MANTENIMIENTO",SUM(M15:P15)/G15,F15="INCREMENTO",SUM(M15:P15))=H15,"SI",""),"") -> SI | R15: ='MIPG INSTITUCIONAL'!Q21 -> x | S15: ='MIPG INSTITUCIONAL'!R21 -> x | T15: ='MIPG INSTITUCIONAL'!S21 -> 0 | U15: ='MIPG INSTITUCIONAL'!T21 -> 0 | V15: =_xlfn.IFNA(_xlfn.IFS(AND(M15="",I15>0.001),"1",AND(M15>0.001,I15>0.001),"2",AND(M15>0.001,I15=0),"3"),"4") -> 3 | W15: =_xlfn.IFNA(_xlfn.IFS(AND(N15="",J15>0.001),"1",AND(N15>0.001,J15>0.001),"2",AND(N15>0.001,J15=0),"3"),"4") -> 3 | X15: =_xlfn.IFNA(_xlfn.IFS(AND(O15="",K15>0.001),"1",AND(O15>0.001,K15>0.001),"2",AND(O15>0.001,K15=0),"3"),"4") -> 4 | Y15: =_xlfn.IFNA(_xlfn.IFS(AND(P15="",L15>0.001),"1",AND(P15>0.001,L15>0.001),"2",AND(P15>0.001,L15=0),"3"),"4") -> 4 | Z15: =IF((IF(Tabla2[[#This Row],[Calculo1 ]]="1",_xlfn.IFS(W15="1",IF((J15/H15)>100%,100%,J15/H15),W15="2",IF((J15/N15)>100%,100%,J15/N15),W15="3","0%",W15="4","0")+Tabla2[[#This Row],[ III TRIM 20217]],_xlfn.IFS(W15="1",IF((J15/H15)>100%,100%,J15/H15),W15="2",IF((J15/N15)>100%,100%,J15/N15),W15="3","0%",W15="4","")))=100%,100%,(IF(Tabla2[[#This Row],[Calculo1 ]]="1",_xlfn.IFS(W15="1",IF((J15/H15)>100%,100%,J15/H15),W15="2",IF((J15/N15)>100%,100%,J15/N15),W15="3","0%",W15="4","0")+Tabla2[[#This Row],[ III TRIM 20217]],_xlfn.IFS(W15="1",IF((J15/H15)>100%,100%,J15/H15),W15="2",IF((J15/N15)>100%,100%,J15/N15),W15="3","0%",W15="4","")))) -> 0% | AA15: =_xlfn.IFS(V15="1",IF((I15/H15)>100%,"100%",I15/H15),V15="2",IF((I15/M15)>100%,"100%",I15/M15),V15="3","0%",V15="4","") -> 0% | AB15: =_xlfn.IFNA(INDEX(Hoja1!$C$3:$C$230,MATCH(Tabla2[[#This Row],[Calculo5]],Hoja1!$B$3:$B$230,0)),"") -> 1e-16 | AC15: =_xlfn.IFS(X15="1",IF((K15/J15)>100%,"100%",K15/J15),X15="2",IF((K15/O15)>100%,"100%",K15/O15),X15="3","0%",X15="4","") | AD15: =_xlfn.IFS(Y15="1",IF((L15/K15)>100%,"100%",L15/K15),Y15="2",IF((L15/P15)>100%,"100%",L15/P15),Y15="3","0%",Y15="4","") | AE15: =IF(IF(F15="","ESPECÍFICAR TIPO DE META",_xlfn.IFNA(_xlfn.IFS(SUM(I15:L15)=0,0%,SUM(I15:L15)>0.001,(_xlfn.IFS(F15="INCREMENTO",SUM(I15:L15)/H15,F15="MANTENIMIENTO",SUM(I15:L15)/(H15*Tabla2[[#This Row],[N.X]])))),"ESPECÍFICAR TIPO DE META"))>1,"100%",IF(F15="","ESPECÍFICAR TIPO DE META",_xlfn.IFNA(_xlfn.IFS(SUM(I15:L15)=0,0%,SUM(I15:L15)>0.001,(_xlfn.IFS(F15="INCREMENTO",SUM(I15:L15)/H15,F15="MANTENIMIENTO",SUM(I15:L15)/(H15*Tabla2[[#This Row],[N.X]])))),"ESPECÍFICAR TIPO DE META"))) -> 0 | AF15: ='MIPG INSTITUCIONAL'!N21 -> Se realizó el informe de ejecución de actividades de acuerdo al cronograma de Bienestar | AG15: ='MIPG INSTITUCIONAL'!O21 -> Talento Humano, Recursos Físicos y Tecnológicos | AH15: ='MIPG INSTITUCIONAL'!P21 -> Subdirección Administrativa y Financiera | AI15: ='MIPG INSTITUCIONAL'!P21 -> Subdirección Administrativa y Financiera
B16: Talento Humano | C16: Integridad | D16: =+D15 -> Implementar Plan de Bienestar Institucional e incentivos de acuerdo al cronograma de actividades año 2021- 2022 | E16: ='MIPG INSTITUCIONAL'!G22 -> Informes de los Planes de Bienestar e incentivos implementados 2022 | F16: INCREMENTO | G16: =COUNTIF(R16:U16,"x") -> 2 | H16: ='MIPG INSTITUCIONAL'!H22 -> 2 | I16: ='MIPG INSTITUCIONAL'!I22 -> 0 | J16: ='MIPG INSTITUCIONAL'!J22 -> 0 | K16: ='MIPG INSTITUCIONAL'!K22 -> 0 | L16: ='MIPG INSTITUCIONAL'!L22 -> 0 | O16: 1 | P16: 1 | Q16: =_xlfn.IFNA(IF(_xlfn.IFS(F16="MANTENIMIENTO",SUM(M16:P16)/G16,F16="INCREMENTO",SUM(M16:P16))=H16,"SI",""),"") -> SI | R16: ='MIPG INSTITUCIONAL'!Q22 -> 0 | S16: ='MIPG INSTITUCIONAL'!R22 -> 0 | T16: ='MIPG INSTITUCIONAL'!S22 -> x | U16: ='MIPG INSTITUCIONAL'!T22 -> x | V16: =_xlfn.IFNA(_xlfn.IFS(AND(M16="",I16>0.001),"1",AND(M16>0.001,I16>0.001),"2",AND(M16>0.001,I16=0),"3"),"4") -> 4 | W16: =_xlfn.IFNA(_xlfn.IFS(AND(N16="",J16>0.001),"1",AND(N16>0.001,J16>0.001),"2",AND(N16>0.001,J16=0),"3"),"4") -> 4 | X16: =_xlfn.IFNA(_xlfn.IFS(AND(O16="",K16>0.001),"1",AND(O16>0.001,K16>0.001),"2",AND(O16>0.001,K16=0),"3"),"4") -> 3 | Y16: =_xlfn.IFNA(_xlfn.IFS(AND(P16="",L16>0.001),"1",AND(P16>0.001,L16>0.001),"2",AND(P16>0.001,L16=0),"3"),"4") -> 3 | Z16: =IF((IF(Tabla2[[#This Row],[Calculo1 ]]="1",_xlfn.IFS(W16="1",IF((J16/H16)>100%,100%,J16/H16),W16="2",IF((J16/N16)>100%,100%,J16/N16),W16="3","0%",W16="4","0")+Tabla2[[#This Row],[ III TRIM 20217]],_xlfn.IFS(W16="1",IF((J16/H16)>100%,100%,J16/H16),W16="2",IF((J16/N16)>100%,100%,J16/N16),W16="3","0%",W16="4","")))=100%,100%,(IF(Tabla2[[#This Row],[Calculo1 ]]="1",_xlfn.IFS(W16="1",IF((J16/H16)>100%,100%,J16/H16),W16="2",IF((J16/N16)>100%,100%,J16/N16),W16="3","0%",W16="4","0")+Tabla2[[#This Row],[ III TRIM 20217]],_xlfn.IFS(W16="1",IF((J16/H16)>100%,100%,J16/H16),W16="2",IF((J16/N16)>100%,100%,J16/N16),W16="3","0%",W16="4","")))) | AA16: =_xlfn.IFS(V16="1",IF((I16/H16)>100%,"100%",I16/H16),V16="2",IF((I16/M16)>100%,"100%",I16/M16),V16="3","0%",V16="4","") | AB16: =_xlfn.IFNA(INDEX(Hoja1!$C$3:$C$230,MATCH(Tabla2[[#This Row],[Calculo5]],Hoja1!$B$3:$B$230,0)),"") | AC16: =_xlfn.IFS(X16="1",IF((K16/J16)>100%,"100%",K16/J16),X16="2",IF((K16/O16)>100%,"100%",K16/O16),X16="3","0%",X16="4","") -> 0% | AD16: =_xlfn.IFS(Y16="1",IF((L16/K16)>100%,"100%",L16/K16),Y16="2",IF((L16/P16)>100%,"100%",L16/P16),Y16="3","0%",Y16="4","") -> 0% | AE16: =IF(IF(F16="","ESPECÍFICAR TIPO DE META",_xlfn.IFNA(_xlfn.IFS(SUM(I16:L16)=0,0%,SUM(I16:L16)>0.001,(_xlfn.IFS(F16="INCREMENTO",SUM(I16:L16)/H16,F16="MANTENIMIENTO",SUM(I16:L16)/(H16*Tabla2[[#This Row],[N.X]])))),"ESPECÍFICAR TIPO DE META"))>1,"100%",IF(F16="","ESPECÍFICAR TIPO DE META",_xlfn.IFNA(_xlfn.IFS(SUM(I16:L16)=0,0%,SUM(I16:L16)>0.001,(_xlfn.IFS(F16="INCREMENTO",SUM(I16:L16)/H16,F16="MANTENIMIENTO",SUM(I16:L16)/(H16*Tabla2[[#This Row],[N.X]])))),"ESPECÍFICAR TIPO DE META"))) -> 0 | AF16: ='MIPG INSTITUCIONAL'!N22 -> 0 | AG16: ='MIPG INSTITUCIONAL'!O22 -> Talento Humano, Recursos Físicos y Tecnológicos | AH16: ='MIPG INSTITUCIONAL'!P22 -> Subdirección Administrativa y Financiera | AI16: ='MIPG INSTITUCIONAL'!P22 -> Subdirección Administrativa y Financiera
B17: Direccionamiento Estratégico y Planeación | C17: Planeación institucional | D17: ='MIPG INSTITUCIONAL'!F23 -> Implementar actividades de salario emocional para promover el bienestar de los servidores públicos | E17: ='MIPG INSTITUCIONAL'!G23 -> Acciones realizadas que permitan resaltar y estimular a los servidores públicos como reconocimiento a sus labores | F17: INCREMENTO | G17: =COUNTIF(R17:U17,"x") -> 2 | H17: ='MIPG INSTITUCIONAL'!H23 -> 1 | I17: ='MIPG INSTITUCIONAL'!I23 -> 0 | J17: ='MIPG INSTITUCIONAL'!J23 -> 0 | K17: ='MIPG INSTITUCIONAL'!K23 -> 0 | L17: ='MIPG INSTITUCIONAL'!L23 -> 0 | N17: 1 | Q17: =_xlfn.IFNA(IF(_xlfn.IFS(F17="MANTENIMIENTO",SUM(M17:P17)/G17,F17="INCREMENTO",SUM(M17:P17))=H17,"SI",""),"") -> SI | R17: ='MIPG INSTITUCIONAL'!Q23 -> x | S17: ='MIPG INSTITUCIONAL'!R23 -> x | T17: ='MIPG INSTITUCIONAL'!S23 -> 0 | U17: ='MIPG INSTITUCIONAL'!T23 -> 0 | V17: =_xlfn.IFNA(_xlfn.IFS(AND(M17="",I17>0.001),"1",AND(M17>0.001,I17>0.001),"2",AND(M17>0.001,I17=0),"3"),"4") -> 4 | W17: =_xlfn.IFNA(_xlfn.IFS(AND(N17="",J17>0.001),"1",AND(N17>0.001,J17>0.001),"2",AND(N17>0.001,J17=0),"3"),"4") -> 3 | X17: =_xlfn.IFNA(_xlfn.IFS(AND(O17="",K17>0.001),"1",AND(O17>0.001,K17>0.001),"2",AND(O17>0.001,K17=0),"3"),"4") -> 4 | Y17: =_xlfn.IFNA(_xlfn.IFS(AND(P17="",L17>0.001),"1",AND(P17>0.001,L17>0.001),"2",AND(P17>0.001,L17=0),"3"),"4") -> 4 | Z17: =IF((IF(Tabla2[[#This Row],[Calculo1 ]]="1",_xlfn.IFS(W17="1",IF((J17/H17)>100%,100%,J17/H17),W17="2",IF((J17/N17)>100%,100%,J17/N17),W17="3","0%",W17="4","0")+Tabla2[[#This Row],[ III TRIM 20217]],_xlfn.IFS(W17="1",IF((J17/H17)>100%,100%,J17/H17),W17="2",IF((J17/N17)>100%,100%,J17/N17),W17="3","0%",W17="4","")))=100%,100%,(IF(Tabla2[[#This Row],[Calculo1 ]]="1",_xlfn.IFS(W17="1",IF((J17/H17)>100%,100%,J17/H17),W17="2",IF((J17/N17)>100%,100%,J17/N17),W17="3","0%",W17="4","0")+Tabla2[[#This Row],[ III TRIM 20217]],_xlfn.IFS(W17="1",IF((J17/H17)>100%,100%,J17/H17),W17="2",IF((J17/N17)>100%,100%,J17/N17),W17="3","0%",W17="4","")))) -> 0% | AA17: =_xlfn.IFS(V17="1",IF((I17/H17)>100%,"100%",I17/H17),V17="2",IF((I17/M17)>100%,"100%",I17/M17),V17="3","0%",V17="4","") | AB17: =_xlfn.IFNA(INDEX(Hoja1!$C$3:$C$230,MATCH(Tabla2[[#This Row],[Calculo5]],Hoja1!$B$3:$B$230,0)),"") -> 1e-16 | AC17: =_xlfn.IFS(X17="1",IF((K17/J17)>100%,"100%",K17/J17),X17="2",IF((K17/O17)>100%,"100%",K17/O17),X17="3","0%",X17="4","") | AD17: =_xlfn.IFS(Y17="1",IF((L17/K17)>100%,"100%",L17/K17),Y17="2",IF((L17/P17)>100%,"100%",L17/P17),Y17="3","0%",Y17="4","") | AE17: =IF(IF(F17="","ESPECÍFICAR TIPO DE META",_xlfn.IFNA(_xlfn.IFS(SUM(I17:L17)=0,0%,SUM(I17:L17)>0.001,(_xlfn.IFS(F17="INCREMENTO",SUM(I17:L17)/H17,F17="MANTENIMIENTO",SUM(I17:L17)/(H17*Tabla2[[#This Row],[N.X]])))),"ESPECÍFICAR TIPO DE META"))>1,"100%",IF(F17="","ESPECÍFICAR TIPO DE META",_xlfn.IFNA(_xlfn.IFS(SUM(I17:L17)=0,0%,SUM(I17:L17)>0.001,(_xlfn.IFS(F17="INCREMENTO",SUM(I17:L17)/H17,F17="MANTENIMIENTO",SUM(I17:L17)/(H17*Tabla2[[#This Row],[N.X]])))),"ESPECÍFICAR TIPO DE META"))) -> 0 | AF17: ='MIPG INSTITUCIONAL'!N23 -> Se realizó la conmemoración del servidor público en la sede COMFENALCO el día 23 de septiembre de 2021 y en el último trimestre de 2021 se realizó reunión de cierre de vigencia y novenas navideñas 2021. | AG17: ='MIPG INSTITUCIONAL'!O23 -> Talento Humano, Recursos Físicos y Tecnológicos | AH17: ='MIPG INSTITUCIONAL'!P23 -> Subdirección Administrativa y Financiera | AI17: ='MIPG INSTITUCIONAL'!P23 -> Subdirección Administrativa y Financiera
B18: Direccionamiento Estratégico y Planeación | C18: Planeación institucional | D18: =D17 -> Implementar actividades de salario emocional para promover el bienestar de los servidores públicos | E18: ='MIPG INSTITUCIONAL'!G24 -> Diagnóstico de accesibilidad y análisis de puestos de trabajo servidores públicos vinculados y funcionarios con discapacidad | F18: INCREMENTO | G18: =COUNTIF(R18:U18,"x") -> 2 | H18: ='MIPG INSTITUCIONAL'!H24 -> 1 | I18: ='MIPG INSTITUCIONAL'!I24 -> 0 | J18: ='MIPG INSTITUCIONAL'!J24 -> 0 | K18: ='MIPG INSTITUCIONAL'!K24 -> 0 | L18: ='MIPG INSTITUCIONAL'!L24 -> 0 | N18: 1 | Q18: =_xlfn.IFNA(IF(_xlfn.IFS(F18="MANTENIMIENTO",SUM(M18:P18)/G18,F18="INCREMENTO",SUM(M18:P18))=H18,"SI",""),"") -> SI | R18: ='MIPG INSTITUCIONAL'!Q24 -> x | S18: ='MIPG INSTITUCIONAL'!R24 -> x | T18: ='MIPG INSTITUCIONAL'!S24 -> 0 | U18: ='MIPG INSTITUCIONAL'!T24 -> 0 | V18: =_xlfn.IFNA(_xlfn.IFS(AND(M18="",I18>0.001),"1",AND(M18>0.001,I18>0.001),"2",AND(M18>0.001,I18=0),"3"),"4") -> 4 | W18: =_xlfn.IFNA(_xlfn.IFS(AND(N18="",J18>0.001),"1",AND(N18>0.001,J18>0.001),"2",AND(N18>0.001,J18=0),"3"),"4") -> 3 | X18: =_xlfn.IFNA(_xlfn.IFS(AND(O18="",K18>0.001),"1",AND(O18>0.001,K18>0.001),"2",AND(O18>0.001,K18=0),"3"),"4") -> 4 | Y18: =_xlfn.IFNA(_xlfn.IFS(AND(P18="",L18>0.001),"1",AND(P18>0.001,L18>0.001),"2",AND(P18>0.001,L18=0),"3"),"4") -> 4 | Z18: =IF((IF(Tabla2[[#This Row],[Calculo1 ]]="1",_xlfn.IFS(W18="1",IF((J18/H18)>100%,100%,J18/H18),W18="2",IF((J18/N18)>100%,100%,J18/N18),W18="3","0%",W18="4","0")+Tabla2[[#This Row],[ III TRIM 20217]],_xlfn.IFS(W18="1",IF((J18/H18)>100%,100%,J18/H18),W18="2",IF((J18/N18)>100%,100%,J18/N18),W18="3","0%",W18="4","")))=100%,100%,(IF(Tabla2[[#This Row],[Calculo1 ]]="1",_xlfn.IFS(W18="1",IF((J18/H18)>100%,100%,J18/H18),W18="2",IF((J18/N18)>100%,100%,J18/N18),W18="3","0%",W18="4","0")+Tabla2[[#This Row],[ III TRIM 20217]],_xlfn.IFS(W18="1",IF((J18/H18)>100%,100%,J18/H18),W18="2",IF((J18/N18)>100%,100%,J18/N18),W18="3","0%",W18="4","")))) -> 0% | AA18: =_xlfn.IFS(V18="1",IF((I18/H18)>100%,"100%",I18/H18),V18="2",IF((I18/M18)>100%,"100%",I18/M18),V18="3","0%",V18="4","") | AB18: =_xlfn.IFNA(INDEX(Hoja1!$C$3:$C$230,MATCH(Tabla2[[#This Row],[Calculo5]],Hoja1!$B$3:$B$230,0)),"") -> 1e-16 | AC18: =_xlfn.IFS(X18="1",IF((K18/J18)>100%,"100%",K18/J18),X18="2",IF((K18/O18)>100%,"100%",K18/O18),X18="3","0%",X18="4","") | AD18: =_xlfn.IFS(Y18="1",IF((L18/K18)>100%,"100%",L18/K18),Y18="2",IF((L18/P18)>100%,"100%",L18/P18),Y18="3","0%",Y18="4","") | AE18: =IF(IF(F18="","ESPECÍFICAR TIPO DE META",_xlfn.IFNA(_xlfn.IFS(SUM(I18:L18)=0,0%,SUM(I18:L18)>0.001,(_xlfn.IFS(F18="INCREMENTO",SUM(I18:L18)/H18,F18="MANTENIMIENTO",SUM(I18:L18)/(H18*Tabla2[[#This Row],[N.X]])))),"ESPECÍFICAR TIPO DE META"))>1,"100%",IF(F18="","ESPECÍFICAR TIPO DE META",_xlfn.IFNA(_xlfn.IFS(SUM(I18:L18)=0,0%,SUM(I18:L18)>0.001,(_xlfn.IFS(F18="INCREMENTO",SUM(I18:L18)/H18,F18="MANTENIMIENTO",SUM(I18:L18)/(H18*Tabla2[[#This Row],[N.X]])))),"ESPECÍFICAR TIPO DE META"))) -> 0 | AF18: ='MIPG INSTITUCIONAL'!N24 -> Se realizó el diagnóstico y análisis de puestos de trabajo. | AG18: ='MIPG INSTITUCIONAL'!O24 -> Talento Humano, Recursos Físicos y Tecnológicos | AH18: ='MIPG INSTITUCIONAL'!P24 -> Subdirección Administrativa y Financiera | AI18: ='MIPG INSTITUCIONAL'!P24 -> Subdirección Administrativa y Financiera
B19: Direccionamiento Estratégico y Planeación | C19: Planeación institucional | D19: =D18 -> Implementar actividades de salario emocional para promover el bienestar de los servidores públicos | E19: ='MIPG INSTITUCIONAL'!G25 -> Informe Intervención del clima organizacional | F19: INCREMENTO | G19: =COUNTIF(R19:U19,"x") -> 1 | H19: ='MIPG INSTITUCIONAL'!H25 -> 1 | I19: ='MIPG INSTITUCIONAL'!I25 -> 0 | J19: ='MIPG INSTITUCIONAL'!J25 -> 0 | K19: ='MIPG INSTITUCIONAL'!K25 -> 0 | L19: ='MIPG INSTITUCIONAL'!L25 -> 0 | N19: 1 | Q19: =_xlfn.IFNA(IF(_xlfn.IFS(F19="MANTENIMIENTO",SUM(M19:P19)/G19,F19="INCREMENTO",SUM(M19:P19))=H19,"SI",""),"") -> SI | R19: ='MIPG INSTITUCIONAL'!Q25 -> 0 | S19: ='MIPG INSTITUCIONAL'!R25 -> x | T19: ='MIPG INSTITUCIONAL'!S25 -> 0 | U19: ='MIPG INSTITUCIONAL'!T25 -> 0 | V19: =_xlfn.IFNA(_xlfn.IFS(AND(M19="",I19>0.001),"1",AND(M19>0.001,I19>0.001),"2",AND(M19>0.001,I19=0),"3"),"4") -> 4 | W19: =_xlfn.IFNA(_xlfn.IFS(AND(N19="",J19>0.001),"1",AND(N19>0.001,J19>0.001),"2",AND(N19>0.001,J19=0),"3"),"4") -> 3 | X19: =_xlfn.IFNA(_xlfn.IFS(AND(O19="",K19>0.001),"1",AND(O19>0.001,K19>0.001),"2",AND(O19>0.001,K19=0),"3"),"4") -> 4 | Y19: =_xlfn.IFNA(_xlfn.IFS(AND(P19="",L19>0.001),"1",AND(P19>0.001,L19>0.001),"2",AND(P19>0.001,L19=0),"3"),"4") -> 4 | Z19: =IF((IF(Tabla2[[#This Row],[Calculo1 ]]="1",_xlfn.IFS(W19="1",IF((J19/H19)>100%,100%,J19/H19),W19="2",IF((J19/N19)>100%,100%,J19/N19),W19="3","0%",W19="4","0")+Tabla2[[#This Row],[ III TRIM 20217]],_xlfn.IFS(W19="1",IF((J19/H19)>100%,100%,J19/H19),W19="2",IF((J19/N19)>100%,100%,J19/N19),W19="3","0%",W19="4","")))=100%,100%,(IF(Tabla2[[#This Row],[Calculo1 ]]="1",_xlfn.IFS(W19="1",IF((J19/H19)>100%,100%,J19/H19),W19="2",IF((J19/N19)>100%,100%,J19/N19),W19="3","0%",W19="4","0")+Tabla2[[#This Row],[ III TRIM 20217]],_xlfn.IFS(W19="1",IF((J19/H19)>100%,100%,J19/H19),W19="2",IF((J19/N19)>100%,100%,J19/N19),W19="3","0%",W19="4","")))) -> 0% | AA19: =_xlfn.IFS(V19="1",IF((I19/H19)>100%,"100%",I19/H19),V19="2",IF((I19/M19)>100%,"100%",I19/M19),V19="3","0%",V19="4","") | AB19: =_xlfn.IFNA(INDEX(Hoja1!$C$3:$C$230,MATCH(Tabla2[[#This Row],[Calculo5]],Hoja1!$B$3:$B$230,0)),"") -> 1e-16 | AC19: =_xlfn.IFS(X19="1",IF((K19/J19)>100%,"100%",K19/J19),X19="2",IF((K19/O19)>100%,"100%",K19/O19),X19="3","0%",X19="4","") | AD19: =_xlfn.IFS(Y19="1",IF((L19/K19)>100%,"100%",L19/K19),Y19="2",IF((L19/P19)>100%,"100%",L19/P19),Y19="3","0%",Y19="4","") | AE19: =IF(IF(F19="","ESPECÍFICAR TIPO DE META",_xlfn.IFNA(_xlfn.IFS(SUM(I19:L19)=0,0%,SUM(I19:L19)>0.001,(_xlfn.IFS(F19="INCREMENTO",SUM(I19:L19)/H19,F19="MANTENIMIENTO",SUM(I19:L19)/(H19*Tabla2[[#This Row],[N.X]])))),"ESPECÍFICAR TIPO DE META"))>1,"100%",IF(F19="","ESPECÍFICAR TIPO DE META",_xlfn.IFNA(_xlfn.IFS(SUM(I19:L19)=0,0%,SUM(I19:L19)>0.001,(_xlfn.IFS(F19="INCREMENTO",SUM(I19:L19)/H19,F19="MANTENIMIENTO",SUM(I19:L19)/(H19*Tabla2[[#This Row],[N.X]])))),"ESPECÍFICAR TIPO DE META"))) -> 0 | AF19: ='MIPG INSTITUCIONAL'!N25 -> Se están ejecutando actividades de intervención de conformidad con los resultados del diagnóstico. | AG19: ='MIPG INSTITUCIONAL'!O25 -> Talento Humano, Recursos Físicos y Tecnológicos | AH19: ='MIPG INSTITUCIONAL'!P25 -> Subdirección Administrativa y Financiera | AI19: ='MIPG INSTITUCIONAL'!P25 -> Subdirección Administrativa y Financiera
B20: Direccionamiento Estratégico y Planeación | C20: Planeación institucional | D20: =D19 -> Implementar actividades de salario emocional para promover el bienestar de los servidores públicos | E20: ='MIPG INSTITUCIONAL'!G26 -> Formulario de denuncias implementado en línea | F20: INCREMENTO | G20: =COUNTIF(R20:U20,"x") -> 1 | H20: ='MIPG INSTITUCIONAL'!H26 -> 1 | I20: ='MIPG INSTITUCIONAL'!I26 -> 0 | J20: ='MIPG INSTITUCIONAL'!J26 -> 0 | K20: ='MIPG INSTITUCIONAL'!K26 -> 0 | L20: ='MIPG INSTITUCIONAL'!L26 -> 0 | N20: 1 | Q20: =_xlfn.IFNA(IF(_xlfn.IFS(F20="MANTENIMIENTO",SUM(M20:P20)/G20,F20="INCREMENTO",SUM(M20:P20))=H20,"SI",""),"") -> SI | R20: ='MIPG INSTITUCIONAL'!Q26 -> 0 | S20: ='MIPG INSTITUCIONAL'!R26 -> x | T20: ='MIPG INSTITUCIONAL'!S26 -> 0 | U20: ='MIPG INSTITUCIONAL'!T26 -> 0 | V20: =_xlfn.IFNA(_xlfn.IFS(AND(M20="",I20>0.001),"1",AND(M20>0.001,I20>0.001),"2",AND(M20>0.001,I20=0),"3"),"4") -> 4 | W20: =_xlfn.IFNA(_xlfn.IFS(AND(N20="",J20>0.001),"1",AND(N20>0.001,J20>0.001),"2",AND(N20>0.001,J20=0),"3"),"4") -> 3 | X20: =_xlfn.IFNA(_xlfn.IFS(AND(O20="",K20>0.001),"1",AND(O20>0.001,K20>0.001),"2",AND(O20>0.001,K20=0),"3"),"4") -> 4 | Y20: =_xlfn.IFNA(_xlfn.IFS(AND(P20="",L20>0.001),"1",AND(P20>0.001,L20>0.001),"2",AND(P20>0.001,L20=0),"3"),"4") -> 4 | Z20: =IF((IF(Tabla2[[#This Row],[Calculo1 ]]="1",_xlfn.IFS(W20="1",IF((J20/H20)>100%,100%,J20/H20),W20="2",IF((J20/N20)>100%,100%,J20/N20),W20="3","0%",W20="4","0")+Tabla2[[#This Row],[ III TRIM 20217]],_xlfn.IFS(W20="1",IF((J20/H20)>100%,100%,J20/H20),W20="2",IF((J20/N20)>100%,100%,J20/N20),W20="3","0%",W20="4","")))=100%,100%,(IF(Tabla2[[#This Row],[Calculo1 ]]="1",_xlfn.IFS(W20="1",IF((J20/H20)>100%,100%,J20/H20),W20="2",IF((J20/N20)>100%,100%,J20/N20),W20="3","0%",W20="4","0")+Tabla2[[#This Row],[ III TRIM 20217]],_xlfn.IFS(W20="1",IF((J20/H20)>100%,100%,J20/H20),W20="2",IF((J20/N20)>100%,100%,J20/N20),W20="3","0%",W20="4","")))) -> 0% | AA20: =_xlfn.IFS(V20="1",IF((I20/H20)>100%,"100%",I20/H20),V20="2",IF((I20/M20)>100%,"100%",I20/M20),V20="3","0%",V20="4","") | AB20: =_xlfn.IFNA(INDEX(Hoja1!$C$3:$C$230,MATCH(Tabla2[[#This Row],[Calculo5]],Hoja1!$B$3:$B$230,0)),"") -> 1e-16 | AC20: =_xlfn.IFS(X20="1",IF((K20/J20)>100%,"100%",K20/J20),X20="2",IF((K20/O20)>100%,"100%",K20/O20),X20="3","0%",X20="4","") | AD20: =_xlfn.IFS(Y20="1",IF((L20/K20)>100%,"100%",L20/K20),Y20="2",IF((L20/P20)>100%,"100%",L20/P20),Y20="3","0%",Y20="4","") | AE20: =IF(IF(F20="","ESPECÍFICAR TIPO DE META",_xlfn.IFNA(_xlfn.IFS(SUM(I20:L20)=0,0%,SUM(I20:L20)>0.001,(_xlfn.IFS(F20="INCREMENTO",SUM(I20:L20)/H20,F20="MANTENIMIENTO",SUM(I20:L20)/(H20*Tabla2[[#This Row],[N.X]])))),"ESPECÍFICAR TIPO DE META"))>1,"100%",IF(F20="","ESPECÍFICAR TIPO DE META",_xlfn.IFNA(_xlfn.IFS(SUM(I20:L20)=0,0%,SUM(I20:L20)>0.001,(_xlfn.IFS(F20="INCREMENTO",SUM(I20:L20)/H20,F20="MANTENIMIENTO",SUM(I20:L20)/(H20*Tabla2[[#This Row],[N.X]])))),"ESPECÍFICAR TIPO DE META"))) -> 0 | AF20: ='MIPG INSTITUCIONAL'!N26 -> 0 | AG20: ='MIPG INSTITUCIONAL'!O26 -> Talento Humano, Recursos Físicos y Tecnológicos | AH20: ='MIPG INSTITUCIONAL'!P26 -> Subdirección Administrativa y Financiera | AI20: ='MIPG INSTITUCIONAL'!P26 -> Subdirección Administrativa y Financiera
B21: Direccionamiento Estratégico y Planeación | C21: Planeación institucional | D21: ='MIPG INSTITUCIONAL'!F27 -> Socializar y sensibilizar los valores del código de integridad | E21: ='MIPG INSTITUCIONAL'!G27 -> Código de integridad socializado | F21: INCREMENTO | G21: =COUNTIF(R21:U21,"x") -> 1 | H21: ='MIPG INSTITUCIONAL'!H27 -> 1 | I21: ='MIPG INSTITUCIONAL'!I27 -> 0 | J21: ='MIPG INSTITUCIONAL'!J27 -> 0 | K21: ='MIPG INSTITUCIONAL'!K27 -> 0 | L21: ='MIPG INSTITUCIONAL'!L27 -> 0 | N21: 1 | Q21: =_xlfn.IFNA(IF(_xlfn.IFS(F21="MANTENIMIENTO",SUM(M21:P21)/G21,F21="INCREMENTO",SUM(M21:P21))=H21,"SI",""),"") -> SI | R21: ='MIPG INSTITUCIONAL'!Q27 -> 0 | S21: ='MIPG INSTITUCIONAL'!R27 -> x | T21: ='MIPG INSTITUCIONAL'!S27 -> 0 | U21: ='MIPG INSTITUCIONAL'!T27 -> 0 | V21: =_xlfn.IFNA(_xlfn.IFS(AND(M21="",I21>0.001),"1",AND(M21>0.001,I21>0.001),"2",AND(M21>0.001,I21=0),"3"),"4") -> 4 | W21: =_xlfn.IFNA(_xlfn.IFS(AND(N21="",J21>0.001),"1",AND(N21>0.001,J21>0.001),"2",AND(N21>0.001,J21=0),"3"),"4") -> 3 | X21: =_xlfn.IFNA(_xlfn.IFS(AND(O21="",K21>0.001),"1",AND(O21>0.001,K21>0.001),"2",AND(O21>0.001,K21=0),"3"),"4") -> 4 | Y21: =_xlfn.IFNA(_xlfn.IFS(AND(P21="",L21>0.001),"1",AND(P21>0.001,L21>0.001),"2",AND(P21>0.001,L21=0),"3"),"4") -> 4 | Z21: =IF((IF(Tabla2[[#This Row],[Calculo1 ]]="1",_xlfn.IFS(W21="1",IF((J21/H21)>100%,100%,J21/H21),W21="2",IF((J21/N21)>100%,100%,J21/N21),W21="3","0%",W21="4","0")+Tabla2[[#This Row],[ III TRIM 20217]],_xlfn.IFS(W21="1",IF((J21/H21)>100%,100%,J21/H21),W21="2",IF((J21/N21)>100%,100%,J21/N21),W21="3","0%",W21="4","")))=100%,100%,(IF(Tabla2[[#This Row],[Calculo1 ]]="1",_xlfn.IFS(W21="1",IF((J21/H21)>100%,100%,J21/H21),W21="2",IF((J21/N21)>100%,100%,J21/N21),W21="3","0%",W21="4","0")+Tabla2[[#This Row],[ III TRIM 20217]],_xlfn.IFS(W21="1",IF((J21/H21)>100%,100%,J21/H21),W21="2",IF((J21/N21)>100%,100%,J21/N21),W21="3","0%",W21="4","")))) -> 0% | AA21: =_xlfn.IFS(V21="1",IF((I21/H21)>100%,"100%",I21/H21),V21="2",IF((I21/M21)>100%,"100%",I21/M21),V21="3","0%",V21="4","") | AB21: =_xlfn.IFNA(INDEX(Hoja1!$C$3:$C$230,MATCH(Tabla2[[#This Row],[Calculo5]],Hoja1!$B$3:$B$230,0)),"") -> 1e-16 | AC21: =_xlfn.IFS(X21="1",IF((K21/J21)>100%,"100%",K21/J21),X21="2",IF((K21/O21)>100%,"100%",K21/O21),X21="3","0%",X21="4","") | AD21: =_xlfn.IFS(Y21="1",IF((L21/K21)>100%,"100%",L21/K21),Y21="2",IF((L21/P21)>100%,"100%",L21/P21),Y21="3","0%",Y21="4","") | AE21: =IF(IF(F21="","ESPECÍFICAR TIPO DE META",_xlfn.IFNA(_xlfn.IFS(SUM(I21:L21)=0,0%,SUM(I21:L21)>0.001,(_xlfn.IFS(F21="INCREMENTO",SUM(I21:L21)/H21,F21="MANTENIMIENTO",SUM(I21:L21)/(H21*Tabla2[[#This Row],[N.X]])))),"ESPECÍFICAR TIPO DE META"))>1,"100%",IF(F21="","ESPECÍFICAR TIPO DE META",_xlfn.IFNA(_xlfn.IFS(SUM(I21:L21)=0,0%,SUM(I21:L21)>0.001,(_xlfn.IFS(F21="INCREMENTO",SUM(I21:L21)/H21,F21="MANTENIMIENTO",SUM(I21:L21)/(H21*Tabla2[[#This Row],[N.X]])))),"ESPECÍFICAR TIPO DE META"))) -> 0 | AF21: ='MIPG INSTITUCIONAL'!N27 -> Se han socializado los valores del código de integridad y se han realizado actividades alusivas a estos. | AG21: ='MIPG INSTITUCIONAL'!O27 -> Talento Humano, Recursos Físicos y Tecnológicos | AH21: ='MIPG INSTITUCIONAL'!P27 -> Subdirección Administrativa y Financiera | AI21: ='MIPG INSTITUCIONAL'!P27 -> Subdirección Administrativa y Financiera
B22: Direccionamiento Estratégico y Planeación | C22: Planeación institucional | D22: ='MIPG INSTITUCIONAL'!F28 -> Monitorear en la página del SIGEP el registro Declaración de bienes y rentas y/o conflictos de interés de los obligados conforme la Ley 2013 de 2019 | E22: ='MIPG INSTITUCIONAL'!G28 -> Informe de monitoreo del registro de las declaraciones de bienes, rentas y conflicto de interés de contratistas y servidores públicos . | F22: INCREMENTO | G22: =COUNTIF(R22:U22,"x") -> 1 | H22: ='MIPG INSTITUCIONAL'!H28 -> 1 | I22: ='MIPG INSTITUCIONAL'!I28 -> 0 | J22: ='MIPG INSTITUCIONAL'!J28 -> 0 | K22: ='MIPG INSTITUCIONAL'!K28 -> 0 | L22: ='MIPG INSTITUCIONAL'!L28 -> 0 | N22: 1 | Q22: =_xlfn.IFNA(IF(_xlfn.IFS(F22="MANTENIMIENTO",SUM(M22:P22)/G22,F22="INCREMENTO",SUM(M22:P22))=H22,"SI",""),"") -> SI | R22: ='MIPG INSTITUCIONAL'!Q28 -> 0 | S22: ='MIPG INSTITUCIONAL'!R28 -> x | T22: ='MIPG INSTITUCIONAL'!S28 -> 0 | U22: ='MIPG INSTITUCIONAL'!T28 -> 0 | V22: =_xlfn.IFNA(_xlfn.IFS(AND(M22="",I22>0.001),"1",AND(M22>0.001,I22>0.001),"2",AND(M22>0.001,I22=0),"3"),"4") -> 4 | W22: =_xlfn.IFNA(_xlfn.IFS(AND(N22="",J22>0.001),"1",AND(N22>0.001,J22>0.001),"2",AND(N22>0.001,J22=0),"3"),"4") -> 3 | X22: =_xlfn.IFNA(_xlfn.IFS(AND(O22="",K22>0.001),"1",AND(O22>0.001,K22>0.001),"2",AND(O22>0.001,K22=0),"3"),"4") -> 4 | Y22: =_xlfn.IFNA(_xlfn.IFS(AND(P22="",L22>0.001),"1",AND(P22>0.001,L22>0.001),"2",AND(P22>0.001,L22=0),"3"),"4") -> 4 | Z22: =IF((IF(Tabla2[[#This Row],[Calculo1 ]]="1",_xlfn.IFS(W22="1",IF((J22/H22)>100%,100%,J22/H22),W22="2",IF((J22/N22)>100%,100%,J22/N22),W22="3","0%",W22="4","0")+Tabla2[[#This Row],[ III TRIM 20217]],_xlfn.IFS(W22="1",IF((J22/H22)>100%,100%,J22/H22),W22="2",IF((J22/N22)>100%,100%,J22/N22),W22="3","0%",W22="4","")))=100%,100%,(IF(Tabla2[[#This Row],[Calculo1 ]]="1",_xlfn.IFS(W22="1",IF((J22/H22)>100%,100%,J22/H22),W22="2",IF((J22/N22)>100%,100%,J22/N22),W22="3","0%",W22="4","0")+Tabla2[[#This Row],[ III TRIM 20217]],_xlfn.IFS(W22="1",IF((J22/H22)>100%,100%,J22/H22),W22="2",IF((J22/N22)>100%,100%,J22/N22),W22="3","0%",W22="4","")))) -> 0% | AA22: =_xlfn.IFS(V22="1",IF((I22/H22)>100%,"100%",I22/H22),V22="2",IF((I22/M22)>100%,"100%",I22/M22),V22="3","0%",V22="4","") | AB22: =_xlfn.IFNA(INDEX(Hoja1!$C$3:$C$230,MATCH(Tabla2[[#This Row],[Calculo5]],Hoja1!$B$3:$B$230,0)),"") -> 1e-16 | AC22: =_xlfn.IFS(X22="1",IF((K22/J22)>100%,"100%",K22/J22),X22="2",IF((K22/O22)>100%,"100%",K22/O22),X22="3","0%",X22="4","") | AD22: =_xlfn.IFS(Y22="1",IF((L22/K22)>100%,"100%",L22/K22),Y22="2",IF((L22/P22)>100%,"100%",L22/P22),Y22="3","0%",Y22="4","") | AE22: =IF(IF(F22="","ESPECÍFICAR TIPO DE META",_xlfn.IFNA(_xlfn.IFS(SUM(I22:L22)=0,0%,SUM(I22:L22)>0.001,(_xlfn.IFS(F22="INCREMENTO",SUM(I22:L22)/H22,F22="MANTENIMIENTO",SUM(I22:L22)/(H22*Tabla2[[#This Row],[N.X]])))),"ESPECÍFICAR TIPO DE META"))>1,"100%",IF(F22="","ESPECÍFICAR TIPO DE META",_xlfn.IFNA(_xlfn.IFS(SUM(I22:L22)=0,0%,SUM(I22:L22)>0.001,(_xlfn.IFS(F22="INCREMENTO",SUM(I22:L22)/H22,F22="MANTENIMIENTO",SUM(I22:L22)/(H22*Tabla2[[#This Row],[N.X]])))),"ESPECÍFICAR TIPO DE META"))) -> 0 | AF22: ='MIPG INSTITUCIONAL'!N28 -> Los contratistas en el momento que realizan la contratación actualizan declaración de bienes y rentas en la plataforma del SIGEP, y la declaración de conflictos de interés, los formatos ya se compartieron para su diligenciamiento. | AG22: ='MIPG INSTITUCIONAL'!O28 -> Talento Humano, Recursos Físicos y Tecnológicos | AH22: ='MIPG INSTITUCIONAL'!P28 -> Subdirección Administrativa y Financiera | AI22: ='MIPG INSTITUCIONAL'!P28 -> Subdirección Administrativa y Financiera
B23: Direccionamiento Estratégico y Planeación | C23: Planeación institucional | D23: ='MIPG INSTITUCIONAL'!F29 -> Formular el Plan Anticorrupción y Atención al ciudadano 2021 - 2022 | E23: ='MIPG INSTITUCIONAL'!G29 -> Plan Anticorrupción y Atención al ciudadano formulado PAAC 2021 | F23: INCREMENTO | G23: =COUNTIF(R23:U23,"x") -> 1 | H23: ='MIPG INSTITUCIONAL'!H29 -> 1 | I23: ='MIPG INSTITUCIONAL'!I29 -> 0 | J23: ='MIPG INSTITUCIONAL'!J29 -> 0 | K23: ='MIPG INSTITUCIONAL'!K29 -> 0 | L23: ='MIPG INSTITUCIONAL'!L29 -> 0 | N23: 1 | Q23: =_xlfn.IFNA(IF(_xlfn.IFS(F23="MANTENIMIENTO",SUM(M23:P23)/G23,F23="INCREMENTO",SUM(M23:P23))=H23,"SI",""),"") -> SI | R23: ='MIPG INSTITUCIONAL'!Q29 -> 0 | S23: ='MIPG INSTITUCIONAL'!R29 -> x | T23: ='MIPG INSTITUCIONAL'!S29 -> 0 | U23: ='MIPG INSTITUCIONAL'!T29 -> 0 | V23: =_xlfn.IFNA(_xlfn.IFS(AND(M23="",I23>0.001),"1",AND(M23>0.001,I23>0.001),"2",AND(M23>0.001,I23=0),"3"),"4") -> 4 | W23: =_xlfn.IFNA(_xlfn.IFS(AND(N23="",J23>0.001),"1",AND(N23>0.001,J23>0.001),"2",AND(N23>0.001,J23=0),"3"),"4") -> 3 | X23: =_xlfn.IFNA(_xlfn.IFS(AND(O23="",K23>0.001),"1",AND(O23>0.001,K23>0.001),"2",AND(O23>0.001,K23=0),"3"),"4") -> 4 | Y23: =_xlfn.IFNA(_xlfn.IFS(AND(P23="",L23>0.001),"1",AND(P23>0.001,L23>0.001),"2",AND(P23>0.001,L23=0),"3"),"4") -> 4 | Z23: =IF((IF(Tabla2[[#This Row],[Calculo1 ]]="1",_xlfn.IFS(W23="1",IF((J23/H23)>100%,100%,J23/H23),W23="2",IF((J23/N23)>100%,100%,J23/N23),W23="3","0%",W23="4","0")+Tabla2[[#This Row],[ III TRIM 20217]],_xlfn.IFS(W23="1",IF((J23/H23)>100%,100%,J23/H23),W23="2",IF((J23/N23)>100%,100%,J23/N23),W23="3","0%",W23="4","")))=100%,100%,(IF(Tabla2[[#This Row],[Calculo1 ]]="1",_xlfn.IFS(W23="1",IF((J23/H23)>100%,100%,J23/H23),W23="2",IF((J23/N23)>100%,100%,J23/N23),W23="3","0%",W23="4","0")+Tabla2[[#This Row],[ III TRIM 20217]],_xlfn.IFS(W23="1",IF((J23/H23)>100%,100%,J23/H23),W23="2",IF((J23/N23)>100%,100%,J23/N23),W23="3","0%",W23="4","")))) -> 0% | AA23: =_xlfn.IFS(V23="1",IF((I23/H23)>100%,"100%",I23/H23),V23="2",IF((I23/M23)>100%,"100%",I23/M23),V23="3","0%",V23="4","") | AB23: =_xlfn.IFNA(INDEX(Hoja1!$C$3:$C$230,MATCH(Tabla2[[#This Row],[Calculo5]],Hoja1!$B$3:$B$230,0)),"") -> 1e-16 | AC23: =_xlfn.IFS(X23="1",IF((K23/J23)>100%,"100%",K23/J23),X23="2",IF((K23/O23)>100%,"100%",K23/O23),X23="3","0%",X23="4","") | AD23: =_xlfn.IFS(Y23="1",IF((L23/K23)>100%,"100%",L23/K23),Y23="2",IF((L23/P23)>100%,"100%",L23/P23),Y23="3","0%",Y23="4","") | AE23: =IF(IF(F23="","ESPECÍFICAR TIPO DE META",_xlfn.IFNA(_xlfn.IFS(SUM(I23:L23)=0,0%,SUM(I23:L23)>0.001,(_xlfn.IFS(F23="INCREMENTO",SUM(I23:L23)/H23,F23="MANTENIMIENTO",SUM(I23:L23)/(H23*Tabla2[[#This Row],[N.X]])))),"ESPECÍFICAR TIPO DE META"))>1,"100%",IF(F23="","ESPECÍFICAR TIPO DE META",_xlfn.IFNA(_xlfn.IFS(SUM(I23:L23)=0,0%,SUM(I23:L23)>0.001,(_xlfn.IFS(F23="INCREMENTO",SUM(I23:L23)/H23,F23="MANTENIMIENTO",SUM(I23:L23)/(H23*Tabla2[[#This Row],[N.X]])))),"ESPECÍFICAR TIPO DE META"))) -> 0 | AF23: ='MIPG INSTITUCIONAL'!N29 -> El Plan Anticorrupción y Atención al Ciudadano 2021 Se formuló y fue publicado en página WEB (LA ACCION SE DEBE AJUSTAR: REALIZAR MONITOREO AL PAAC 2021) | AG23: ='MIPG INSTITUCIONAL'!O29 -> Talento Humano, Recursos Físicos y Tecnológicos | AH23: ='MIPG INSTITUCIONAL'!P29 -> Subdirección Técnica | AI23: ='MIPG INSTITUCIONAL'!P29 -> Subdirección Técnica
B24: Direccionamiento Estratégico y Planeación | C24: Planeación institucional | D24: =D23 -> Formular el Plan Anticorrupción y Atención al ciudadano 2021 - 2022 | E24: ='MIPG INSTITUCIONAL'!G30 -> Plan anticorrupción y Atención al ciudadano formulado PAAC 2022 | F24: INCREMENTO | G24: =COUNTIF(R24:U24,"x") -> 1 | H24: ='MIPG INSTITUCIONAL'!H30 -> 1 | I24: ='MIPG INSTITUCIONAL'!I30 -> 0 | J24: ='MIPG INSTITUCIONAL'!J30 -> 0 | K24: ='MIPG INSTITUCIONAL'!K30 -> 0 | L24: ='MIPG INSTITUCIONAL'!L30 -> 0 | O24: 1 | Q24: =_xlfn.IFNA(IF(_xlfn.IFS(F24="MANTENIMIENTO",SUM(M24:P24)/G24,F24="INCREMENTO",SUM(M24:P24))=H24,"SI",""),"") -> SI | R24: ='MIPG INSTITUCIONAL'!Q30 -> 0 | S24: ='MIPG INSTITUCIONAL'!R30 -> 0 | T24: ='MIPG INSTITUCIONAL'!S30 -> x | U24: ='MIPG INSTITUCIONAL'!T30 -> 0 | V24: =_xlfn.IFNA(_xlfn.IFS(AND(M24="",I24>0.001),"1",AND(M24>0.001,I24>0.001),"2",AND(M24>0.001,I24=0),"3"),"4") -> 4 | W24: =_xlfn.IFNA(_xlfn.IFS(AND(N24="",J24>0.001),"1",AND(N24>0.001,J24>0.001),"2",AND(N24>0.001,J24=0),"3"),"4") -> 4 | X24: =_xlfn.IFNA(_xlfn.IFS(AND(O24="",K24>0.001),"1",AND(O24>0.001,K24>0.001),"2",AND(O24>0.001,K24=0),"3"),"4") -> 3 | Y24: =_xlfn.IFNA(_xlfn.IFS(AND(P24="",L24>0.001),"1",AND(P24>0.001,L24>0.001),"2",AND(P24>0.001,L24=0),"3"),"4") -> 4 | Z24: =IF((IF(Tabla2[[#This Row],[Calculo1 ]]="1",_xlfn.IFS(W24="1",IF((J24/H24)>100%,100%,J24/H24),W24="2",IF((J24/N24)>100%,100%,J24/N24),W24="3","0%",W24="4","0")+Tabla2[[#This Row],[ III TRIM 20217]],_xlfn.IFS(W24="1",IF((J24/H24)>100%,100%,J24/H24),W24="2",IF((J24/N24)>100%,100%,J24/N24),W24="3","0%",W24="4","")))=100%,100%,(IF(Tabla2[[#This Row],[Calculo1 ]]="1",_xlfn.IFS(W24="1",IF((J24/H24)>100%,100%,J24/H24),W24="2",IF((J24/N24)>100%,100%,J24/N24),W24="3","0%",W24="4","0")+Tabla2[[#This Row],[ III TRIM 20217]],_xlfn.IFS(W24="1",IF((J24/H24)>100%,100%,J24/H24),W24="2",IF((J24/N24)>100%,100%,J24/N24),W24="3","0%",W24="4","")))) | AA24: =_xlfn.IFS(V24="1",IF((I24/H24)>100%,"100%",I24/H24),V24="2",IF((I24/M24)>100%,"100%",I24/M24),V24="3","0%",V24="4","") | AB24: =_xlfn.IFNA(INDEX(Hoja1!$C$3:$C$230,MATCH(Tabla2[[#This Row],[Calculo5]],Hoja1!$B$3:$B$230,0)),"") | AC24: =_xlfn.IFS(X24="1",IF((K24/J24)>100%,"100%",K24/J24),X24="2",IF((K24/O24)>100%,"100%",K24/O24),X24="3","0%",X24="4","") -> 0% | AD24: =_xlfn.IFS(Y24="1",IF((L24/K24)>100%,"100%",L24/K24),Y24="2",IF((L24/P24)>100%,"100%",L24/P24),Y24="3","0%",Y24="4","") | AE24: =IF(IF(F24="","ESPECÍFICAR TIPO DE META",_xlfn.IFNA(_xlfn.IFS(SUM(I24:L24)=0,0%,SUM(I24:L24)>0.001,(_xlfn.IFS(F24="INCREMENTO",SUM(I24:L24)/H24,F24="MANTENIMIENTO",SUM(I24:L24)/(H24*Tabla2[[#This Row],[N.X]])))),"ESPECÍFICAR TIPO DE META"))>1,"100%",IF(F24="","ESPECÍFICAR TIPO DE META",_xlfn.IFNA(_xlfn.IFS(SUM(I24:L24)=0,0%,SUM(I24:L24)>0.001,(_xlfn.IFS(F24="INCREMENTO",SUM(I24:L24)/H24,F24="MANTENIMIENTO",SUM(I24:L24)/(H24*Tabla2[[#This Row],[N.X]])))),"ESPECÍFICAR TIPO DE META"))) -> 0 | AF24: ='MIPG INSTITUCIONAL'!N30 -> 0 | AG24: ='MIPG INSTITUCIONAL'!O30 -> Talento Humano, Recursos Físicos y Tecnológicos | AH24: ='MIPG INSTITUCIONAL'!P30 -> Subdirección Técnica | AI24: ='MIPG INSTITUCIONAL'!P30 -> Subdirección Técnica
B25: Direccionamiento Estratégico y Planeación | C25: Planeación institucional | D25: =D24 -> Formular el Plan Anticorrupción y Atención al ciudadano 2021 - 2022 | E25: ='MIPG INSTITUCIONAL'!G31 -> Plan estratégico Institucional 2022 socializado | F25: INCREMENTO | G25: =COUNTIF(R25:U25,"x") -> 1 | H25: ='MIPG INSTITUCIONAL'!H31 -> 1 | I25: ='MIPG INSTITUCIONAL'!I31 -> 0 | J25: ='MIPG INSTITUCIONAL'!J31 -> 0 | K25: ='MIPG INSTITUCIONAL'!K31 -> 0 | L25: ='MIPG INSTITUCIONAL'!L31 -> 0 | O25: 1 | Q25: =_xlfn.IFNA(IF(_xlfn.IFS(F25="MANTENIMIENTO",SUM(M25:P25)/G25,F25="INCREMENTO",SUM(M25:P25))=H25,"SI",""),"") -> SI | R25: ='MIPG INSTITUCIONAL'!Q31 -> 0 | S25: ='MIPG INSTITUCIONAL'!R31 -> 0 | T25: ='MIPG INSTITUCIONAL'!S31 -> x | U25: ='MIPG INSTITUCIONAL'!T31 -> 0 | V25: =_xlfn.IFNA(_xlfn.IFS(AND(M25="",I25>0.001),"1",AND(M25>0.001,I25>0.001),"2",AND(M25>0.001,I25=0),"3"),"4") -> 4 | W25: =_xlfn.IFNA(_xlfn.IFS(AND(N25="",J25>0.001),"1",AND(N25>0.001,J25>0.001),"2",AND(N25>0.001,J25=0),"3"),"4") -> 4 | X25: =_xlfn.IFNA(_xlfn.IFS(AND(O25="",K25>0.001),"1",AND(O25>0.001,K25>0.001),"2",AND(O25>0.001,K25=0),"3"),"4") -> 3 | Y25: =_xlfn.IFNA(_xlfn.IFS(AND(P25="",L25>0.001),"1",AND(P25>0.001,L25>0.001),"2",AND(P25>0.001,L25=0),"3"),"4") -> 4 | Z25: =IF((IF(Tabla2[[#This Row],[Calculo1 ]]="1",_xlfn.IFS(W25="1",IF((J25/H25)>100%,100%,J25/H25),W25="2",IF((J25/N25)>100%,100%,J25/N25),W25="3","0%",W25="4","0")+Tabla2[[#This Row],[ III TRIM 20217]],_xlfn.IFS(W25="1",IF((J25/H25)>100%,100%,J25/H25),W25="2",IF((J25/N25)>100%,100%,J25/N25),W25="3","0%",W25="4","")))=100%,100%,(IF(Tabla2[[#This Row],[Calculo1 ]]="1",_xlfn.IFS(W25="1",IF((J25/H25)>100%,100%,J25/H25),W25="2",IF((J25/N25)>100%,100%,J25/N25),W25="3","0%",W25="4","0")+Tabla2[[#This Row],[ III TRIM 20217]],_xlfn.IFS(W25="1",IF((J25/H25)>100%,100%,J25/H25),W25="2",IF((J25/N25)>100%,100%,J25/N25),W25="3","0%",W25="4","")))) | AA25: =_xlfn.IFS(V25="1",IF((I25/H25)>100%,"100%",I25/H25),V25="2",IF((I25/M25)>100%,"100%",I25/M25),V25="3","0%",V25="4","") | AB25: =_xlfn.IFNA(INDEX(Hoja1!$C$3:$C$230,MATCH(Tabla2[[#This Row],[Calculo5]],Hoja1!$B$3:$B$230,0)),"") | AC25: =_xlfn.IFS(X25="1",IF((K25/J25)>100%,"100%",K25/J25),X25="2",IF((K25/O25)>100%,"100%",K25/O25),X25="3","0%",X25="4","") -> 0% | AD25: =_xlfn.IFS(Y25="1",IF((L25/K25)>100%,"100%",L25/K25),Y25="2",IF((L25/P25)>100%,"100%",L25/P25),Y25="3","0%",Y25="4","") | AE25: =IF(IF(F25="","ESPECÍFICAR TIPO DE META",_xlfn.IFNA(_xlfn.IFS(SUM(I25:L25)=0,0%,SUM(I25:L25)>0.001,(_xlfn.IFS(F25="INCREMENTO",SUM(I25:L25)/H25,F25="MANTENIMIENTO",SUM(I25:L25)/(H25*Tabla2[[#This Row],[N.X]])))),"ESPECÍFICAR TIPO DE META"))>1,"100%",IF(F25="","ESPECÍFICAR TIPO DE META",_xlfn.IFNA(_xlfn.IFS(SUM(I25:L25)=0,0%,SUM(I25:L25)>0.001,(_xlfn.IFS(F25="INCREMENTO",SUM(I25:L25)/H25,F25="MANTENIMIENTO",SUM(I25:L25)/(H25*Tabla2[[#This Row],[N.X]])))),"ESPECÍFICAR TIPO DE META"))) -> 0 | AF25: ='MIPG INSTITUCIONAL'!N31 -> 0 | AG25: ='MIPG INSTITUCIONAL'!O31 -> Talento Humano, Recursos Físicos y Tecnológicos | AH25: ='MIPG INSTITUCIONAL'!P31 -> Subdirección Técnica | AI25: ='MIPG INSTITUCIONAL'!P31 -> Subdirección Técnica
B26: Direccionamiento Estratégico y Planeación | C26: Planeación institucional | D26: =D25 -> Formular el Plan Anticorrupción y Atención al ciudadano 2021 - 2022 | E26: ='MIPG INSTITUCIONAL'!G32 -> Planes de mejoramiento formulados e implementados | F26: INCREMENTO | G26: =COUNTIF(R26:U26,"x") -> 1 | H26: ='MIPG INSTITUCIONAL'!H32 -> 1 | I26: ='MIPG INSTITUCIONAL'!I32 -> 0 | J26: ='MIPG INSTITUCIONAL'!J32 -> 0 | K26: ='MIPG INSTITUCIONAL'!K32 -> 0 | L26: ='MIPG INSTITUCIONAL'!L32 -> 0 | N26: 1 | Q26: =_xlfn.IFNA(IF(_xlfn.IFS(F26="MANTENIMIENTO",SUM(M26:P26)/G26,F26="INCREMENTO",SUM(M26:P26))=H26,"SI",""),"") -> SI | R26: ='MIPG INSTITUCIONAL'!Q32 -> 0 | S26: ='MIPG INSTITUCIONAL'!R32 -> x | T26: ='MIPG INSTITUCIONAL'!S32 -> 0 | U26: ='MIPG INSTITUCIONAL'!T32 -> 0 | V26: =_xlfn.IFNA(_xlfn.IFS(AND(M26="",I26>0.001),"1",AND(M26>0.001,I26>0.001),"2",AND(M26>0.001,I26=0),"3"),"4") -> 4 | W26: =_xlfn.IFNA(_xlfn.IFS(AND(N26="",J26>0.001),"1",AND(N26>0.001,J26>0.001),"2",AND(N26>0.001,J26=0),"3"),"4") -> 3 | X26: =_xlfn.IFNA(_xlfn.IFS(AND(O26="",K26>0.001),"1",AND(O26>0.001,K26>0.001),"2",AND(O26>0.001,K26=0),"3"),"4") -> 4 | Y26: =_xlfn.IFNA(_xlfn.IFS(AND(P26="",L26>0.001),"1",AND(P26>0.001,L26>0.001),"2",AND(P26>0.001,L26=0),"3"),"4") -> 4 | Z26: =IF((IF(Tabla2[[#This Row],[Calculo1 ]]="1",_xlfn.IFS(W26="1",IF((J26/H26)>100%,100%,J26/H26),W26="2",IF((J26/N26)>100%,100%,J26/N26),W26="3","0%",W26="4","0")+Tabla2[[#This Row],[ III TRIM 20217]],_xlfn.IFS(W26="1",IF((J26/H26)>100%,100%,J26/H26),W26="2",IF((J26/N26)>100%,100%,J26/N26),W26="3","0%",W26="4","")))=100%,100%,(IF(Tabla2[[#This Row],[Calculo1 ]]="1",_xlfn.IFS(W26="1",IF((J26/H26)>100%,100%,J26/H26),W26="2",IF((J26/N26)>100%,100%,J26/N26),W26="3","0%",W26="4","0")+Tabla2[[#This Row],[ III TRIM 20217]],_xlfn.IFS(W26="1",IF((J26/H26)>100%,100%,J26/H26),W26="2",IF((J26/N26)>100%,100%,J26/N26),W26="3","0%",W26="4","")))) -> 0% | AA26: =_xlfn.IFS(V26="1",IF((I26/H26)>100%,"100%",I26/H26),V26="2",IF((I26/M26)>100%,"100%",I26/M26),V26="3","0%",V26="4","") | AB26: =_xlfn.IFNA(INDEX(Hoja1!$C$3:$C$230,MATCH(Tabla2[[#This Row],[Calculo5]],Hoja1!$B$3:$B$230,0)),"") -> 1e-16 | AC26: =_xlfn.IFS(X26="1",IF((K26/J26)>100%,"100%",K26/J26),X26="2",IF((K26/O26)>100%,"100%",K26/O26),X26="3","0%",X26="4","") | AD26: =_xlfn.IFS(Y26="1",IF((L26/K26)>100%,"100%",L26/K26),Y26="2",IF((L26/P26)>100%,"100%",L26/P26),Y26="3","0%",Y26="4","") | AE26: =IF(IF(F26="","ESPECÍFICAR TIPO DE META",_xlfn.IFNA(_xlfn.IFS(SUM(I26:L26)=0,0%,SUM(I26:L26)>0.001,(_xlfn.IFS(F26="INCREMENTO",SUM(I26:L26)/H26,F26="MANTENIMIENTO",SUM(I26:L26)/(H26*Tabla2[[#This Row],[N.X]])))),"ESPECÍFICAR TIPO DE META"))>1,"100%",IF(F26="","ESPECÍFICAR TIPO DE META",_xlfn.IFNA(_xlfn.IFS(SUM(I26:L26)=0,0%,SUM(I26:L26)>0.001,(_xlfn.IFS(F26="INCREMENTO",SUM(I26:L26)/H26,F26="MANTENIMIENTO",SUM(I26:L26)/(H26*Tabla2[[#This Row],[N.X]])))),"ESPECÍFICAR TIPO DE META"))) -> 0 | AF26: ='MIPG INSTITUCIONAL'!N32 -> El instituto a la fecha presenta dos planes de mejoramiento, uno suscrito con la Contraloría Municipal y otro con la Oficina de Control Interno, a los cuales se está dando cumplimiento a las acciones de mejora. | AG26: ='MIPG INSTITUCIONAL'!O32 -> Talento Humano, Recursos Físicos y Tecnológicos | AH26: ='MIPG INSTITUCIONAL'!P32 -> Subdirección Técnica | AI26: ='MIPG INSTITUCIONAL'!P32 -> Subdirección Técnica
B27: Direccionamiento Estratégico y Planeación | C27: Planeación institucional | D27: =D26 -> Formular el Plan Anticorrupción y Atención al ciudadano 2021 - 2022 | E27: ='MIPG INSTITUCIONAL'!G33 -> Informe de monitoreo de la matriz de indicadores de gestión año 2021. | F27: INCREMENTO | G27: =COUNTIF(R27:U27,"x") -> 2 | H27: ='MIPG INSTITUCIONAL'!H33 -> 2 | I27: ='MIPG INSTITUCIONAL'!I33 -> 0 | J27: ='MIPG INSTITUCIONAL'!J33 -> 0 | K27: ='MIPG INSTITUCIONAL'!K33 -> 0 | L27: ='MIPG INSTITUCIONAL'!L33 -> 0 | M27: 1 | N27: 1 | Q27: =_xlfn.IFNA(IF(_xlfn.IFS(F27="MANTENIMIENTO",SUM(M27:P27)/G27,F27="INCREMENTO",SUM(M27:P27))=H27,"SI",""),"") -> SI | R27: ='MIPG INSTITUCIONAL'!Q33 -> x | S27: ='MIPG INSTITUCIONAL'!R33 -> x | T27: ='MIPG INSTITUCIONAL'!S33 -> 0 | U27: ='MIPG INSTITUCIONAL'!T33 -> 0 | V27: =_xlfn.IFNA(_xlfn.IFS(AND(M27="",I27>0.001),"1",AND(M27>0.001,I27>0.001),"2",AND(M27>0.001,I27=0),"3"),"4") -> 3 | W27: =_xlfn.IFNA(_xlfn.IFS(AND(N27="",J27>0.001),"1",AND(N27>0.001,J27>0.001),"2",AND(N27>0.001,J27=0),"3"),"4") -> 3 | X27: =_xlfn.IFNA(_xlfn.IFS(AND(O27="",K27>0.001),"1",AND(O27>0.001,K27>0.001),"2",AND(O27>0.001,K27=0),"3"),"4") -> 4 | Y27: =_xlfn.IFNA(_xlfn.IFS(AND(P27="",L27>0.001),"1",AND(P27>0.001,L27>0.001),"2",AND(P27>0.001,L27=0),"3"),"4") -> 4 | Z27: =IF((IF(Tabla2[[#This Row],[Calculo1 ]]="1",_xlfn.IFS(W27="1",IF((J27/H27)>100%,100%,J27/H27),W27="2",IF((J27/N27)>100%,100%,J27/N27),W27="3","0%",W27="4","0")+Tabla2[[#This Row],[ III TRIM 20217]],_xlfn.IFS(W27="1",IF((J27/H27)>100%,100%,J27/H27),W27="2",IF((J27/N27)>100%,100%,J27/N27),W27="3","0%",W27="4","")))=100%,100%,(IF(Tabla2[[#This Row],[Calculo1 ]]="1",_xlfn.IFS(W27="1",IF((J27/H27)>100%,100%,J27/H27),W27="2",IF((J27/N27)>100%,100%,J27/N27),W27="3","0%",W27="4","0")+Tabla2[[#This Row],[ III TRIM 20217]],_xlfn.IFS(W27="1",IF((J27/H27)>100%,100%,J27/H27),W27="2",IF((J27/N27)>100%,100%,J27/N27),W27="3","0%",W27="4","")))) -> 0% | AA27: =_xlfn.IFS(V27="1",IF((I27/H27)>100%,"100%",I27/H27),V27="2",IF((I27/M27)>100%,"100%",I27/M27),V27="3","0%",V27="4","") -> 0% | AB27: =_xlfn.IFNA(INDEX(Hoja1!$C$3:$C$230,MATCH(Tabla2[[#This Row],[Calculo5]],Hoja1!$B$3:$B$230,0)),"") -> 1e-16 | AC27: =_xlfn.IFS(X27="1",IF((K27/J27)>100%,"100%",K27/J27),X27="2",IF((K27/O27)>100%,"100%",K27/O27),X27="3","0%",X27="4","") | AD27: =_xlfn.IFS(Y27="1",IF((L27/K27)>100%,"100%",L27/K27),Y27="2",IF((L27/P27)>100%,"100%",L27/P27),Y27="3","0%",Y27="4","") | AE27: =IF(IF(F27="","ESPECÍFICAR TIPO DE META",_xlfn.IFNA(_xlfn.IFS(SUM(I27:L27)=0,0%,SUM(I27:L27)>0.001,(_xlfn.IFS(F27="INCREMENTO",SUM(I27:L27)/H27,F27="MANTENIMIENTO",SUM(I27:L27)/(H27*Tabla2[[#This Row],[N.X]])))),"ESPECÍFICAR TIPO DE META"))>1,"100%",IF(F27="","ESPECÍFICAR TIPO DE META",_xlfn.IFNA(_xlfn.IFS(SUM(I27:L27)=0,0%,SUM(I27:L27)>0.001,(_xlfn.IFS(F27="INCREMENTO",SUM(I27:L27)/H27,F27="MANTENIMIENTO",SUM(I27:L27)/(H27*Tabla2[[#This Row],[N.X]])))),"ESPECÍFICAR TIPO DE META"))) -> 0 | AF27: ='MIPG INSTITUCIONAL'!N33 -> Se realizó el informe de monitoreo de la matriz de indicadores de gestión por cada proceso con corte 30 de septiembre de 2021 y a corte de 30 de diciembre de 2021 | AG27: ='MIPG INSTITUCIONAL'!O33 -> Talento Humano, Recursos Físicos y Tecnológicos | AH27: ='MIPG INSTITUCIONAL'!P33 -> Subdirección Técnica | AI27: ='MIPG INSTITUCIONAL'!P33 -> Subdirección Técnica
B28: Direccionamiento Estratégico y Planeación | C28: Planeación institucional | D28: =D27 -> Formular el Plan Anticorrupción y Atención al ciudadano 2021 - 2022 | E28: ='MIPG INSTITUCIONAL'!G34 -> Informe de monitoreo matriz de indicadores de gestión año 2022 . | F28: INCREMENTO | G28: =COUNTIF(R28:U28,"x") -> 2 | H28: ='MIPG INSTITUCIONAL'!H34 -> 2 | I28: ='MIPG INSTITUCIONAL'!I34 -> 0 | J28: ='MIPG INSTITUCIONAL'!J34 -> 0 | K28: ='MIPG INSTITUCIONAL'!K34 -> 0 | L28: ='MIPG INSTITUCIONAL'!L34 -> 0 | O28: 1 | P28: 1 | Q28: =_xlfn.IFNA(IF(_xlfn.IFS(F28="MANTENIMIENTO",SUM(M28:P28)/G28,F28="INCREMENTO",SUM(M28:P28))=H28,"SI",""),"") -> SI | R28: ='MIPG INSTITUCIONAL'!Q34 -> 0 | S28: ='MIPG INSTITUCIONAL'!R34 -> 0 | T28: ='MIPG INSTITUCIONAL'!S34 -> x | U28: ='MIPG INSTITUCIONAL'!T34 -> x | V28: =_xlfn.IFNA(_xlfn.IFS(AND(M28="",I28>0.001),"1",AND(M28>0.001,I28>0.001),"2",AND(M28>0.001,I28=0),"3"),"4") -> 4 | W28: =_xlfn.IFNA(_xlfn.IFS(AND(N28="",J28>0.001),"1",AND(N28>0.001,J28>0.001),"2",AND(N28>0.001,J28=0),"3"),"4") -> 4 | X28: =_xlfn.IFNA(_xlfn.IFS(AND(O28="",K28>0.001),"1",AND(O28>0.001,K28>0.001),"2",AND(O28>0.001,K28=0),"3"),"4") -> 3 | Y28: =_xlfn.IFNA(_xlfn.IFS(AND(P28="",L28>0.001),"1",AND(P28>0.001,L28>0.001),"2",AND(P28>0.001,L28=0),"3"),"4") -> 3 | Z28: =IF((IF(Tabla2[[#This Row],[Calculo1 ]]="1",_xlfn.IFS(W28="1",IF((J28/H28)>100%,100%,J28/H28),W28="2",IF((J28/N28)>100%,100%,J28/N28),W28="3","0%",W28="4","0")+Tabla2[[#This Row],[ III TRIM 20217]],_xlfn.IFS(W28="1",IF((J28/H28)>100%,100%,J28/H28),W28="2",IF((J28/N28)>100%,100%,J28/N28),W28="3","0%",W28="4","")))=100%,100%,(IF(Tabla2[[#This Row],[Calculo1 ]]="1",_xlfn.IFS(W28="1",IF((J28/H28)>100%,100%,J28/H28),W28="2",IF((J28/N28)>100%,100%,J28/N28),W28="3","0%",W28="4","0")+Tabla2[[#This Row],[ III TRIM 20217]],_xlfn.IFS(W28="1",IF((J28/H28)>100%,100%,J28/H28),W28="2",IF((J28/N28)>100%,100%,J28/N28),W28="3","0%",W28="4","")))) | AA28: =_xlfn.IFS(V28="1",IF((I28/H28)>100%,"100%",I28/H28),V28="2",IF((I28/M28)>100%,"100%",I28/M28),V28="3","0%",V28="4","") | AB28: =_xlfn.IFNA(INDEX(Hoja1!$C$3:$C$230,MATCH(Tabla2[[#This Row],[Calculo5]],Hoja1!$B$3:$B$230,0)),"") | AC28: =_xlfn.IFS(X28="1",IF((K28/J28)>100%,"100%",K28/J28),X28="2",IF((K28/O28)>100%,"100%",K28/O28),X28="3","0%",X28="4","") -> 0% | AD28: =_xlfn.IFS(Y28="1",IF((L28/K28)>100%,"100%",L28/K28),Y28="2",IF((L28/P28)>100%,"100%",L28/P28),Y28="3","0%",Y28="4","") -> 0% | AE28: =IF(IF(F28="","ESPECÍFICAR TIPO DE META",_xlfn.IFNA(_xlfn.IFS(SUM(I28:L28)=0,0%,SUM(I28:L28)>0.001,(_xlfn.IFS(F28="INCREMENTO",SUM(I28:L28)/H28,F28="MANTENIMIENTO",SUM(I28:L28)/(H28*Tabla2[[#This Row],[N.X]])))),"ESPECÍFICAR TIPO DE META"))>1,"100%",IF(F28="","ESPECÍFICAR TIPO DE META",_xlfn.IFNA(_xlfn.IFS(SUM(I28:L28)=0,0%,SUM(I28:L28)>0.001,(_xlfn.IFS(F28="INCREMENTO",SUM(I28:L28)/H28,F28="MANTENIMIENTO",SUM(I28:L28)/(H28*Tabla2[[#This Row],[N.X]])))),"ESPECÍFICAR TIPO DE META"))) -> 0 | AF28: ='MIPG INSTITUCIONAL'!N34 -> 0 | AG28: ='MIPG INSTITUCIONAL'!O34 -> Talento Humano, Recursos Físicos y Tecnológicos | AH28: ='MIPG INSTITUCIONAL'!P34 -> Subdirección Técnica | AI28: ='MIPG INSTITUCIONAL'!P34 -> Subdirección Técnica
B29: Direccionamiento Estratégico y Planeación | C29: Planeación institucional | D29: =D28 -> Formular el Plan Anticorrupción y Atención al ciudadano 2021 - 2022 | E29: ='MIPG INSTITUCIONAL'!G35 -> Procedimientos contratación directa y mínima cuantía implementados de acuerdo a las guías y manuales de Colombia compra eficiente y SECOP Il | F29: INCREMENTO | G29: =COUNTIF(R29:U29,"x") -> 2 | H29: ='MIPG INSTITUCIONAL'!H35 -> 2 | I29: ='MIPG INSTITUCIONAL'!I35 -> 0 | J29: ='MIPG INSTITUCIONAL'!J35 -> 0 | K29: ='MIPG INSTITUCIONAL'!K35 -> 0 | L29: ='MIPG INSTITUCIONAL'!L35 -> 0 | N29: 1 | P29: 1 | Q29: =_xlfn.IFNA(IF(_xlfn.IFS(F29="MANTENIMIENTO",SUM(M29:P29)/G29,F29="INCREMENTO",SUM(M29:P29))=H29,"SI",""),"") -> SI | R29: ='MIPG INSTITUCIONAL'!Q35 -> 0 | S29: ='MIPG INSTITUCIONAL'!R35 -> x | T29: ='MIPG INSTITUCIONAL'!S35 -> 0 | U29: ='MIPG INSTITUCIONAL'!T35 -> x | V29: =_xlfn.IFNA(_xlfn.IFS(AND(M29="",I29>0.001),"1",AND(M29>0.001,I29>0.001),"2",AND(M29>0.001,I29=0),"3"),"4") -> 4 | W29: =_xlfn.IFNA(_xlfn.IFS(AND(N29="",J29>0.001),"1",AND(N29>0.001,J29>0.001),"2",AND(N29>0.001,J29=0),"3"),"4") -> 3 | X29: =_xlfn.IFNA(_xlfn.IFS(AND(O29="",K29>0.001),"1",AND(O29>0.001,K29>0.001),"2",AND(O29>0.001,K29=0),"3"),"4") -> 4 | Y29: =_xlfn.IFNA(_xlfn.IFS(AND(P29="",L29>0.001),"1",AND(P29>0.001,L29>0.001),"2",AND(P29>0.001,L29=0),"3"),"4") -> 3 | Z29: =IF((IF(Tabla2[[#This Row],[Calculo1 ]]="1",_xlfn.IFS(W29="1",IF((J29/H29)>100%,100%,J29/H29),W29="2",IF((J29/N29)>100%,100%,J29/N29),W29="3","0%",W29="4","0")+Tabla2[[#This Row],[ III TRIM 20217]],_xlfn.IFS(W29="1",IF((J29/H29)>100%,100%,J29/H29),W29="2",IF((J29/N29)>100%,100%,J29/N29),W29="3","0%",W29="4","")))=100%,100%,(IF(Tabla2[[#This Row],[Calculo1 ]]="1",_xlfn.IFS(W29="1",IF((J29/H29)>100%,100%,J29/H29),W29="2",IF((J29/N29)>100%,100%,J29/N29),W29="3","0%",W29="4","0")+Tabla2[[#This Row],[ III TRIM 20217]],_xlfn.IFS(W29="1",IF((J29/H29)>100%,100%,J29/H29),W29="2",IF((J29/N29)>100%,100%,J29/N29),W29="3","0%",W29="4","")))) -> 0% | AA29: =_xlfn.IFS(V29="1",IF((I29/H29)>100%,"100%",I29/H29),V29="2",IF((I29/M29)>100%,"100%",I29/M29),V29="3","0%",V29="4","") | AB29: =_xlfn.IFNA(INDEX(Hoja1!$C$3:$C$230,MATCH(Tabla2[[#This Row],[Calculo5]],Hoja1!$B$3:$B$230,0)),"") -> 1e-16 | AC29: =_xlfn.IFS(X29="1",IF((K29/J29)>100%,"100%",K29/J29),X29="2",IF((K29/O29)>100%,"100%",K29/O29),X29="3","0%",X29="4","") | AD29: =_xlfn.IFS(Y29="1",IF((L29/K29)>100%,"100%",L29/K29),Y29="2",IF((L29/P29)>100%,"100%",L29/P29),Y29="3","0%",Y29="4","") -> 0% | AE29: =IF(IF(F29="","ESPECÍFICAR TIPO DE META",_xlfn.IFNA(_xlfn.IFS(SUM(I29:L29)=0,0%,SUM(I29:L29)>0.001,(_xlfn.IFS(F29="INCREMENTO",SUM(I29:L29)/H29,F29="MANTENIMIENTO",SUM(I29:L29)/(H29*Tabla2[[#This Row],[N.X]])))),"ESPECÍFICAR TIPO DE META"))>1,"100%",IF(F29="","ESPECÍFICAR TIPO DE META",_xlfn.IFNA(_xlfn.IFS(SUM(I29:L29)=0,0%,SUM(I29:L29)>0.001,(_xlfn.IFS(F29="INCREMENTO",SUM(I29:L29)/H29,F29="MANTENIMIENTO",SUM(I29:L29)/(H29*Tabla2[[#This Row],[N.X]])))),"ESPECÍFICAR TIPO DE META"))) -> 0 | AF29: ='MIPG INSTITUCIONAL'!N35 -> Se han avanzado en los procedimientos de prestación de servicios, y publicación SECOP I y SECOP II | AG29: ='MIPG INSTITUCIONAL'!O35 -> Talento Humano, Recursos Físicos y Tecnológicos | AH29: ='MIPG INSTITUCIONAL'!P35 -> Jurídica | AI29: ='MIPG INSTITUCIONAL'!P35 -> Jurídica
B30: Direccionamiento Estratégico y Planeación | C30: Planeación institucional | D30: ='MIPG INSTITUCIONAL'!F36 -> Elaborar y mantener actualizado Plan anual de adquisiciones | E30: ='MIPG INSTITUCIONAL'!G36 -> Plan anual de adquisiones - PAA actualizado | F30: MANTENIMIENTO | G30: =COUNTIF(R30:U30,"x") -> 4 | H30: ='MIPG INSTITUCIONAL'!H36 -> 4 | I30: ='MIPG INSTITUCIONAL'!I36 -> 0 | J30: ='MIPG INSTITUCIONAL'!J36 -> 0 | K30: ='MIPG INSTITUCIONAL'!K36 -> 0 | L30: ='MIPG INSTITUCIONAL'!L36 -> 0 | M30: 1 | N30: 1 | O30: 1 | P30: 1 | Q30: =_xlfn.IFNA(IF(_xlfn.IFS(F30="MANTENIMIENTO",SUM(M30:P30)/G30,F30="INCREMENTO",SUM(M30:P30))=H30,"SI",""),"") | R30: ='MIPG INSTITUCIONAL'!Q36 -> x | S30: ='MIPG INSTITUCIONAL'!R36 -> x | T30: ='MIPG INSTITUCIONAL'!S36 -> x | U30: ='MIPG INSTITUCIONAL'!T36 -> x | V30: =_xlfn.IFNA(_xlfn.IFS(AND(M30="",I30>0.001),"1",AND(M30>0.001,I30>0.001),"2",AND(M30>0.001,I30=0),"3"),"4") -> 3 | W30: =_xlfn.IFNA(_xlfn.IFS(AND(N30="",J30>0.001),"1",AND(N30>0.001,J30>0.001),"2",AND(N30>0.001,J30=0),"3"),"4") -> 3 | X30: =_xlfn.IFNA(_xlfn.IFS(AND(O30="",K30>0.001),"1",AND(O30>0.001,K30>0.001),"2",AND(O30>0.001,K30=0),"3"),"4") -> 3 | Y30: =_xlfn.IFNA(_xlfn.IFS(AND(P30="",L30>0.001),"1",AND(P30>0.001,L30>0.001),"2",AND(P30>0.001,L30=0),"3"),"4") -> 3 | Z30: =IF((IF(Tabla2[[#This Row],[Calculo1 ]]="1",_xlfn.IFS(W30="1",IF((J30/H30)>100%,100%,J30/H30),W30="2",IF((J30/N30)>100%,100%,J30/N30),W30="3","0%",W30="4","0")+Tabla2[[#This Row],[ III TRIM 20217]],_xlfn.IFS(W30="1",IF((J30/H30)>100%,100%,J30/H30),W30="2",IF((J30/N30)>100%,100%,J30/N30),W30="3","0%",W30="4","")))=100%,100%,(IF(Tabla2[[#This Row],[Calculo1 ]]="1",_xlfn.IFS(W30="1",IF((J30/H30)>100%,100%,J30/H30),W30="2",IF((J30/N30)>100%,100%,J30/N30),W30="3","0%",W30="4","0")+Tabla2[[#This Row],[ III TRIM 20217]],_xlfn.IFS(W30="1",IF((J30/H30)>100%,100%,J30/H30),W30="2",IF((J30/N30)>100%,100%,J30/N30),W30="3","0%",W30="4","")))) -> 0% | AA30: =_xlfn.IFS(V30="1",IF((I30/H30)>100%,"100%",I30/H30),V30="2",IF((I30/M30)>100%,"100%",I30/M30),V30="3","0%",V30="4","") -> 0% | AB30: =_xlfn.IFNA(INDEX(Hoja1!$C$3:$C$230,MATCH(Tabla2[[#This Row],[Calculo5]],Hoja1!$B$3:$B$230,0)),"") -> 1e-16 | AC30: =_xlfn.IFS(X30="1",IF((K30/J30)>100%,"100%",K30/J30),X30="2",IF((K30/O30)>100%,"100%",K30/O30),X30="3","0%",X30="4","") -> 0% | AD30: =_xlfn.IFS(Y30="1",IF((L30/K30)>100%,"100%",L30/K30),Y30="2",IF((L30/P30)>100%,"100%",L30/P30),Y30="3","0%",Y30="4","") -> 0% | AE30: =IF(IF(F30="","ESPECÍFICAR TIPO DE META",_xlfn.IFNA(_xlfn.IFS(SUM(I30:L30)=0,0%,SUM(I30:L30)>0.001,(_xlfn.IFS(F30="INCREMENTO",SUM(I30:L30)/H30,F30="MANTENIMIENTO",SUM(I30:L30)/(H30*Tabla2[[#This Row],[N.X]])))),"ESPECÍFICAR TIPO DE META"))>1,"100%",IF(F30="","ESPECÍFICAR TIPO DE META",_xlfn.IFNA(_xlfn.IFS(SUM(I30:L30)=0,0%,SUM(I30:L30)>0.001,(_xlfn.IFS(F30="INCREMENTO",SUM(I30:L30)/H30,F30="MANTENIMIENTO",SUM(I30:L30)/(H30*Tabla2[[#This Row],[N.X]])))),"ESPECÍFICAR TIPO DE META"))) -> 0 | AF30: ='MIPG INSTITUCIONAL'!N36 -> Se adjunta resolución de actualización PAA- Plan Anual de adquisiciones | AG30: ='MIPG INSTITUCIONAL'!O36 -> Talento Humano, Recursos Físicos y Tecnológicos | AH30: ='MIPG INSTITUCIONAL'!P36 -> Subdirección Administrativa y Financiera | AI30: ='MIPG INSTITUCIONAL'!P36 -> Subdirección Administrativa y Financiera
B31: Direccionamiento Estratégico y Planeación | C31: Gestión presupuestal y eficiencia en el gasto público | D31: ='MIPG INSTITUCIONAL'!F37 -> Realizar seguimiento a la ejecución presupuestal acorde al Plan anual de adquisiones | E31: ='MIPG INSTITUCIONAL'!G37 -> Actas de comité de desempeño con seguimiento a la ejecución presupuestal | F31: INCREMENTO | G31: =COUNTIF(R31:U31,"x") -> 2 | H31: ='MIPG INSTITUCIONAL'!H37 -> 2 | I31: ='MIPG INSTITUCIONAL'!I37 -> 0 | J31: ='MIPG INSTITUCIONAL'!J37 -> 0 | K31: ='MIPG INSTITUCIONAL'!K37 -> 0 | L31: ='MIPG INSTITUCIONAL'!L37 -> 0 | N31: 1 | P31: 1 | Q31: =_xlfn.IFNA(IF(_xlfn.IFS(F31="MANTENIMIENTO",SUM(M31:P31)/G31,F31="INCREMENTO",SUM(M31:P31))=H31,"SI",""),"") -> SI | R31: ='MIPG INSTITUCIONAL'!Q37 -> 0 | S31: ='MIPG INSTITUCIONAL'!R37 -> x | T31: ='MIPG INSTITUCIONAL'!S37 -> 0 | U31: ='MIPG INSTITUCIONAL'!T37 -> x | V31: =_xlfn.IFNA(_xlfn.IFS(AND(M31="",I31>0.001),"1",AND(M31>0.001,I31>0.001),"2",AND(M31>0.001,I31=0),"3"),"4") -> 4 | W31: =_xlfn.IFNA(_xlfn.IFS(AND(N31="",J31>0.001),"1",AND(N31>0.001,J31>0.001),"2",AND(N31>0.001,J31=0),"3"),"4") -> 3 | X31: =_xlfn.IFNA(_xlfn.IFS(AND(O31="",K31>0.001),"1",AND(O31>0.001,K31>0.001),"2",AND(O31>0.001,K31=0),"3"),"4") -> 4 | Y31: =_xlfn.IFNA(_xlfn.IFS(AND(P31="",L31>0.001),"1",AND(P31>0.001,L31>0.001),"2",AND(P31>0.001,L31=0),"3"),"4") -> 3 | Z31: =IF((IF(Tabla2[[#This Row],[Calculo1 ]]="1",_xlfn.IFS(W31="1",IF((J31/H31)>100%,100%,J31/H31),W31="2",IF((J31/N31)>100%,100%,J31/N31),W31="3","0%",W31="4","0")+Tabla2[[#This Row],[ III TRIM 20217]],_xlfn.IFS(W31="1",IF((J31/H31)>100%,100%,J31/H31),W31="2",IF((J31/N31)>100%,100%,J31/N31),W31="3","0%",W31="4","")))=100%,100%,(IF(Tabla2[[#This Row],[Calculo1 ]]="1",_xlfn.IFS(W31="1",IF((J31/H31)>100%,100%,J31/H31),W31="2",IF((J31/N31)>100%,100%,J31/N31),W31="3","0%",W31="4","0")+Tabla2[[#This Row],[ III TRIM 20217]],_xlfn.IFS(W31="1",IF((J31/H31)>100%,100%,J31/H31),W31="2",IF((J31/N31)>100%,100%,J31/N31),W31="3","0%",W31="4","")))) -> 0% | AA31: =_xlfn.IFS(V31="1",IF((I31/H31)>100%,"100%",I31/H31),V31="2",IF((I31/M31)>100%,"100%",I31/M31),V31="3","0%",V31="4","") | AB31: =_xlfn.IFNA(INDEX(Hoja1!$C$3:$C$230,MATCH(Tabla2[[#This Row],[Calculo5]],Hoja1!$B$3:$B$230,0)),"") -> 1e-16 | AC31: =_xlfn.IFS(X31="1",IF((K31/J31)>100%,"100%",K31/J31),X31="2",IF((K31/O31)>100%,"100%",K31/O31),X31="3","0%",X31="4","") | AD31: =_xlfn.IFS(Y31="1",IF((L31/K31)>100%,"100%",L31/K31),Y31="2",IF((L31/P31)>100%,"100%",L31/P31),Y31="3","0%",Y31="4","") -> 0% | AE31: =IF(IF(F31="","ESPECÍFICAR TIPO DE META",_xlfn.IFNA(_xlfn.IFS(SUM(I31:L31)=0,0%,SUM(I31:L31)>0.001,(_xlfn.IFS(F31="INCREMENTO",SUM(I31:L31)/H31,F31="MANTENIMIENTO",SUM(I31:L31)/(H31*Tabla2[[#This Row],[N.X]])))),"ESPECÍFICAR TIPO DE META"))>1,"100%",IF(F31="","ESPECÍFICAR TIPO DE META",_xlfn.IFNA(_xlfn.IFS(SUM(I31:L31)=0,0%,SUM(I31:L31)>0.001,(_xlfn.IFS(F31="INCREMENTO",SUM(I31:L31)/H31,F31="MANTENIMIENTO",SUM(I31:L31)/(H31*Tabla2[[#This Row],[N.X]])))),"ESPECÍFICAR TIPO DE META"))) -> 0 | AF31: ='MIPG INSTITUCIONAL'!N37 -> 0 | AG31: ='MIPG INSTITUCIONAL'!O37 -> Talento Humano, Recursos Físicos y Tecnológicos | AH31: ='MIPG INSTITUCIONAL'!P37 -> Subdirección Administrativa y Financiera | AI31: ='MIPG INSTITUCIONAL'!P37 -> Subdirección Administrativa y Financiera
B32: Direccionamiento Estratégico y Planeación | C32: Gestión presupuestal y eficiencia en el gasto público | D32: ='MIPG INSTITUCIONAL'!F38 -> Realizar seguimiento al cumplimiento de la elaboración del programa mensualizado de caja año 2021 y 2022 | E32: ='MIPG INSTITUCIONAL'!G38 -> Seguimiento Programa Mensualizado de caja 2021 | F32: INCREMENTO | G32: =COUNTIF(R32:U32,"x") -> 2 | H32: ='MIPG INSTITUCIONAL'!H38 -> 6 | I32: ='MIPG INSTITUCIONAL'!I38 -> 0 | J32: ='MIPG INSTITUCIONAL'!J38 -> 0 | K32: ='MIPG INSTITUCIONAL'!K38 -> 0 | L32: ='MIPG INSTITUCIONAL'!L38 -> 0 | M32: 3 | N32: 3 | Q32: =_xlfn.IFNA(IF(_xlfn.IFS(F32="MANTENIMIENTO",SUM(M32:P32)/G32,F32="INCREMENTO",SUM(M32:P32))=H32,"SI",""),"") -> SI | R32: ='MIPG INSTITUCIONAL'!Q38 -> x | S32: ='MIPG INSTITUCIONAL'!R38 -> x | T32: ='MIPG INSTITUCIONAL'!S38 -> 0 | U32: ='MIPG INSTITUCIONAL'!T38 -> 0 | V32: =_xlfn.IFNA(_xlfn.IFS(AND(M32="",I32>0.001),"1",AND(M32>0.001,I32>0.001),"2",AND(M32>0.001,I32=0),"3"),"4") -> 3 | W32: =_xlfn.IFNA(_xlfn.IFS(AND(N32="",J32>0.001),"1",AND(N32>0.001,J32>0.001),"2",AND(N32>0.001,J32=0),"3"),"4") -> 3 | X32: =_xlfn.IFNA(_xlfn.IFS(AND(O32="",K32>0.001),"1",AND(O32>0.001,K32>0.001),"2",AND(O32>0.001,K32=0),"3"),"4") -> 4 | Y32: =_xlfn.IFNA(_xlfn.IFS(AND(P32="",L32>0.001),"1",AND(P32>0.001,L32>0.001),"2",AND(P32>0.001,L32=0),"3"),"4") -> 4 | Z32: =IF((IF(Tabla2[[#This Row],[Calculo1 ]]="1",_xlfn.IFS(W32="1",IF((J32/H32)>100%,100%,J32/H32),W32="2",IF((J32/N32)>100%,100%,J32/N32),W32="3","0%",W32="4","0")+Tabla2[[#This Row],[ III TRIM 20217]],_xlfn.IFS(W32="1",IF((J32/H32)>100%,100%,J32/H32),W32="2",IF((J32/N32)>100%,100%,J32/N32),W32="3","0%",W32="4","")))=100%,100%,(IF(Tabla2[[#This Row],[Calculo1 ]]="1",_xlfn.IFS(W32="1",IF((J32/H32)>100%,100%,J32/H32),W32="2",IF((J32/N32)>100%,100%,J32/N32),W32="3","0%",W32="4","0")+Tabla2[[#This Row],[ III TRIM 20217]],_xlfn.IFS(W32="1",IF((J32/H32)>100%,100%,J32/H32),W32="2",IF((J32/N32)>100%,100%,J32/N32),W32="3","0%",W32="4","")))) -> 0% | AA32: =_xlfn.IFS(V32="1",IF((I32/H32)>100%,"100%",I32/H32),V32="2",IF((I32/M32)>100%,"100%",I32/M32),V32="3","0%",V32="4","") -> 0% | AB32: =_xlfn.IFNA(INDEX(Hoja1!$C$3:$C$230,MATCH(Tabla2[[#This Row],[Calculo5]],Hoja1!$B$3:$B$230,0)),"") -> 1e-16 | AC32: =_xlfn.IFS(X32="1",IF((K32/J32)>100%,"100%",K32/J32),X32="2",IF((K32/O32)>100%,"100%",K32/O32),X32="3","0%",X32="4","") | AD32: =_xlfn.IFS(Y32="1",IF((L32/K32)>100%,"100%",L32/K32),Y32="2",IF((L32/P32)>100%,"100%",L32/P32),Y32="3","0%",Y32="4","") | AE32: =IF(IF(F32="","ESPECÍFICAR TIPO DE META",_xlfn.IFNA(_xlfn.IFS(SUM(I32:L32)=0,0%,SUM(I32:L32)>0.001,(_xlfn.IFS(F32="INCREMENTO",SUM(I32:L32)/H32,F32="MANTENIMIENTO",SUM(I32:L32)/(H32*Tabla2[[#This Row],[N.X]])))),"ESPECÍFICAR TIPO DE META"))>1,"100%",IF(F32="","ESPECÍFICAR TIPO DE META",_xlfn.IFNA(_xlfn.IFS(SUM(I32:L32)=0,0%,SUM(I32:L32)>0.001,(_xlfn.IFS(F32="INCREMENTO",SUM(I32:L32)/H32,F32="MANTENIMIENTO",SUM(I32:L32)/(H32*Tabla2[[#This Row],[N.X]])))),"ESPECÍFICAR TIPO DE META"))) -> 0 | AF32: ='MIPG INSTITUCIONAL'!N38 -> Se tienen como evidencias los programas mensualizados de caja | AG32: ='MIPG INSTITUCIONAL'!O38 -> Talento Humano, Recursos Físicos y Tecnológicos | AH32: ='MIPG INSTITUCIONAL'!P38 -> Subdirección Administrativa y Financiera | AI32: ='MIPG INSTITUCIONAL'!P38 -> Subdirección Administrativa y Financiera
B33: Direccionamiento Estratégico y Planeación | C33: Gestión presupuestal y eficiencia en el gasto público | D33: =D32 -> Realizar seguimiento al cumplimiento de la elaboración del programa mensualizado de caja año 2021 y 2022 | E33: ='MIPG INSTITUCIONAL'!G39 -> Seguimiento Programa Mensualizado de caja 2022 | F33: INCREMENTO | G33: =COUNTIF(R33:U33,"x") -> 2 | H33: ='MIPG INSTITUCIONAL'!H39 -> 6 | I33: ='MIPG INSTITUCIONAL'!I39 -> 0 | J33: ='MIPG INSTITUCIONAL'!J39 -> 0 | K33: ='MIPG INSTITUCIONAL'!K39 -> 0 | L33: ='MIPG INSTITUCIONAL'!L39 -> 0 | O33: 3 | P33: 3 | Q33: =_xlfn.IFNA(IF(_xlfn.IFS(F33="MANTENIMIENTO",SUM(M33:P33)/G33,F33="INCREMENTO",SUM(M33:P33))=H33,"SI",""),"") -> SI | R33: ='MIPG INSTITUCIONAL'!Q39 -> 0 | S33: ='MIPG INSTITUCIONAL'!R39 -> 0 | T33: ='MIPG INSTITUCIONAL'!S39 -> x | U33: ='MIPG INSTITUCIONAL'!T39 -> x | V33: =_xlfn.IFNA(_xlfn.IFS(AND(M33="",I33>0.001),"1",AND(M33>0.001,I33>0.001),"2",AND(M33>0.001,I33=0),"3"),"4") -> 4 | W33: =_xlfn.IFNA(_xlfn.IFS(AND(N33="",J33>0.001),"1",AND(N33>0.001,J33>0.001),"2",AND(N33>0.001,J33=0),"3"),"4") -> 4 | X33: =_xlfn.IFNA(_xlfn.IFS(AND(O33="",K33>0.001),"1",AND(O33>0.001,K33>0.001),"2",AND(O33>0.001,K33=0),"3"),"4") -> 3 | Y33: =_xlfn.IFNA(_xlfn.IFS(AND(P33="",L33>0.001),"1",AND(P33>0.001,L33>0.001),"2",AND(P33>0.001,L33=0),"3"),"4") -> 3 | Z33: =IF((IF(Tabla2[[#This Row],[Calculo1 ]]="1",_xlfn.IFS(W33="1",IF((J33/H33)>100%,100%,J33/H33),W33="2",IF((J33/N33)>100%,100%,J33/N33),W33="3","0%",W33="4","0")+Tabla2[[#This Row],[ III TRIM 20217]],_xlfn.IFS(W33="1",IF((J33/H33)>100%,100%,J33/H33),W33="2",IF((J33/N33)>100%,100%,J33/N33),W33="3","0%",W33="4","")))=100%,100%,(IF(Tabla2[[#This Row],[Calculo1 ]]="1",_xlfn.IFS(W33="1",IF((J33/H33)>100%,100%,J33/H33),W33="2",IF((J33/N33)>100%,100%,J33/N33),W33="3","0%",W33="4","0")+Tabla2[[#This Row],[ III TRIM 20217]],_xlfn.IFS(W33="1",IF((J33/H33)>100%,100%,J33/H33),W33="2",IF((J33/N33)>100%,100%,J33/N33),W33="3","0%",W33="4","")))) | AA33: =_xlfn.IFS(V33="1",IF((I33/H33)>100%,"100%",I33/H33),V33="2",IF((I33/M33)>100%,"100%",I33/M33),V33="3","0%",V33="4","") | AB33: =_xlfn.IFNA(INDEX(Hoja1!$C$3:$C$230,MATCH(Tabla2[[#This Row],[Calculo5]],Hoja1!$B$3:$B$230,0)),"") | AC33: =_xlfn.IFS(X33="1",IF((K33/J33)>100%,"100%",K33/J33),X33="2",IF((K33/O33)>100%,"100%",K33/O33),X33="3","0%",X33="4","") -> 0% | AD33: =_xlfn.IFS(Y33="1",IF((L33/K33)>100%,"100%",L33/K33),Y33="2",IF((L33/P33)>100%,"100%",L33/P33),Y33="3","0%",Y33="4","") -> 0% | AE33: =IF(IF(F33="","ESPECÍFICAR TIPO DE META",_xlfn.IFNA(_xlfn.IFS(SUM(I33:L33)=0,0%,SUM(I33:L33)>0.001,(_xlfn.IFS(F33="INCREMENTO",SUM(I33:L33)/H33,F33="MANTENIMIENTO",SUM(I33:L33)/(H33*Tabla2[[#This Row],[N.X]])))),"ESPECÍFICAR TIPO DE META"))>1,"100%",IF(F33="","ESPECÍFICAR TIPO DE META",_xlfn.IFNA(_xlfn.IFS(SUM(I33:L33)=0,0%,SUM(I33:L33)>0.001,(_xlfn.IFS(F33="INCREMENTO",SUM(I33:L33)/H33,F33="MANTENIMIENTO",SUM(I33:L33)/(H33*Tabla2[[#This Row],[N.X]])))),"ESPECÍFICAR TIPO DE META"))) -> 0 | AF33: ='MIPG INSTITUCIONAL'!N39 -> 0 | AG33: ='MIPG INSTITUCIONAL'!O39 -> Talento Humano, Recursos Físicos y Tecnológicos | AH33: ='MIPG INSTITUCIONAL'!P39 -> Subdirección Administrativa y Financiera | AI33: ='MIPG INSTITUCIONAL'!P39 -> Subdirección Administrativa y Financiera
B34: Direccionamiento Estratégico y Planeación | C34: Gestión presupuestal y eficiencia en el gasto público | D34: ='MIPG INSTITUCIONAL'!F40 -> Implementar mejoras continuas al Sistema Integrado de Gestión de calidad | E34: ='MIPG INSTITUCIONAL'!G40 -> Procedimientos y formatos actualizados | F34: MANTENIMIENTO | G34: =COUNTIF(R34:U34,"x") -> 2 | H34: ='MIPG INSTITUCIONAL'!H40 -> 1 | I34: ='MIPG INSTITUCIONAL'!I40 -> 0 | J34: ='MIPG INSTITUCIONAL'!J40 -> 0 | K34: ='MIPG INSTITUCIONAL'!K40 -> 0 | L34: ='MIPG INSTITUCIONAL'!L40 -> 0 | N34: 1 | P34: 1 | Q34: =_xlfn.IFNA(IF(_xlfn.IFS(F34="MANTENIMIENTO",SUM(M34:P34)/G34,F34="INCREMENTO",SUM(M34:P34))=H34,"SI",""),"") -> SI | R34: ='MIPG INSTITUCIONAL'!Q40 -> 0 | S34: ='MIPG INSTITUCIONAL'!R40 -> x | T34: ='MIPG INSTITUCIONAL'!S40 -> 0 | U34: ='MIPG INSTITUCIONAL'!T40 -> x | V34: =_xlfn.IFNA(_xlfn.IFS(AND(M34="",I34>0.001),"1",AND(M34>0.001,I34>0.001),"2",AND(M34>0.001,I34=0),"3"),"4") -> 4 | W34: =_xlfn.IFNA(_xlfn.IFS(AND(N34="",J34>0.001),"1",AND(N34>0.001,J34>0.001),"2",AND(N34>0.001,J34=0),"3"),"4") -> 3 | X34: =_xlfn.IFNA(_xlfn.IFS(AND(O34="",K34>0.001),"1",AND(O34>0.001,K34>0.001),"2",AND(O34>0.001,K34=0),"3"),"4") -> 4 | Y34: =_xlfn.IFNA(_xlfn.IFS(AND(P34="",L34>0.001),"1",AND(P34>0.001,L34>0.001),"2",AND(P34>0.001,L34=0),"3"),"4") -> 3 | Z34: =IF((IF(Tabla2[[#This Row],[Calculo1 ]]="1",_xlfn.IFS(W34="1",IF((J34/H34)>100%,100%,J34/H34),W34="2",IF((J34/N34)>100%,100%,J34/N34),W34="3","0%",W34="4","0")+Tabla2[[#This Row],[ III TRIM 20217]],_xlfn.IFS(W34="1",IF((J34/H34)>100%,100%,J34/H34),W34="2",IF((J34/N34)>100%,100%,J34/N34),W34="3","0%",W34="4","")))=100%,100%,(IF(Tabla2[[#This Row],[Calculo1 ]]="1",_xlfn.IFS(W34="1",IF((J34/H34)>100%,100%,J34/H34),W34="2",IF((J34/N34)>100%,100%,J34/N34),W34="3","0%",W34="4","0")+Tabla2[[#This Row],[ III TRIM 20217]],_xlfn.IFS(W34="1",IF((J34/H34)>100%,100%,J34/H34),W34="2",IF((J34/N34)>100%,100%,J34/N34),W34="3","0%",W34="4","")))) -> 0% | AA34: =_xlfn.IFS(V34="1",IF((I34/H34)>100%,"100%",I34/H34),V34="2",IF((I34/M34)>100%,"100%",I34/M34),V34="3","0%",V34="4","") | AB34: =_xlfn.IFNA(INDEX(Hoja1!$C$3:$C$230,MATCH(Tabla2[[#This Row],[Calculo5]],Hoja1!$B$3:$B$230,0)),"") -> 1e-16 | AC34: =_xlfn.IFS(X34="1",IF((K34/J34)>100%,"100%",K34/J34),X34="2",IF((K34/O34)>100%,"100%",K34/O34),X34="3","0%",X34="4","") | AD34: =_xlfn.IFS(Y34="1",IF((L34/K34)>100%,"100%",L34/K34),Y34="2",IF((L34/P34)>100%,"100%",L34/P34),Y34="3","0%",Y34="4","") -> 0% | AE34: =IF(IF(F34="","ESPECÍFICAR TIPO DE META",_xlfn.IFNA(_xlfn.IFS(SUM(I34:L34)=0,0%,SUM(I34:L34)>0.001,(_xlfn.IFS(F34="INCREMENTO",SUM(I34:L34)/H34,F34="MANTENIMIENTO",SUM(I34:L34)/(H34*Tabla2[[#This Row],[N.X]])))),"ESPECÍFICAR TIPO DE META"))>1,"100%",IF(F34="","ESPECÍFICAR TIPO DE META",_xlfn.IFNA(_xlfn.IFS(SUM(I34:L34)=0,0%,SUM(I34:L34)>0.001,(_xlfn.IFS(F34="INCREMENTO",SUM(I34:L34)/H34,F34="MANTENIMIENTO",SUM(I34:L34)/(H34*Tabla2[[#This Row],[N.X]])))),"ESPECÍFICAR TIPO DE META"))) -> 0 | AF34: ='MIPG INSTITUCIONAL'!N40 -> Se tiene como evidencia acta de comité MIPG de los procedimientos actualizados | AG34: ='MIPG INSTITUCIONAL'!O40 -> Talento Humano, Recursos Físicos y Tecnológicos | AH34: ='MIPG INSTITUCIONAL'!P40 -> Subdirección Técnica | AI34: ='MIPG INSTITUCIONAL'!P40 -> Subdirección Técnica
B35: Gestión con valores para resultados | C35: Fortalecimiento organizacional y simplificación de procesos | D35: ='MIPG INSTITUCIONAL'!F41 -> Actualizar y ajustar el Manual de funciones conforme al Decreto 1083 de 2015, Decreto 815 de 2018, la Ley 1955 de 2019 y al Decreto 2365 de 2019, decreto 989 de 2020 | E35: ='MIPG INSTITUCIONAL'!G41 -> Manual de funciones actualizado | F35: INCREMENTO | G35: =COUNTIF(R35:U35,"x") -> 1 | H35: ='MIPG INSTITUCIONAL'!H41 -> 1 | I35: ='MIPG INSTITUCIONAL'!I41 -> 0 | J35: ='MIPG INSTITUCIONAL'!J41 -> 0 | K35: ='MIPG INSTITUCIONAL'!K41 -> 0 | L35: ='MIPG INSTITUCIONAL'!L41 -> 0 | N35: 1 | Q35: =_xlfn.IFNA(IF(_xlfn.IFS(F35="MANTENIMIENTO",SUM(M35:P35)/G35,F35="INCREMENTO",SUM(M35:P35))=H35,"SI",""),"") -> SI | R35: ='MIPG INSTITUCIONAL'!Q41 -> 0 | S35: ='MIPG INSTITUCIONAL'!R41 -> x | T35: ='MIPG INSTITUCIONAL'!S41 -> 0 | U35: ='MIPG INSTITUCIONAL'!T41 -> 0 | V35: =_xlfn.IFNA(_xlfn.IFS(AND(M35="",I35>0.001),"1",AND(M35>0.001,I35>0.001),"2",AND(M35>0.001,I35=0),"3"),"4") -> 4 | W35: =_xlfn.IFNA(_xlfn.IFS(AND(N35="",J35>0.001),"1",AND(N35>0.001,J35>0.001),"2",AND(N35>0.001,J35=0),"3"),"4") -> 3 | X35: =_xlfn.IFNA(_xlfn.IFS(AND(O35="",K35>0.001),"1",AND(O35>0.001,K35>0.001),"2",AND(O35>0.001,K35=0),"3"),"4") -> 4 | Y35: =_xlfn.IFNA(_xlfn.IFS(AND(P35="",L35>0.001),"1",AND(P35>0.001,L35>0.001),"2",AND(P35>0.001,L35=0),"3"),"4") -> 4 | Z35: =IF((IF(Tabla2[[#This Row],[Calculo1 ]]="1",_xlfn.IFS(W35="1",IF((J35/H35)>100%,100%,J35/H35),W35="2",IF((J35/N35)>100%,100%,J35/N35),W35="3","0%",W35="4","0")+Tabla2[[#This Row],[ III TRIM 20217]],_xlfn.IFS(W35="1",IF((J35/H35)>100%,100%,J35/H35),W35="2",IF((J35/N35)>100%,100%,J35/N35),W35="3","0%",W35="4","")))=100%,100%,(IF(Tabla2[[#This Row],[Calculo1 ]]="1",_xlfn.IFS(W35="1",IF((J35/H35)>100%,100%,J35/H35),W35="2",IF((J35/N35)>100%,100%,J35/N35),W35="3","0%",W35="4","0")+Tabla2[[#This Row],[ III TRIM 20217]],_xlfn.IFS(W35="1",IF((J35/H35)>100%,100%,J35/H35),W35="2",IF((J35/N35)>100%,100%,J35/N35),W35="3","0%",W35="4","")))) -> 0% | AA35: =_xlfn.IFS(V35="1",IF((I35/H35)>100%,"100%",I35/H35),V35="2",IF((I35/M35)>100%,"100%",I35/M35),V35="3","0%",V35="4","") | AB35: =_xlfn.IFNA(INDEX(Hoja1!$C$3:$C$230,MATCH(Tabla2[[#This Row],[Calculo5]],Hoja1!$B$3:$B$230,0)),"") -> 1e-16 | AC35: =_xlfn.IFS(X35="1",IF((K35/J35)>100%,"100%",K35/J35),X35="2",IF((K35/O35)>100%,"100%",K35/O35),X35="3","0%",X35="4","") | AD35: =_xlfn.IFS(Y35="1",IF((L35/K35)>100%,"100%",L35/K35),Y35="2",IF((L35/P35)>100%,"100%",L35/P35),Y35="3","0%",Y35="4","") | AE35: =IF(IF(F35="","ESPECÍFICAR TIPO DE META",_xlfn.IFNA(_xlfn.IFS(SUM(I35:L35)=0,0%,SUM(I35:L35)>0.001,(_xlfn.IFS(F35="INCREMENTO",SUM(I35:L35)/H35,F35="MANTENIMIENTO",SUM(I35:L35)/(H35*Tabla2[[#This Row],[N.X]])))),"ESPECÍFICAR TIPO DE META"))>1,"100%",IF(F35="","ESPECÍFICAR TIPO DE META",_xlfn.IFNA(_xlfn.IFS(SUM(I35:L35)=0,0%,SUM(I35:L35)>0.001,(_xlfn.IFS(F35="INCREMENTO",SUM(I35:L35)/H35,F35="MANTENIMIENTO",SUM(I35:L35)/(H35*Tabla2[[#This Row],[N.X]])))),"ESPECÍFICAR TIPO DE META"))) -> 0 | AF35: ='MIPG INSTITUCIONAL'!N41 -> Se realizó la actualización y se encuentra en revisión de funciones y responsabilidades por cada uno de los funcionarios , el cargo de Control Interno ya se aprobó para llevar Consejo Directivo. | AG35: ='MIPG INSTITUCIONAL'!O41 -> Talento Humano, Recursos Físicos y Tecnológicos | AH35: ='MIPG INSTITUCIONAL'!P41 -> Subdirección Administrativa y Financiera | AI35: ='MIPG INSTITUCIONAL'!P41 -> Subdirección Administrativa y Financiera
B36: Gestión con valores para resultados | C36: Fortalecimiento organizacional y simplificación de procesos | D36: ='MIPG INSTITUCIONAL'!F42 -> Implementar plan de mantenimiento preventivo de equipos | E36: ='MIPG INSTITUCIONAL'!G42 -> Plan de mantenimientos preventivo implementado | F36: INCREMENTO | G36: =COUNTIF(R36:U36,"x") -> 1 | H36: ='MIPG INSTITUCIONAL'!H42 -> 1 | I36: ='MIPG INSTITUCIONAL'!I42 -> 0 | J36: ='MIPG INSTITUCIONAL'!J42 -> 0 | K36: ='MIPG INSTITUCIONAL'!K42 -> 0 | L36: ='MIPG INSTITUCIONAL'!L42 -> 0 | N36: 1 | Q36: =_xlfn.IFNA(IF(_xlfn.IFS(F36="MANTENIMIENTO",SUM(M36:P36)/G36,F36="INCREMENTO",SUM(M36:P36))=H36,"SI",""),"") -> SI | R36: ='MIPG INSTITUCIONAL'!Q42 -> 0 | S36: ='MIPG INSTITUCIONAL'!R42 -> x | T36: ='MIPG INSTITUCIONAL'!S42 -> 0 | U36: ='MIPG INSTITUCIONAL'!T42 -> 0 | V36: =_xlfn.IFNA(_xlfn.IFS(AND(M36="",I36>0.001),"1",AND(M36>0.001,I36>0.001),"2",AND(M36>0.001,I36=0),"3"),"4") -> 4 | W36: =_xlfn.IFNA(_xlfn.IFS(AND(N36="",J36>0.001),"1",AND(N36>0.001,J36>0.001),"2",AND(N36>0.001,J36=0),"3"),"4") -> 3 | X36: =_xlfn.IFNA(_xlfn.IFS(AND(O36="",K36>0.001),"1",AND(O36>0.001,K36>0.001),"2",AND(O36>0.001,K36=0),"3"),"4") -> 4 | Y36: =_xlfn.IFNA(_xlfn.IFS(AND(P36="",L36>0.001),"1",AND(P36>0.001,L36>0.001),"2",AND(P36>0.001,L36=0),"3"),"4") -> 4 | Z36: =IF((IF(Tabla2[[#This Row],[Calculo1 ]]="1",_xlfn.IFS(W36="1",IF((J36/H36)>100%,100%,J36/H36),W36="2",IF((J36/N36)>100%,100%,J36/N36),W36="3","0%",W36="4","0")+Tabla2[[#This Row],[ III TRIM 20217]],_xlfn.IFS(W36="1",IF((J36/H36)>100%,100%,J36/H36),W36="2",IF((J36/N36)>100%,100%,J36/N36),W36="3","0%",W36="4","")))=100%,100%,(IF(Tabla2[[#This Row],[Calculo1 ]]="1",_xlfn.IFS(W36="1",IF((J36/H36)>100%,100%,J36/H36),W36="2",IF((J36/N36)>100%,100%,J36/N36),W36="3","0%",W36="4","0")+Tabla2[[#This Row],[ III TRIM 20217]],_xlfn.IFS(W36="1",IF((J36/H36)>100%,100%,J36/H36),W36="2",IF((J36/N36)>100%,100%,J36/N36),W36="3","0%",W36="4","")))) -> 0% | AA36: =_xlfn.IFS(V36="1",IF((I36/H36)>100%,"100%",I36/H36),V36="2",IF((I36/M36)>100%,"100%",I36/M36),V36="3","0%",V36="4","") | AB36: =_xlfn.IFNA(INDEX(Hoja1!$C$3:$C$230,MATCH(Tabla2[[#This Row],[Calculo5]],Hoja1!$B$3:$B$230,0)),"") -> 1e-16 | AC36: =_xlfn.IFS(X36="1",IF((K36/J36)>100%,"100%",K36/J36),X36="2",IF((K36/O36)>100%,"100%",K36/O36),X36="3","0%",X36="4","") | AD36: =_xlfn.IFS(Y36="1",IF((L36/K36)>100%,"100%",L36/K36),Y36="2",IF((L36/P36)>100%,"100%",L36/P36),Y36="3","0%",Y36="4","") | AE36: =IF(IF(F36="","ESPECÍFICAR TIPO DE META",_xlfn.IFNA(_xlfn.IFS(SUM(I36:L36)=0,0%,SUM(I36:L36)>0.001,(_xlfn.IFS(F36="INCREMENTO",SUM(I36:L36)/H36,F36="MANTENIMIENTO",SUM(I36:L36)/(H36*Tabla2[[#This Row],[N.X]])))),"ESPECÍFICAR TIPO DE META"))>1,"100%",IF(F36="","ESPECÍFICAR TIPO DE META",_xlfn.IFNA(_xlfn.IFS(SUM(I36:L36)=0,0%,SUM(I36:L36)>0.001,(_xlfn.IFS(F36="INCREMENTO",SUM(I36:L36)/H36,F36="MANTENIMIENTO",SUM(I36:L36)/(H36*Tabla2[[#This Row],[N.X]])))),"ESPECÍFICAR TIPO DE META"))) -> 0 | AF36: ='MIPG INSTITUCIONAL'!N42 -> Se llevo a cabo el mantenimiento preventivo de los equipos tecnológicos del IMEBU, y actualización de hojas de vida de los equipos. | AG36: ='MIPG INSTITUCIONAL'!O42 -> Talento Humano, Recursos Físicos y Tecnológicos | AH36: ='MIPG INSTITUCIONAL'!P42 -> Subdirección Administrativa y Financiera | AI36: ='MIPG INSTITUCIONAL'!P42 -> Subdirección Administrativa y Financiera
B37: Gestión con valores para resultados | C37: Fortalecimiento organizacional y simplificación de procesos | D37: ='MIPG INSTITUCIONAL'!F43 -> Actualizar los inventarios de la entidad. | E37: ='MIPG INSTITUCIONAL'!G43 -> Inventario de la entidad actualizado. | F37: INCREMENTO | G37: =COUNTIF(R37:U37,"x") -> 1 | H37: ='MIPG INSTITUCIONAL'!H43 -> 1 | I37: ='MIPG INSTITUCIONAL'!I43 -> 0 | J37: ='MIPG INSTITUCIONAL'!J43 -> 0 | K37: ='MIPG INSTITUCIONAL'!K43 -> 0 | L37: ='MIPG INSTITUCIONAL'!L43 -> 0 | N37: 1 | Q37: =_xlfn.IFNA(IF(_xlfn.IFS(F37="MANTENIMIENTO",SUM(M37:P37)/G37,F37="INCREMENTO",SUM(M37:P37))=H37,"SI",""),"") -> SI | R37: ='MIPG INSTITUCIONAL'!Q43 -> 0 | S37: ='MIPG INSTITUCIONAL'!R43 -> x | T37: ='MIPG INSTITUCIONAL'!S43 -> 0 | U37: ='MIPG INSTITUCIONAL'!T43 -> 0 | V37: =_xlfn.IFNA(_xlfn.IFS(AND(M37="",I37>0.001),"1",AND(M37>0.001,I37>0.001),"2",AND(M37>0.001,I37=0),"3"),"4") -> 4 | W37: =_xlfn.IFNA(_xlfn.IFS(AND(N37="",J37>0.001),"1",AND(N37>0.001,J37>0.001),"2",AND(N37>0.001,J37=0),"3"),"4") -> 3 | X37: =_xlfn.IFNA(_xlfn.IFS(AND(O37="",K37>0.001),"1",AND(O37>0.001,K37>0.001),"2",AND(O37>0.001,K37=0),"3"),"4") -> 4 | Y37: =_xlfn.IFNA(_xlfn.IFS(AND(P37="",L37>0.001),"1",AND(P37>0.001,L37>0.001),"2",AND(P37>0.001,L37=0),"3"),"4") -> 4 | Z37: =IF((IF(Tabla2[[#This Row],[Calculo1 ]]="1",_xlfn.IFS(W37="1",IF((J37/H37)>100%,100%,J37/H37),W37="2",IF((J37/N37)>100%,100%,J37/N37),W37="3","0%",W37="4","0")+Tabla2[[#This Row],[ III TRIM 20217]],_xlfn.IFS(W37="1",IF((J37/H37)>100%,100%,J37/H37),W37="2",IF((J37/N37)>100%,100%,J37/N37),W37="3","0%",W37="4","")))=100%,100%,(IF(Tabla2[[#This Row],[Calculo1 ]]="1",_xlfn.IFS(W37="1",IF((J37/H37)>100%,100%,J37/H37),W37="2",IF((J37/N37)>100%,100%,J37/N37),W37="3","0%",W37="4","0")+Tabla2[[#This Row],[ III TRIM 20217]],_xlfn.IFS(W37="1",IF((J37/H37)>100%,100%,J37/H37),W37="2",IF((J37/N37)>100%,100%,J37/N37),W37="3","0%",W37="4","")))) -> 0% | AA37: =_xlfn.IFS(V37="1",IF((I37/H37)>100%,"100%",I37/H37),V37="2",IF((I37/M37)>100%,"100%",I37/M37),V37="3","0%",V37="4","") | AB37: =_xlfn.IFNA(INDEX(Hoja1!$C$3:$C$230,MATCH(Tabla2[[#This Row],[Calculo5]],Hoja1!$B$3:$B$230,0)),"") -> 1e-16 | AC37: =_xlfn.IFS(X37="1",IF((K37/J37)>100%,"100%",K37/J37),X37="2",IF((K37/O37)>100%,"100%",K37/O37),X37="3","0%",X37="4","") | AD37: =_xlfn.IFS(Y37="1",IF((L37/K37)>100%,"100%",L37/K37),Y37="2",IF((L37/P37)>100%,"100%",L37/P37),Y37="3","0%",Y37="4","") | AE37: =IF(IF(F37="","ESPECÍFICAR TIPO DE META",_xlfn.IFNA(_xlfn.IFS(SUM(I37:L37)=0,0%,SUM(I37:L37)>0.001,(_xlfn.IFS(F37="INCREMENTO",SUM(I37:L37)/H37,F37="MANTENIMIENTO",SUM(I37:L37)/(H37*Tabla2[[#This Row],[N.X]])))),"ESPECÍFICAR TIPO DE META"))>1,"100%",IF(F37="","ESPECÍFICAR TIPO DE META",_xlfn.IFNA(_xlfn.IFS(SUM(I37:L37)=0,0%,SUM(I37:L37)>0.001,(_xlfn.IFS(F37="INCREMENTO",SUM(I37:L37)/H37,F37="MANTENIMIENTO",SUM(I37:L37)/(H37*Tabla2[[#This Row],[N.X]])))),"ESPECÍFICAR TIPO DE META"))) -> 0 | AF37: ='MIPG INSTITUCIONAL'!N43 -> Se realizó la jornada de inventarios programado y el informe, presentado al Comité de MIPG, el cuál autorizó la baja de los bienes que se clasificaron como inservibles. | AG37: ='MIPG INSTITUCIONAL'!O43 -> Talento Humano, Recursos Físicos y Tecnológicos | AH37: ='MIPG INSTITUCIONAL'!P43 -> Subdirección Administrativa y Financiera | AI37: ='MIPG INSTITUCIONAL'!P43 -> Subdirección Administrativa y Financiera
B38: Gestión con valores para resultados | C38: Fortalecimiento organizacional y simplificación de procesos | D38: ='MIPG INSTITUCIONAL'!F44 -> Sensibilizar a los funcionarios públicos y contratistas de la entidad acerca de los programas ambientales del Sistema de Gestión ambiental Institucional | E38: ='MIPG INSTITUCIONAL'!G44 -> Talleres de educación ambiental y / o Campañas de información realizada | F38: INCREMENTO | G38: =COUNTIF(R38:U38,"x") -> 2 | H38: ='MIPG INSTITUCIONAL'!H44 -> 2 | I38: ='MIPG INSTITUCIONAL'!I44 -> 0 | J38: ='MIPG INSTITUCIONAL'!J44 -> 0 | K38: ='MIPG INSTITUCIONAL'!K44 -> 0 | L38: ='MIPG INSTITUCIONAL'!L44 -> 0 | N38: 1 | P38: 1 | Q38: =_xlfn.IFNA(IF(_xlfn.IFS(F38="MANTENIMIENTO",SUM(M38:P38)/G38,F38="INCREMENTO",SUM(M38:P38))=H38,"SI",""),"") -> SI | R38: ='MIPG INSTITUCIONAL'!Q44 -> 0 | S38: ='MIPG INSTITUCIONAL'!R44 -> x | T38: ='MIPG INSTITUCIONAL'!S44 -> 0 | U38: ='MIPG INSTITUCIONAL'!T44 -> x | V38: =_xlfn.IFNA(_xlfn.IFS(AND(M38="",I38>0.001),"1",AND(M38>0.001,I38>0.001),"2",AND(M38>0.001,I38=0),"3"),"4") -> 4 | W38: =_xlfn.IFNA(_xlfn.IFS(AND(N38="",J38>0.001),"1",AND(N38>0.001,J38>0.001),"2",AND(N38>0.001,J38=0),"3"),"4") -> 3 | X38: =_xlfn.IFNA(_xlfn.IFS(AND(O38="",K38>0.001),"1",AND(O38>0.001,K38>0.001),"2",AND(O38>0.001,K38=0),"3"),"4") -> 4 | Y38: =_xlfn.IFNA(_xlfn.IFS(AND(P38="",L38>0.001),"1",AND(P38>0.001,L38>0.001),"2",AND(P38>0.001,L38=0),"3"),"4") -> 3 | Z38: =IF((IF(Tabla2[[#This Row],[Calculo1 ]]="1",_xlfn.IFS(W38="1",IF((J38/H38)>100%,100%,J38/H38),W38="2",IF((J38/N38)>100%,100%,J38/N38),W38="3","0%",W38="4","0")+Tabla2[[#This Row],[ III TRIM 20217]],_xlfn.IFS(W38="1",IF((J38/H38)>100%,100%,J38/H38),W38="2",IF((J38/N38)>100%,100%,J38/N38),W38="3","0%",W38="4","")))=100%,100%,(IF(Tabla2[[#This Row],[Calculo1 ]]="1",_xlfn.IFS(W38="1",IF((J38/H38)>100%,100%,J38/H38),W38="2",IF((J38/N38)>100%,100%,J38/N38),W38="3","0%",W38="4","0")+Tabla2[[#This Row],[ III TRIM 20217]],_xlfn.IFS(W38="1",IF((J38/H38)>100%,100%,J38/H38),W38="2",IF((J38/N38)>100%,100%,J38/N38),W38="3","0%",W38="4","")))) -> 0% | AA38: =_xlfn.IFS(V38="1",IF((I38/H38)>100%,"100%",I38/H38),V38="2",IF((I38/M38)>100%,"100%",I38/M38),V38="3","0%",V38="4","") | AB38: =_xlfn.IFNA(INDEX(Hoja1!$C$3:$C$230,MATCH(Tabla2[[#This Row],[Calculo5]],Hoja1!$B$3:$B$230,0)),"") -> 1e-16 | AC38: =_xlfn.IFS(X38="1",IF((K38/J38)>100%,"100%",K38/J38),X38="2",IF((K38/O38)>100%,"100%",K38/O38),X38="3","0%",X38="4","") | AD38: =_xlfn.IFS(Y38="1",IF((L38/K38)>100%,"100%",L38/K38),Y38="2",IF((L38/P38)>100%,"100%",L38/P38),Y38="3","0%",Y38="4","") -> 0% | AE38: =IF(IF(F38="","ESPECÍFICAR TIPO DE META",_xlfn.IFNA(_xlfn.IFS(SUM(I38:L38)=0,0%,SUM(I38:L38)>0.001,(_xlfn.IFS(F38="INCREMENTO",SUM(I38:L38)/H38,F38="MANTENIMIENTO",SUM(I38:L38)/(H38*Tabla2[[#This Row],[N.X]])))),"ESPECÍFICAR TIPO DE META"))>1,"100%",IF(F38="","ESPECÍFICAR TIPO DE META",_xlfn.IFNA(_xlfn.IFS(SUM(I38:L38)=0,0%,SUM(I38:L38)>0.001,(_xlfn.IFS(F38="INCREMENTO",SUM(I38:L38)/H38,F38="MANTENIMIENTO",SUM(I38:L38)/(H38*Tabla2[[#This Row],[N.X]])))),"ESPECÍFICAR TIPO DE META"))) -> 0 | AF38: ='MIPG INSTITUCIONAL'!N44 -> Se adquirió infogramas que hacen alusión al correcto uso y racionamiento de los recursos naturales del Instituto, así mismo, el insumo para las jornadas de sensibilización programadas. | AG38: ='MIPG INSTITUCIONAL'!O44 -> Talento Humano, Recursos Físicos y Tecnológicos | AH38: ='MIPG INSTITUCIONAL'!P44 -> Subdirección Administrativa y Financiera | AI38: ='MIPG INSTITUCIONAL'!P44 -> Subdirección Administrativa y Financiera
B39: Gestión con valores para resultados | C39: Gobierno digital | D39: ='MIPG INSTITUCIONAL'!F45 -> Gestionar de manera adecuada los residuos de aparatos eléctricos y digitales acorde al decreto 284 de 2018 y la política ambiental nacional, por parte de la entidad. | E39: ='MIPG INSTITUCIONAL'!G45 -> Residuos de los aparatos eléctricos y digitales entregados a un operador especializado | F39: MANTENIMIENTO | G39: =COUNTIF(R39:U39,"x") -> 2 | H39: ='MIPG INSTITUCIONAL'!H45 -> 1 | I39: ='MIPG INSTITUCIONAL'!I45 -> 0 | J39: ='MIPG INSTITUCIONAL'!J45 -> 0 | K39: ='MIPG INSTITUCIONAL'!K45 -> 0 | L39: ='MIPG INSTITUCIONAL'!L45 -> 0 | N39: 1 | P39: 1 | Q39: =_xlfn.IFNA(IF(_xlfn.IFS(F39="MANTENIMIENTO",SUM(M39:P39)/G39,F39="INCREMENTO",SUM(M39:P39))=H39,"SI",""),"") -> SI | R39: ='MIPG INSTITUCIONAL'!Q45 -> 0 | S39: ='MIPG INSTITUCIONAL'!R45 -> x | T39: ='MIPG INSTITUCIONAL'!S45 -> 0 | U39: ='MIPG INSTITUCIONAL'!T45 -> x | V39: =_xlfn.IFNA(_xlfn.IFS(AND(M39="",I39>0.001),"1",AND(M39>0.001,I39>0.001),"2",AND(M39>0.001,I39=0),"3"),"4") -> 4 | W39: =_xlfn.IFNA(_xlfn.IFS(AND(N39="",J39>0.001),"1",AND(N39>0.001,J39>0.001),"2",AND(N39>0.001,J39=0),"3"),"4") -> 3 | X39: =_xlfn.IFNA(_xlfn.IFS(AND(O39="",K39>0.001),"1",AND(O39>0.001,K39>0.001),"2",AND(O39>0.001,K39=0),"3"),"4") -> 4 | Y39: =_xlfn.IFNA(_xlfn.IFS(AND(P39="",L39>0.001),"1",AND(P39>0.001,L39>0.001),"2",AND(P39>0.001,L39=0),"3"),"4") -> 3 | Z39: =IF((IF(Tabla2[[#This Row],[Calculo1 ]]="1",_xlfn.IFS(W39="1",IF((J39/H39)>100%,100%,J39/H39),W39="2",IF((J39/N39)>100%,100%,J39/N39),W39="3","0%",W39="4","0")+Tabla2[[#This Row],[ III TRIM 20217]],_xlfn.IFS(W39="1",IF((J39/H39)>100%,100%,J39/H39),W39="2",IF((J39/N39)>100%,100%,J39/N39),W39="3","0%",W39="4","")))=100%,100%,(IF(Tabla2[[#This Row],[Calculo1 ]]="1",_xlfn.IFS(W39="1",IF((J39/H39)>100%,100%,J39/H39),W39="2",IF((J39/N39)>100%,100%,J39/N39),W39="3","0%",W39="4","0")+Tabla2[[#This Row],[ III TRIM 20217]],_xlfn.IFS(W39="1",IF((J39/H39)>100%,100%,J39/H39),W39="2",IF((J39/N39)>100%,100%,J39/N39),W39="3","0%",W39="4","")))) -> 0% | AA39: =_xlfn.IFS(V39="1",IF((I39/H39)>100%,"100%",I39/H39),V39="2",IF((I39/M39)>100%,"100%",I39/M39),V39="3","0%",V39="4","") | AB39: =_xlfn.IFNA(INDEX(Hoja1!$C$3:$C$230,MATCH(Tabla2[[#This Row],[Calculo5]],Hoja1!$B$3:$B$230,0)),"") -> 1e-16 | AC39: =_xlfn.IFS(X39="1",IF((K39/J39)>100%,"100%",K39/J39),X39="2",IF((K39/O39)>100%,"100%",K39/O39),X39="3","0%",X39="4","") | AD39: =_xlfn.IFS(Y39="1",IF((L39/K39)>100%,"100%",L39/K39),Y39="2",IF((L39/P39)>100%,"100%",L39/P39),Y39="3","0%",Y39="4","") -> 0% | AE39: =IF(IF(F39="","ESPECÍFICAR TIPO DE META",_xlfn.IFNA(_xlfn.IFS(SUM(I39:L39)=0,0%,SUM(I39:L39)>0.001,(_xlfn.IFS(F39="INCREMENTO",SUM(I39:L39)/H39,F39="MANTENIMIENTO",SUM(I39:L39)/(H39*Tabla2[[#This Row],[N.X]])))),"ESPECÍFICAR TIPO DE META"))>1,"100%",IF(F39="","ESPECÍFICAR TIPO DE META",_xlfn.IFNA(_xlfn.IFS(SUM(I39:L39)=0,0%,SUM(I39:L39)>0.001,(_xlfn.IFS(F39="INCREMENTO",SUM(I39:L39)/H39,F39="MANTENIMIENTO",SUM(I39:L39)/(H39*Tabla2[[#This Row],[N.X]])))),"ESPECÍFICAR TIPO DE META"))) -> 0 | AF39: ='MIPG INSTITUCIONAL'!N45 -> La entidad cuenta con manejo especial de los aparatos eléctricos y digitales que se encuentran debidamente almacenados y clasificados con el objetivo de entregarlo al operador especializado | AG39: ='MIPG INSTITUCIONAL'!O45 -> Talento Humano, Recursos Físicos y Tecnológicos | AH39: ='MIPG INSTITUCIONAL'!P45 -> Subdirección Administrativa y Financiera | AI39: ='MIPG INSTITUCIONAL'!P45 -> Subdirección Administrativa y Financiera
B40: Gestión con valores para resultados | C40: Gobierno digital | D40: ='MIPG INSTITUCIONAL'!F46 -> Dar continuidad a la Implementación del PETI - Plan Estratégico de Tecnologías de la información de acuerdo con el cronograma de actividades | E40: ='MIPG INSTITUCIONAL'!G46 -> Informes de avances de implementación del PETI - 2021 | F40: INCREMENTO | G40: =COUNTIF(R40:U40,"x") -> 2 | H40: ='MIPG INSTITUCIONAL'!H46 -> 2 | I40: ='MIPG INSTITUCIONAL'!I46 -> 0 | J40: ='MIPG INSTITUCIONAL'!J46 -> 0 | K40: ='MIPG INSTITUCIONAL'!K46 -> 0 | L40: ='MIPG INSTITUCIONAL'!L46 -> 0 | M40: 1 | N40: 1 | Q40: =_xlfn.IFNA(IF(_xlfn.IFS(F40="MANTENIMIENTO",SUM(M40:P40)/G40,F40="INCREMENTO",SUM(M40:P40))=H40,"SI",""),"") -> SI | R40: ='MIPG INSTITUCIONAL'!Q46 -> x | S40: ='MIPG INSTITUCIONAL'!R46 -> x | T40: ='MIPG INSTITUCIONAL'!S46 -> 0 | U40: ='MIPG INSTITUCIONAL'!T46 -> 0 | V40: =_xlfn.IFNA(_xlfn.IFS(AND(M40="",I40>0.001),"1",AND(M40>0.001,I40>0.001),"2",AND(M40>0.001,I40=0),"3"),"4") -> 3 | W40: =_xlfn.IFNA(_xlfn.IFS(AND(N40="",J40>0.001),"1",AND(N40>0.001,J40>0.001),"2",AND(N40>0.001,J40=0),"3"),"4") -> 3 | X40: =_xlfn.IFNA(_xlfn.IFS(AND(O40="",K40>0.001),"1",AND(O40>0.001,K40>0.001),"2",AND(O40>0.001,K40=0),"3"),"4") -> 4 | Y40: =_xlfn.IFNA(_xlfn.IFS(AND(P40="",L40>0.001),"1",AND(P40>0.001,L40>0.001),"2",AND(P40>0.001,L40=0),"3"),"4") -> 4 | Z40: =IF((IF(Tabla2[[#This Row],[Calculo1 ]]="1",_xlfn.IFS(W40="1",IF((J40/H40)>100%,100%,J40/H40),W40="2",IF((J40/N40)>100%,100%,J40/N40),W40="3","0%",W40="4","0")+Tabla2[[#This Row],[ III TRIM 20217]],_xlfn.IFS(W40="1",IF((J40/H40)>100%,100%,J40/H40),W40="2",IF((J40/N40)>100%,100%,J40/N40),W40="3","0%",W40="4","")))=100%,100%,(IF(Tabla2[[#This Row],[Calculo1 ]]="1",_xlfn.IFS(W40="1",IF((J40/H40)>100%,100%,J40/H40),W40="2",IF((J40/N40)>100%,100%,J40/N40),W40="3","0%",W40="4","0")+Tabla2[[#This Row],[ III TRIM 20217]],_xlfn.IFS(W40="1",IF((J40/H40)>100%,100%,J40/H40),W40="2",IF((J40/N40)>100%,100%,J40/N40),W40="3","0%",W40="4","")))) -> 0% | AA40: =_xlfn.IFS(V40="1",IF((I40/H40)>100%,"100%",I40/H40),V40="2",IF((I40/M40)>100%,"100%",I40/M40),V40="3","0%",V40="4","") -> 0% | AB40: =_xlfn.IFNA(INDEX(Hoja1!$C$3:$C$230,MATCH(Tabla2[[#This Row],[Calculo5]],Hoja1!$B$3:$B$230,0)),"") -> 1e-16 | AC40: =_xlfn.IFS(X40="1",IF((K40/J40)>100%,"100%",K40/J40),X40="2",IF((K40/O40)>100%,"100%",K40/O40),X40="3","0%",X40="4","") | AD40: =_xlfn.IFS(Y40="1",IF((L40/K40)>100%,"100%",L40/K40),Y40="2",IF((L40/P40)>100%,"100%",L40/P40),Y40="3","0%",Y40="4","") | AE40: =IF(IF(F40="","ESPECÍFICAR TIPO DE META",_xlfn.IFNA(_xlfn.IFS(SUM(I40:L40)=0,0%,SUM(I40:L40)>0.001,(_xlfn.IFS(F40="INCREMENTO",SUM(I40:L40)/H40,F40="MANTENIMIENTO",SUM(I40:L40)/(H40*Tabla2[[#This Row],[N.X]])))),"ESPECÍFICAR TIPO DE META"))>1,"100%",IF(F40="","ESPECÍFICAR TIPO DE META",_xlfn.IFNA(_xlfn.IFS(SUM(I40:L40)=0,0%,SUM(I40:L40)>0.001,(_xlfn.IFS(F40="INCREMENTO",SUM(I40:L40)/H40,F40="MANTENIMIENTO",SUM(I40:L40)/(H40*Tabla2[[#This Row],[N.X]])))),"ESPECÍFICAR TIPO DE META"))) -> 0 | AF40: ='MIPG INSTITUCIONAL'!N46 -> Se presento el informe de avance de las actividades planeadas en el PETI y se esta realizando su actualización. | AG40: ='MIPG INSTITUCIONAL'!O46 -> Talento Humano, Recursos Físicos y Tecnológicos | AH40: ='MIPG INSTITUCIONAL'!P46 -> Subdirección Administrativa y Financiera - Profesional Ingeniero de Sistemas | AI40: ='MIPG INSTITUCIONAL'!P46 -> Subdirección Administrativa y Financiera - Profesional Ingeniero de Sistemas
B41: Gestión con valores para resultados | C41: Gobierno digital | D41: =+D40 -> Dar continuidad a la Implementación del PETI - Plan Estratégico de Tecnologías de la información de acuerdo con el cronograma de actividades | E41: ='MIPG INSTITUCIONAL'!G47 -> Formatos Sistema de Gestión de Calidad diseñados | F41: INCREMENTO | G41: =COUNTIF(R41:U41,"x") -> 1 | H41: ='MIPG INSTITUCIONAL'!H47 -> 1 | I41: ='MIPG INSTITUCIONAL'!I47 -> 0 | J41: ='MIPG INSTITUCIONAL'!J47 -> 0 | K41: ='MIPG INSTITUCIONAL'!K47 -> 0 | L41: ='MIPG INSTITUCIONAL'!L47 -> 0 | N41: 1 | Q41: =_xlfn.IFNA(IF(_xlfn.IFS(F41="MANTENIMIENTO",SUM(M41:P41)/G41,F41="INCREMENTO",SUM(M41:P41))=H41,"SI",""),"") -> SI | R41: ='MIPG INSTITUCIONAL'!Q47 -> 0 | S41: ='MIPG INSTITUCIONAL'!R47 -> x | T41: ='MIPG INSTITUCIONAL'!S47 -> 0 | U41: ='MIPG INSTITUCIONAL'!T47 -> 0 | V41: =_xlfn.IFNA(_xlfn.IFS(AND(M41="",I41>0.001),"1",AND(M41>0.001,I41>0.001),"2",AND(M41>0.001,I41=0),"3"),"4") -> 4 | W41: =_xlfn.IFNA(_xlfn.IFS(AND(N41="",J41>0.001),"1",AND(N41>0.001,J41>0.001),"2",AND(N41>0.001,J41=0),"3"),"4") -> 3 | X41: =_xlfn.IFNA(_xlfn.IFS(AND(O41="",K41>0.001),"1",AND(O41>0.001,K41>0.001),"2",AND(O41>0.001,K41=0),"3"),"4") -> 4 | Y41: =_xlfn.IFNA(_xlfn.IFS(AND(P41="",L41>0.001),"1",AND(P41>0.001,L41>0.001),"2",AND(P41>0.001,L41=0),"3"),"4") -> 4 | Z41: =IF((IF(Tabla2[[#This Row],[Calculo1 ]]="1",_xlfn.IFS(W41="1",IF((J41/H41)>100%,100%,J41/H41),W41="2",IF((J41/N41)>100%,100%,J41/N41),W41="3","0%",W41="4","0")+Tabla2[[#This Row],[ III TRIM 20217]],_xlfn.IFS(W41="1",IF((J41/H41)>100%,100%,J41/H41),W41="2",IF((J41/N41)>100%,100%,J41/N41),W41="3","0%",W41="4","")))=100%,100%,(IF(Tabla2[[#This Row],[Calculo1 ]]="1",_xlfn.IFS(W41="1",IF((J41/H41)>100%,100%,J41/H41),W41="2",IF((J41/N41)>100%,100%,J41/N41),W41="3","0%",W41="4","0")+Tabla2[[#This Row],[ III TRIM 20217]],_xlfn.IFS(W41="1",IF((J41/H41)>100%,100%,J41/H41),W41="2",IF((J41/N41)>100%,100%,J41/N41),W41="3","0%",W41="4","")))) -> 0% | AA41: =_xlfn.IFS(V41="1",IF((I41/H41)>100%,"100%",I41/H41),V41="2",IF((I41/M41)>100%,"100%",I41/M41),V41="3","0%",V41="4","") | AB41: =_xlfn.IFNA(INDEX(Hoja1!$C$3:$C$230,MATCH(Tabla2[[#This Row],[Calculo5]],Hoja1!$B$3:$B$230,0)),"") -> 1e-16 | AC41: =_xlfn.IFS(X41="1",IF((K41/J41)>100%,"100%",K41/J41),X41="2",IF((K41/O41)>100%,"100%",K41/O41),X41="3","0%",X41="4","") | AD41: =_xlfn.IFS(Y41="1",IF((L41/K41)>100%,"100%",L41/K41),Y41="2",IF((L41/P41)>100%,"100%",L41/P41),Y41="3","0%",Y41="4","") | AE41: =IF(IF(F41="","ESPECÍFICAR TIPO DE META",_xlfn.IFNA(_xlfn.IFS(SUM(I41:L41)=0,0%,SUM(I41:L41)>0.001,(_xlfn.IFS(F41="INCREMENTO",SUM(I41:L41)/H41,F41="MANTENIMIENTO",SUM(I41:L41)/(H41*Tabla2[[#This Row],[N.X]])))),"ESPECÍFICAR TIPO DE META"))>1,"100%",IF(F41="","ESPECÍFICAR TIPO DE META",_xlfn.IFNA(_xlfn.IFS(SUM(I41:L41)=0,0%,SUM(I41:L41)>0.001,(_xlfn.IFS(F41="INCREMENTO",SUM(I41:L41)/H41,F41="MANTENIMIENTO",SUM(I41:L41)/(H41*Tabla2[[#This Row],[N.X]])))),"ESPECÍFICAR TIPO DE META"))) -> 0 | AF41: ='MIPG INSTITUCIONAL'!N47 -> Se diseñaron y actualizaron los formatos del Sistema de Gestión de Calidad, los cuales se encuentran aprobados. | AG41: ='MIPG INSTITUCIONAL'!O47 -> Talento Humano, Recursos Físicos y Tecnológicos | AH41: ='MIPG INSTITUCIONAL'!P47 -> Subdirección Administrativa y Financiera - Profesional Ingeniero de Sistemas | AI41: ='MIPG INSTITUCIONAL'!P47 -> Subdirección Administrativa y Financiera - Profesional Ingeniero de Sistemas
B42: Gestión con valores para resultados | C42: Gobierno digital | D42: =+D41 -> Dar continuidad a la Implementación del PETI - Plan Estratégico de Tecnologías de la información de acuerdo con el cronograma de actividades | E42: ='MIPG INSTITUCIONAL'!G48 -> Informes de avances de la implementación del PETI- 2022 | F42: INCREMENTO | G42: =COUNTIF(R42:U42,"x") -> 2 | H42: ='MIPG INSTITUCIONAL'!H48 -> 2 | I42: ='MIPG INSTITUCIONAL'!I48 -> 0 | J42: ='MIPG INSTITUCIONAL'!J48 -> 0 | K42: ='MIPG INSTITUCIONAL'!K48 -> 0 | L42: ='MIPG INSTITUCIONAL'!L48 -> 0 | O42: 1 | P42: 1 | Q42: =_xlfn.IFNA(IF(_xlfn.IFS(F42="MANTENIMIENTO",SUM(M42:P42)/G42,F42="INCREMENTO",SUM(M42:P42))=H42,"SI",""),"") -> SI | R42: ='MIPG INSTITUCIONAL'!Q48 -> 0 | S42: ='MIPG INSTITUCIONAL'!R48 -> 0 | T42: ='MIPG INSTITUCIONAL'!S48 -> x | U42: ='MIPG INSTITUCIONAL'!T48 -> x | V42: =_xlfn.IFNA(_xlfn.IFS(AND(M42="",I42>0.001),"1",AND(M42>0.001,I42>0.001),"2",AND(M42>0.001,I42=0),"3"),"4") -> 4 | W42: =_xlfn.IFNA(_xlfn.IFS(AND(N42="",J42>0.001),"1",AND(N42>0.001,J42>0.001),"2",AND(N42>0.001,J42=0),"3"),"4") -> 4 | X42: =_xlfn.IFNA(_xlfn.IFS(AND(O42="",K42>0.001),"1",AND(O42>0.001,K42>0.001),"2",AND(O42>0.001,K42=0),"3"),"4") -> 3 | Y42: =_xlfn.IFNA(_xlfn.IFS(AND(P42="",L42>0.001),"1",AND(P42>0.001,L42>0.001),"2",AND(P42>0.001,L42=0),"3"),"4") -> 3 | Z42: =IF((IF(Tabla2[[#This Row],[Calculo1 ]]="1",_xlfn.IFS(W42="1",IF((J42/H42)>100%,100%,J42/H42),W42="2",IF((J42/N42)>100%,100%,J42/N42),W42="3","0%",W42="4","0")+Tabla2[[#This Row],[ III TRIM 20217]],_xlfn.IFS(W42="1",IF((J42/H42)>100%,100%,J42/H42),W42="2",IF((J42/N42)>100%,100%,J42/N42),W42="3","0%",W42="4","")))=100%,100%,(IF(Tabla2[[#This Row],[Calculo1 ]]="1",_xlfn.IFS(W42="1",IF((J42/H42)>100%,100%,J42/H42),W42="2",IF((J42/N42)>100%,100%,J42/N42),W42="3","0%",W42="4","0")+Tabla2[[#This Row],[ III TRIM 20217]],_xlfn.IFS(W42="1",IF((J42/H42)>100%,100%,J42/H42),W42="2",IF((J42/N42)>100%,100%,J42/N42),W42="3","0%",W42="4","")))) | AA42: =_xlfn.IFS(V42="1",IF((I42/H42)>100%,"100%",I42/H42),V42="2",IF((I42/M42)>100%,"100%",I42/M42),V42="3","0%",V42="4","") | AB42: =_xlfn.IFNA(INDEX(Hoja1!$C$3:$C$230,MATCH(Tabla2[[#This Row],[Calculo5]],Hoja1!$B$3:$B$230,0)),"") | AC42: =_xlfn.IFS(X42="1",IF((K42/J42)>100%,"100%",K42/J42),X42="2",IF((K42/O42)>100%,"100%",K42/O42),X42="3","0%",X42="4","") -> 0% | AD42: =_xlfn.IFS(Y42="1",IF((L42/K42)>100%,"100%",L42/K42),Y42="2",IF((L42/P42)>100%,"100%",L42/P42),Y42="3","0%",Y42="4","") -> 0% | AE42: =IF(IF(F42="","ESPECÍFICAR TIPO DE META",_xlfn.IFNA(_xlfn.IFS(SUM(I42:L42)=0,0%,SUM(I42:L42)>0.001,(_xlfn.IFS(F42="INCREMENTO",SUM(I42:L42)/H42,F42="MANTENIMIENTO",SUM(I42:L42)/(H42*Tabla2[[#This Row],[N.X]])))),"ESPECÍFICAR TIPO DE META"))>1,"100%",IF(F42="","ESPECÍFICAR TIPO DE META",_xlfn.IFNA(_xlfn.IFS(SUM(I42:L42)=0,0%,SUM(I42:L42)>0.001,(_xlfn.IFS(F42="INCREMENTO",SUM(I42:L42)/H42,F42="MANTENIMIENTO",SUM(I42:L42)/(H42*Tabla2[[#This Row],[N.X]])))),"ESPECÍFICAR TIPO DE META"))) -> 0 | AF42: ='MIPG INSTITUCIONAL'!N48 -> 0 | AG42: ='MIPG INSTITUCIONAL'!O48 -> Talento Humano, Recursos Físicos y Tecnológicos | AH42: ='MIPG INSTITUCIONAL'!P48 -> Subdirección Administrativa y Financiera - Profesional Ingeniero de Sistema | AI42: ='MIPG INSTITUCIONAL'!P48 -> Subdirección Administrativa y Financiera - Profesional Ingeniero de Sistema
B43: Gestión con valores para resultados | C43: Gobierno digital | D43: ='MIPG INSTITUCIONAL'!F49 -> Realizar capacitación sobre tema de datos abiertos. | E43: ='MIPG INSTITUCIONAL'!G49 -> Capacitaciones realizadas sobre datos abiertos | F43: INCREMENTO | G43: =COUNTIF(R43:U43,"x") -> 1 | H43: ='MIPG INSTITUCIONAL'!H49 -> 1 | I43: ='MIPG INSTITUCIONAL'!I49 -> 0 | J43: ='MIPG INSTITUCIONAL'!J49 -> 0 | K43: ='MIPG INSTITUCIONAL'!K49 -> 0 | L43: ='MIPG INSTITUCIONAL'!L49 -> 0 | N43: 1 | Q43: =_xlfn.IFNA(IF(_xlfn.IFS(F43="MANTENIMIENTO",SUM(M43:P43)/G43,F43="INCREMENTO",SUM(M43:P43))=H43,"SI",""),"") -> SI | R43: ='MIPG INSTITUCIONAL'!Q49 -> 0 | S43: ='MIPG INSTITUCIONAL'!R49 -> x | T43: ='MIPG INSTITUCIONAL'!S49 -> 0 | U43: ='MIPG INSTITUCIONAL'!T49 -> 0 | V43: =_xlfn.IFNA(_xlfn.IFS(AND(M43="",I43>0.001),"1",AND(M43>0.001,I43>0.001),"2",AND(M43>0.001,I43=0),"3"),"4") -> 4 | W43: =_xlfn.IFNA(_xlfn.IFS(AND(N43="",J43>0.001),"1",AND(N43>0.001,J43>0.001),"2",AND(N43>0.001,J43=0),"3"),"4") -> 3 | X43: =_xlfn.IFNA(_xlfn.IFS(AND(O43="",K43>0.001),"1",AND(O43>0.001,K43>0.001),"2",AND(O43>0.001,K43=0),"3"),"4") -> 4 | Y43: =_xlfn.IFNA(_xlfn.IFS(AND(P43="",L43>0.001),"1",AND(P43>0.001,L43>0.001),"2",AND(P43>0.001,L43=0),"3"),"4") -> 4 | Z43: =IF((IF(Tabla2[[#This Row],[Calculo1 ]]="1",_xlfn.IFS(W43="1",IF((J43/H43)>100%,100%,J43/H43),W43="2",IF((J43/N43)>100%,100%,J43/N43),W43="3","0%",W43="4","0")+Tabla2[[#This Row],[ III TRIM 20217]],_xlfn.IFS(W43="1",IF((J43/H43)>100%,100%,J43/H43),W43="2",IF((J43/N43)>100%,100%,J43/N43),W43="3","0%",W43="4","")))=100%,100%,(IF(Tabla2[[#This Row],[Calculo1 ]]="1",_xlfn.IFS(W43="1",IF((J43/H43)>100%,100%,J43/H43),W43="2",IF((J43/N43)>100%,100%,J43/N43),W43="3","0%",W43="4","0")+Tabla2[[#This Row],[ III TRIM 20217]],_xlfn.IFS(W43="1",IF((J43/H43)>100%,100%,J43/H43),W43="2",IF((J43/N43)>100%,100%,J43/N43),W43="3","0%",W43="4","")))) -> 0% | AA43: =_xlfn.IFS(V43="1",IF((I43/H43)>100%,"100%",I43/H43),V43="2",IF((I43/M43)>100%,"100%",I43/M43),V43="3","0%",V43="4","") | AB43: =_xlfn.IFNA(INDEX(Hoja1!$C$3:$C$230,MATCH(Tabla2[[#This Row],[Calculo5]],Hoja1!$B$3:$B$230,0)),"") -> 1e-16 | AC43: =_xlfn.IFS(X43="1",IF((K43/J43)>100%,"100%",K43/J43),X43="2",IF((K43/O43)>100%,"100%",K43/O43),X43="3","0%",X43="4","") | AD43: =_xlfn.IFS(Y43="1",IF((L43/K43)>100%,"100%",L43/K43),Y43="2",IF((L43/P43)>100%,"100%",L43/P43),Y43="3","0%",Y43="4","") | AE43: =IF(IF(F43="","ESPECÍFICAR TIPO DE META",_xlfn.IFNA(_xlfn.IFS(SUM(I43:L43)=0,0%,SUM(I43:L43)>0.001,(_xlfn.IFS(F43="INCREMENTO",SUM(I43:L43)/H43,F43="MANTENIMIENTO",SUM(I43:L43)/(H43*Tabla2[[#This Row],[N.X]])))),"ESPECÍFICAR TIPO DE META"))>1,"100%",IF(F43="","ESPECÍFICAR TIPO DE META",_xlfn.IFNA(_xlfn.IFS(SUM(I43:L43)=0,0%,SUM(I43:L43)>0.001,(_xlfn.IFS(F43="INCREMENTO",SUM(I43:L43)/H43,F43="MANTENIMIENTO",SUM(I43:L43)/(H43*Tabla2[[#This Row],[N.X]])))),"ESPECÍFICAR TIPO DE META"))) -> 0 | AF43: ='MIPG INSTITUCIONAL'!N49 -> Se realizó una capacitación virtual sobre datos abiertos, datos jurídicos y datos básicos. De igual manero, la divulgación sobre los diferentes programas que realiza el IMEBU. | AG43: ='MIPG INSTITUCIONAL'!O49 -> Talento Humano, Recursos Físicos y Tecnológicos | AH43: ='MIPG INSTITUCIONAL'!P49 -> Subdirección Administrativa y Financiera - Profesional Ingeniero de Sistema | AI43: ='MIPG INSTITUCIONAL'!P49 -> Subdirección Administrativa y Financiera - Profesional Ingeniero de Sistema
B44: Gestión con valores para resultados | C44: Gobierno digital | D44: ='MIPG INSTITUCIONAL'!F50 -> Elaborar inventario de los temas que se pueden publicar como datos abiertos. | E44: ='MIPG INSTITUCIONAL'!G50 -> Inventario de datos abiertos elaborado | F44: INCREMENTO | G44: =COUNTIF(R44:U44,"x") -> 4 | H44: ='MIPG INSTITUCIONAL'!H50 -> 1 | I44: ='MIPG INSTITUCIONAL'!I50 -> 0 | J44: ='MIPG INSTITUCIONAL'!J50 -> 0 | K44: ='MIPG INSTITUCIONAL'!K50 -> 0 | L44: ='MIPG INSTITUCIONAL'!L50 -> 0 | M44: 0.25 | N44: 0.25 | O44: 0.25 | P44: 0.25 | Q44: =_xlfn.IFNA(IF(_xlfn.IFS(F44="MANTENIMIENTO",SUM(M44:P44)/G44,F44="INCREMENTO",SUM(M44:P44))=H44,"SI",""),"") -> SI | R44: ='MIPG INSTITUCIONAL'!Q50 -> x | S44: ='MIPG INSTITUCIONAL'!R50 -> x | T44: ='MIPG INSTITUCIONAL'!S50 -> x | U44: ='MIPG INSTITUCIONAL'!T50 -> x | V44: =_xlfn.IFNA(_xlfn.IFS(AND(M44="",I44>0.001),"1",AND(M44>0.001,I44>0.001),"2",AND(M44>0.001,I44=0),"3"),"4") -> 3 | W44: =_xlfn.IFNA(_xlfn.IFS(AND(N44="",J44>0.001),"1",AND(N44>0.001,J44>0.001),"2",AND(N44>0.001,J44=0),"3"),"4") -> 3 | X44: =_xlfn.IFNA(_xlfn.IFS(AND(O44="",K44>0.001),"1",AND(O44>0.001,K44>0.001),"2",AND(O44>0.001,K44=0),"3"),"4") -> 3 | Y44: =_xlfn.IFNA(_xlfn.IFS(AND(P44="",L44>0.001),"1",AND(P44>0.001,L44>0.001),"2",AND(P44>0.001,L44=0),"3"),"4") -> 3 | Z44: =IF((IF(Tabla2[[#This Row],[Calculo1 ]]="1",_xlfn.IFS(W44="1",IF((J44/H44)>100%,100%,J44/H44),W44="2",IF((J44/N44)>100%,100%,J44/N44),W44="3","0%",W44="4","0")+Tabla2[[#This Row],[ III TRIM 20217]],_xlfn.IFS(W44="1",IF((J44/H44)>100%,100%,J44/H44),W44="2",IF((J44/N44)>100%,100%,J44/N44),W44="3","0%",W44="4","")))=100%,100%,(IF(Tabla2[[#This Row],[Calculo1 ]]="1",_xlfn.IFS(W44="1",IF((J44/H44)>100%,100%,J44/H44),W44="2",IF((J44/N44)>100%,100%,J44/N44),W44="3","0%",W44="4","0")+Tabla2[[#This Row],[ III TRIM 20217]],_xlfn.IFS(W44="1",IF((J44/H44)>100%,100%,J44/H44),W44="2",IF((J44/N44)>100%,100%,J44/N44),W44="3","0%",W44="4","")))) -> 0% | AA44: =_xlfn.IFS(V44="1",IF((I44/H44)>100%,"100%",I44/H44),V44="2",IF((I44/M44)>100%,"100%",I44/M44),V44="3","0%",V44="4","") -> 0% | AB44: =_xlfn.IFNA(INDEX(Hoja1!$C$3:$C$230,MATCH(Tabla2[[#This Row],[Calculo5]],Hoja1!$B$3:$B$230,0)),"") -> 1e-16 | AC44: =_xlfn.IFS(X44="1",IF((K44/J44)>100%,"100%",K44/J44),X44="2",IF((K44/O44)>100%,"100%",K44/O44),X44="3","0%",X44="4","") -> 0% | AD44: =_xlfn.IFS(Y44="1",IF((L44/K44)>100%,"100%",L44/K44),Y44="2",IF((L44/P44)>100%,"100%",L44/P44),Y44="3","0%",Y44="4","") -> 0% | AE44: =IF(IF(F44="","ESPECÍFICAR TIPO DE META",_xlfn.IFNA(_xlfn.IFS(SUM(I44:L44)=0,0%,SUM(I44:L44)>0.001,(_xlfn.IFS(F44="INCREMENTO",SUM(I44:L44)/H44,F44="MANTENIMIENTO",SUM(I44:L44)/(H44*Tabla2[[#This Row],[N.X]])))),"ESPECÍFICAR TIPO DE META"))>1,"100%",IF(F44="","ESPECÍFICAR TIPO DE META",_xlfn.IFNA(_xlfn.IFS(SUM(I44:L44)=0,0%,SUM(I44:L44)>0.001,(_xlfn.IFS(F44="INCREMENTO",SUM(I44:L44)/H44,F44="MANTENIMIENTO",SUM(I44:L44)/(H44*Tabla2[[#This Row],[N.X]])))),"ESPECÍFICAR TIPO DE META"))) -> 0 | AF44: ='MIPG INSTITUCIONAL'!N50 -> Se avanza en la actualización de inventario de datos abiertos | AG44: ='MIPG INSTITUCIONAL'!O50 -> Talento Humano, Recursos Físicos y Tecnológicos | AH44: ='MIPG INSTITUCIONAL'!P50 -> Subdirección Administrativa y Financiera - Profesional Ingeniero de Sistema | AI44: ='MIPG INSTITUCIONAL'!P50 -> Subdirección Administrativa y Financiera - Profesional Ingeniero de Sistema
B45: Gestión con valores para resultados | C45: Gobierno digital | D45: ='MIPG INSTITUCIONAL'!F51 -> Procesar y publicar la información de datos abiertos. | E45: ='MIPG INSTITUCIONAL'!G51 -> Datos abiertos publicado | F45: MANTENIMIENTO | G45: =COUNTIF(R45:U45,"x") -> 4 | H45: ='MIPG INSTITUCIONAL'!H51 -> 1 | I45: ='MIPG INSTITUCIONAL'!I51 -> 0 | J45: ='MIPG INSTITUCIONAL'!J51 -> 0 | K45: ='MIPG INSTITUCIONAL'!K51 -> 0 | L45: ='MIPG INSTITUCIONAL'!L51 -> 0 | M45: 1 | N45: 1 | O45: 1 | P45: 1 | Q45: =_xlfn.IFNA(IF(_xlfn.IFS(F45="MANTENIMIENTO",SUM(M45:P45)/G45,F45="INCREMENTO",SUM(M45:P45))=H45,"SI",""),"") -> SI | R45: ='MIPG INSTITUCIONAL'!Q51 -> x | S45: ='MIPG INSTITUCIONAL'!R51 -> x | T45: ='MIPG INSTITUCIONAL'!S51 -> x | U45: ='MIPG INSTITUCIONAL'!T51 -> x | V45: =_xlfn.IFNA(_xlfn.IFS(AND(M45="",I45>0.001),"1",AND(M45>0.001,I45>0.001),"2",AND(M45>0.001,I45=0),"3"),"4") -> 3 | W45: =_xlfn.IFNA(_xlfn.IFS(AND(N45="",J45>0.001),"1",AND(N45>0.001,J45>0.001),"2",AND(N45>0.001,J45=0),"3"),"4") -> 3 | X45: =_xlfn.IFNA(_xlfn.IFS(AND(O45="",K45>0.001),"1",AND(O45>0.001,K45>0.001),"2",AND(O45>0.001,K45=0),"3"),"4") -> 3 | Y45: =_xlfn.IFNA(_xlfn.IFS(AND(P45="",L45>0.001),"1",AND(P45>0.001,L45>0.001),"2",AND(P45>0.001,L45=0),"3"),"4") -> 3 | Z45: =IF((IF(Tabla2[[#This Row],[Calculo1 ]]="1",_xlfn.IFS(W45="1",IF((J45/H45)>100%,100%,J45/H45),W45="2",IF((J45/N45)>100%,100%,J45/N45),W45="3","0%",W45="4","0")+Tabla2[[#This Row],[ III TRIM 20217]],_xlfn.IFS(W45="1",IF((J45/H45)>100%,100%,J45/H45),W45="2",IF((J45/N45)>100%,100%,J45/N45),W45="3","0%",W45="4","")))=100%,100%,(IF(Tabla2[[#This Row],[Calculo1 ]]="1",_xlfn.IFS(W45="1",IF((J45/H45)>100%,100%,J45/H45),W45="2",IF((J45/N45)>100%,100%,J45/N45),W45="3","0%",W45="4","0")+Tabla2[[#This Row],[ III TRIM 20217]],_xlfn.IFS(W45="1",IF((J45/H45)>100%,100%,J45/H45),W45="2",IF((J45/N45)>100%,100%,J45/N45),W45="3","0%",W45="4","")))) -> 0% | AA45: =_xlfn.IFS(V45="1",IF((I45/H45)>100%,"100%",I45/H45),V45="2",IF((I45/M45)>100%,"100%",I45/M45),V45="3","0%",V45="4","") -> 0% | AB45: =_xlfn.IFNA(INDEX(Hoja1!$C$3:$C$230,MATCH(Tabla2[[#This Row],[Calculo5]],Hoja1!$B$3:$B$230,0)),"") -> 1e-16 | AC45: =_xlfn.IFS(X45="1",IF((K45/J45)>100%,"100%",K45/J45),X45="2",IF((K45/O45)>100%,"100%",K45/O45),X45="3","0%",X45="4","") -> 0% | AD45: =_xlfn.IFS(Y45="1",IF((L45/K45)>100%,"100%",L45/K45),Y45="2",IF((L45/P45)>100%,"100%",L45/P45),Y45="3","0%",Y45="4","") -> 0% | AE45: =IF(IF(F45="","ESPECÍFICAR TIPO DE META",_xlfn.IFNA(_xlfn.IFS(SUM(I45:L45)=0,0%,SUM(I45:L45)>0.001,(_xlfn.IFS(F45="INCREMENTO",SUM(I45:L45)/H45,F45="MANTENIMIENTO",SUM(I45:L45)/(H45*Tabla2[[#This Row],[N.X]])))),"ESPECÍFICAR TIPO DE META"))>1,"100%",IF(F45="","ESPECÍFICAR TIPO DE META",_xlfn.IFNA(_xlfn.IFS(SUM(I45:L45)=0,0%,SUM(I45:L45)>0.001,(_xlfn.IFS(F45="INCREMENTO",SUM(I45:L45)/H45,F45="MANTENIMIENTO",SUM(I45:L45)/(H45*Tabla2[[#This Row],[N.X]])))),"ESPECÍFICAR TIPO DE META"))) -> 0 | AF45: ='MIPG INSTITUCIONAL'!N51 -> Se tienen publicado los datos abiertos página WEB | AG45: ='MIPG INSTITUCIONAL'!O51 -> Talento Humano, Recursos Físicos y Tecnológicos | AH45: ='MIPG INSTITUCIONAL'!P51 -> Subdirección Administrativa y Financiera - Profesional Ingeniero de Sistema | AI45: ='MIPG INSTITUCIONAL'!P51 -> Subdirección Administrativa y Financiera - Profesional Ingeniero de Sistema
B46: Gestión con valores para resultados | C46: Gobierno digital | D46: ='MIPG INSTITUCIONAL'!F52 -> Elaborar procedimiento de calidad de datos | E46: ='MIPG INSTITUCIONAL'!G52 -> Procedimiento calidad de datos elaborado | F46: INCREMENTO | G46: =COUNTIF(R46:U46,"x") -> 1 | H46: ='MIPG INSTITUCIONAL'!H52 -> 1 | I46: ='MIPG INSTITUCIONAL'!I52 -> 0 | J46: ='MIPG INSTITUCIONAL'!J52 -> 0 | K46: ='MIPG INSTITUCIONAL'!K52 -> 0 | L46: ='MIPG INSTITUCIONAL'!L52 -> 0 | N46: 1 | Q46: =_xlfn.IFNA(IF(_xlfn.IFS(F46="MANTENIMIENTO",SUM(M46:P46)/G46,F46="INCREMENTO",SUM(M46:P46))=H46,"SI",""),"") -> SI | R46: ='MIPG INSTITUCIONAL'!Q52 -> 0 | S46: ='MIPG INSTITUCIONAL'!R52 -> x | T46: ='MIPG INSTITUCIONAL'!S52 -> 0 | U46: ='MIPG INSTITUCIONAL'!T52 -> 0 | V46: =_xlfn.IFNA(_xlfn.IFS(AND(M46="",I46>0.001),"1",AND(M46>0.001,I46>0.001),"2",AND(M46>0.001,I46=0),"3"),"4") -> 4 | W46: =_xlfn.IFNA(_xlfn.IFS(AND(N46="",J46>0.001),"1",AND(N46>0.001,J46>0.001),"2",AND(N46>0.001,J46=0),"3"),"4") -> 3 | X46: =_xlfn.IFNA(_xlfn.IFS(AND(O46="",K46>0.001),"1",AND(O46>0.001,K46>0.001),"2",AND(O46>0.001,K46=0),"3"),"4") -> 4 | Y46: =_xlfn.IFNA(_xlfn.IFS(AND(P46="",L46>0.001),"1",AND(P46>0.001,L46>0.001),"2",AND(P46>0.001,L46=0),"3"),"4") -> 4 | Z46: =IF((IF(Tabla2[[#This Row],[Calculo1 ]]="1",_xlfn.IFS(W46="1",IF((J46/H46)>100%,100%,J46/H46),W46="2",IF((J46/N46)>100%,100%,J46/N46),W46="3","0%",W46="4","0")+Tabla2[[#This Row],[ III TRIM 20217]],_xlfn.IFS(W46="1",IF((J46/H46)>100%,100%,J46/H46),W46="2",IF((J46/N46)>100%,100%,J46/N46),W46="3","0%",W46="4","")))=100%,100%,(IF(Tabla2[[#This Row],[Calculo1 ]]="1",_xlfn.IFS(W46="1",IF((J46/H46)>100%,100%,J46/H46),W46="2",IF((J46/N46)>100%,100%,J46/N46),W46="3","0%",W46="4","0")+Tabla2[[#This Row],[ III TRIM 20217]],_xlfn.IFS(W46="1",IF((J46/H46)>100%,100%,J46/H46),W46="2",IF((J46/N46)>100%,100%,J46/N46),W46="3","0%",W46="4","")))) -> 0% | AA46: =_xlfn.IFS(V46="1",IF((I46/H46)>100%,"100%",I46/H46),V46="2",IF((I46/M46)>100%,"100%",I46/M46),V46="3","0%",V46="4","") | AB46: =_xlfn.IFNA(INDEX(Hoja1!$C$3:$C$230,MATCH(Tabla2[[#This Row],[Calculo5]],Hoja1!$B$3:$B$230,0)),"") -> 1e-16 | AC46: =_xlfn.IFS(X46="1",IF((K46/J46)>100%,"100%",K46/J46),X46="2",IF((K46/O46)>100%,"100%",K46/O46),X46="3","0%",X46="4","") | AD46: =_xlfn.IFS(Y46="1",IF((L46/K46)>100%,"100%",L46/K46),Y46="2",IF((L46/P46)>100%,"100%",L46/P46),Y46="3","0%",Y46="4","") | AE46: =IF(IF(F46="","ESPECÍFICAR TIPO DE META",_xlfn.IFNA(_xlfn.IFS(SUM(I46:L46)=0,0%,SUM(I46:L46)>0.001,(_xlfn.IFS(F46="INCREMENTO",SUM(I46:L46)/H46,F46="MANTENIMIENTO",SUM(I46:L46)/(H46*Tabla2[[#This Row],[N.X]])))),"ESPECÍFICAR TIPO DE META"))>1,"100%",IF(F46="","ESPECÍFICAR TIPO DE META",_xlfn.IFNA(_xlfn.IFS(SUM(I46:L46)=0,0%,SUM(I46:L46)>0.001,(_xlfn.IFS(F46="INCREMENTO",SUM(I46:L46)/H46,F46="MANTENIMIENTO",SUM(I46:L46)/(H46*Tabla2[[#This Row],[N.X]])))),"ESPECÍFICAR TIPO DE META"))) -> 0 | AF46: ='MIPG INSTITUCIONAL'!N52 -> 0 | AG46: ='MIPG INSTITUCIONAL'!O52 -> Talento Humano, Recursos Físicos y Tecnológicos | AH46: ='MIPG INSTITUCIONAL'!P52 -> Subdirección Administrativa y Financiera - Profesional Ingeniero de Sistema | AI46: ='MIPG INSTITUCIONAL'!P52 -> Subdirección Administrativa y Financiera - Profesional Ingeniero de Sistema
B47: Gestión con valores para resultados | C47: Gobierno digital | D47: ='MIPG INSTITUCIONAL'!F53 -> Elaborar el plan de mantenimiento preventivo y evolutivo sobre la infraestructura TI e implementarlo de acuerdo al cronograma de actividades. | E47: ='MIPG INSTITUCIONAL'!G53 -> Plan de mantenimiento preventivo y evolutivo implementado | F47: INCREMENTO | G47: =COUNTIF(R47:U47,"x") -> 1 | H47: ='MIPG INSTITUCIONAL'!H53 -> 1 | I47: ='MIPG INSTITUCIONAL'!I53 -> 0 | J47: ='MIPG INSTITUCIONAL'!J53 -> 0 | K47: ='MIPG INSTITUCIONAL'!K53 -> 0 | L47: ='MIPG INSTITUCIONAL'!L53 -> 0 | N47: 1 | Q47: =_xlfn.IFNA(IF(_xlfn.IFS(F47="MANTENIMIENTO",SUM(M47:P47)/G47,F47="INCREMENTO",SUM(M47:P47))=H47,"SI",""),"") -> SI | R47: ='MIPG INSTITUCIONAL'!Q53 -> 0 | S47: ='MIPG INSTITUCIONAL'!R53 -> x | T47: ='MIPG INSTITUCIONAL'!S53 -> 0 | U47: ='MIPG INSTITUCIONAL'!T53 -> 0 | V47: =_xlfn.IFNA(_xlfn.IFS(AND(M47="",I47>0.001),"1",AND(M47>0.001,I47>0.001),"2",AND(M47>0.001,I47=0),"3"),"4") -> 4 | W47: =_xlfn.IFNA(_xlfn.IFS(AND(N47="",J47>0.001),"1",AND(N47>0.001,J47>0.001),"2",AND(N47>0.001,J47=0),"3"),"4") -> 3 | X47: =_xlfn.IFNA(_xlfn.IFS(AND(O47="",K47>0.001),"1",AND(O47>0.001,K47>0.001),"2",AND(O47>0.001,K47=0),"3"),"4") -> 4 | Y47: =_xlfn.IFNA(_xlfn.IFS(AND(P47="",L47>0.001),"1",AND(P47>0.001,L47>0.001),"2",AND(P47>0.001,L47=0),"3"),"4") -> 4 | Z47: =IF((IF(Tabla2[[#This Row],[Calculo1 ]]="1",_xlfn.IFS(W47="1",IF((J47/H47)>100%,100%,J47/H47),W47="2",IF((J47/N47)>100%,100%,J47/N47),W47="3","0%",W47="4","0")+Tabla2[[#This Row],[ III TRIM 20217]],_xlfn.IFS(W47="1",IF((J47/H47)>100%,100%,J47/H47),W47="2",IF((J47/N47)>100%,100%,J47/N47),W47="3","0%",W47="4","")))=100%,100%,(IF(Tabla2[[#This Row],[Calculo1 ]]="1",_xlfn.IFS(W47="1",IF((J47/H47)>100%,100%,J47/H47),W47="2",IF((J47/N47)>100%,100%,J47/N47),W47="3","0%",W47="4","0")+Tabla2[[#This Row],[ III TRIM 20217]],_xlfn.IFS(W47="1",IF((J47/H47)>100%,100%,J47/H47),W47="2",IF((J47/N47)>100%,100%,J47/N47),W47="3","0%",W47="4","")))) -> 0% | AA47: =_xlfn.IFS(V47="1",IF((I47/H47)>100%,"100%",I47/H47),V47="2",IF((I47/M47)>100%,"100%",I47/M47),V47="3","0%",V47="4","") | AB47: =_xlfn.IFNA(INDEX(Hoja1!$C$3:$C$230,MATCH(Tabla2[[#This Row],[Calculo5]],Hoja1!$B$3:$B$230,0)),"") -> 1e-16 | AC47: =_xlfn.IFS(X47="1",IF((K47/J47)>100%,"100%",K47/J47),X47="2",IF((K47/O47)>100%,"100%",K47/O47),X47="3","0%",X47="4","") | AD47: =_xlfn.IFS(Y47="1",IF((L47/K47)>100%,"100%",L47/K47),Y47="2",IF((L47/P47)>100%,"100%",L47/P47),Y47="3","0%",Y47="4","") | AE47: =IF(IF(F47="","ESPECÍFICAR TIPO DE META",_xlfn.IFNA(_xlfn.IFS(SUM(I47:L47)=0,0%,SUM(I47:L47)>0.001,(_xlfn.IFS(F47="INCREMENTO",SUM(I47:L47)/H47,F47="MANTENIMIENTO",SUM(I47:L47)/(H47*Tabla2[[#This Row],[N.X]])))),"ESPECÍFICAR TIPO DE META"))>1,"100%",IF(F47="","ESPECÍFICAR TIPO DE META",_xlfn.IFNA(_xlfn.IFS(SUM(I47:L47)=0,0%,SUM(I47:L47)>0.001,(_xlfn.IFS(F47="INCREMENTO",SUM(I47:L47)/H47,F47="MANTENIMIENTO",SUM(I47:L47)/(H47*Tabla2[[#This Row],[N.X]])))),"ESPECÍFICAR TIPO DE META"))) -> 0 | AF47: ='MIPG INSTITUCIONAL'!N53 -> 0 | AG47: ='MIPG INSTITUCIONAL'!O53 -> Talento Humano, Recursos Físicos y Tecnológicos | AH47: ='MIPG INSTITUCIONAL'!P53 -> Subdirección Administrativa y Financiera - Profesional Ingeniero de Sistema | AI47: ='MIPG INSTITUCIONAL'!P53 -> Subdirección Administrativa y Financiera - Profesional Ingeniero de Sistema
B48: Gestión con valores para resultados | C48: Gobierno digital | D48: ='MIPG INSTITUCIONAL'!F54 -> Actualizar programa para la disposición final de residuos tecnológicos. | E48: ='MIPG INSTITUCIONAL'!G54 -> Programa para la disposición final de los residuos tecnológicos actualizado | F48: INCREMENTO | G48: =COUNTIF(R48:U48,"x") -> 1 | H48: ='MIPG INSTITUCIONAL'!H54 -> 1 | I48: ='MIPG INSTITUCIONAL'!I54 -> 0 | J48: ='MIPG INSTITUCIONAL'!J54 -> 0 | K48: ='MIPG INSTITUCIONAL'!K54 -> 0 | L48: ='MIPG INSTITUCIONAL'!L54 -> 0 | N48: 1 | Q48: =_xlfn.IFNA(IF(_xlfn.IFS(F48="MANTENIMIENTO",SUM(M48:P48)/G48,F48="INCREMENTO",SUM(M48:P48))=H48,"SI",""),"") -> SI | R48: ='MIPG INSTITUCIONAL'!Q54 -> 0 | S48: ='MIPG INSTITUCIONAL'!R54 -> x | T48: ='MIPG INSTITUCIONAL'!S54 -> 0 | U48: ='MIPG INSTITUCIONAL'!T54 -> 0 | V48: =_xlfn.IFNA(_xlfn.IFS(AND(M48="",I48>0.001),"1",AND(M48>0.001,I48>0.001),"2",AND(M48>0.001,I48=0),"3"),"4") -> 4 | W48: =_xlfn.IFNA(_xlfn.IFS(AND(N48="",J48>0.001),"1",AND(N48>0.001,J48>0.001),"2",AND(N48>0.001,J48=0),"3"),"4") -> 3 | X48: =_xlfn.IFNA(_xlfn.IFS(AND(O48="",K48>0.001),"1",AND(O48>0.001,K48>0.001),"2",AND(O48>0.001,K48=0),"3"),"4") -> 4 | Y48: =_xlfn.IFNA(_xlfn.IFS(AND(P48="",L48>0.001),"1",AND(P48>0.001,L48>0.001),"2",AND(P48>0.001,L48=0),"3"),"4") -> 4 | Z48: =IF((IF(Tabla2[[#This Row],[Calculo1 ]]="1",_xlfn.IFS(W48="1",IF((J48/H48)>100%,100%,J48/H48),W48="2",IF((J48/N48)>100%,100%,J48/N48),W48="3","0%",W48="4","0")+Tabla2[[#This Row],[ III TRIM 20217]],_xlfn.IFS(W48="1",IF((J48/H48)>100%,100%,J48/H48),W48="2",IF((J48/N48)>100%,100%,J48/N48),W48="3","0%",W48="4","")))=100%,100%,(IF(Tabla2[[#This Row],[Calculo1 ]]="1",_xlfn.IFS(W48="1",IF((J48/H48)>100%,100%,J48/H48),W48="2",IF((J48/N48)>100%,100%,J48/N48),W48="3","0%",W48="4","0")+Tabla2[[#This Row],[ III TRIM 20217]],_xlfn.IFS(W48="1",IF((J48/H48)>100%,100%,J48/H48),W48="2",IF((J48/N48)>100%,100%,J48/N48),W48="3","0%",W48="4","")))) -> 0% | AA48: =_xlfn.IFS(V48="1",IF((I48/H48)>100%,"100%",I48/H48),V48="2",IF((I48/M48)>100%,"100%",I48/M48),V48="3","0%",V48="4","") | AB48: =_xlfn.IFNA(INDEX(Hoja1!$C$3:$C$230,MATCH(Tabla2[[#This Row],[Calculo5]],Hoja1!$B$3:$B$230,0)),"") -> 1e-16 | AC48: =_xlfn.IFS(X48="1",IF((K48/J48)>100%,"100%",K48/J48),X48="2",IF((K48/O48)>100%,"100%",K48/O48),X48="3","0%",X48="4","") | AD48: =_xlfn.IFS(Y48="1",IF((L48/K48)>100%,"100%",L48/K48),Y48="2",IF((L48/P48)>100%,"100%",L48/P48),Y48="3","0%",Y48="4","") | AE48: =IF(IF(F48="","ESPECÍFICAR TIPO DE META",_xlfn.IFNA(_xlfn.IFS(SUM(I48:L48)=0,0%,SUM(I48:L48)>0.001,(_xlfn.IFS(F48="INCREMENTO",SUM(I48:L48)/H48,F48="MANTENIMIENTO",SUM(I48:L48)/(H48*Tabla2[[#This Row],[N.X]])))),"ESPECÍFICAR TIPO DE META"))>1,"100%",IF(F48="","ESPECÍFICAR TIPO DE META",_xlfn.IFNA(_xlfn.IFS(SUM(I48:L48)=0,0%,SUM(I48:L48)>0.001,(_xlfn.IFS(F48="INCREMENTO",SUM(I48:L48)/H48,F48="MANTENIMIENTO",SUM(I48:L48)/(H48*Tabla2[[#This Row],[N.X]])))),"ESPECÍFICAR TIPO DE META"))) -> 0 | AF48: ='MIPG INSTITUCIONAL'!N54 -> Se está actualizando el programa de gestión de residuos tecnológicos y sólidos de la mano con la persona encargada de gestión de calidad | AG48: ='MIPG INSTITUCIONAL'!O54 -> Talento Humano, Recursos Físicos y Tecnológicos | AH48: ='MIPG INSTITUCIONAL'!P54 -> Subdirección Administrativa y Financiera - Profesional Ingeniero de Sistem | AI48: ='MIPG INSTITUCIONAL'!P54 -> Subdirección Administrativa y Financiera - Profesional Ingeniero de Sistem
B49: Gestión con valores para resultados | C49: Gobierno digital | D49: ='MIPG INSTITUCIONAL'!F55 -> Actualizar el plan de continuidad de los servicios tecnológicos. | E49: ='MIPG INSTITUCIONAL'!G55 -> Plan de continuidad de servicios tecnológicos actualizado | F49: INCREMENTO | G49: =COUNTIF(R49:U49,"x") -> 4 | H49: ='MIPG INSTITUCIONAL'!H55 -> 1 | I49: ='MIPG INSTITUCIONAL'!I55 -> 0 | J49: ='MIPG INSTITUCIONAL'!J55 -> 0 | K49: ='MIPG INSTITUCIONAL'!K55 -> 0 | L49: ='MIPG INSTITUCIONAL'!L55 -> 0 | M49: 0.25 | N49: 0.25 | O49: 0.25 | P49: 0.25 | Q49: =_xlfn.IFNA(IF(_xlfn.IFS(F49="MANTENIMIENTO",SUM(M49:P49)/G49,F49="INCREMENTO",SUM(M49:P49))=H49,"SI",""),"") -> SI | R49: ='MIPG INSTITUCIONAL'!Q55 -> x | S49: ='MIPG INSTITUCIONAL'!R55 -> x | T49: ='MIPG INSTITUCIONAL'!S55 -> x | U49: ='MIPG INSTITUCIONAL'!T55 -> x | V49: =_xlfn.IFNA(_xlfn.IFS(AND(M49="",I49>0.001),"1",AND(M49>0.001,I49>0.001),"2",AND(M49>0.001,I49=0),"3"),"4") -> 3 | W49: =_xlfn.IFNA(_xlfn.IFS(AND(N49="",J49>0.001),"1",AND(N49>0.001,J49>0.001),"2",AND(N49>0.001,J49=0),"3"),"4") -> 3 | X49: =_xlfn.IFNA(_xlfn.IFS(AND(O49="",K49>0.001),"1",AND(O49>0.001,K49>0.001),"2",AND(O49>0.001,K49=0),"3"),"4") -> 3 | Y49: =_xlfn.IFNA(_xlfn.IFS(AND(P49="",L49>0.001),"1",AND(P49>0.001,L49>0.001),"2",AND(P49>0.001,L49=0),"3"),"4") -> 3 | Z49: =IF((IF(Tabla2[[#This Row],[Calculo1 ]]="1",_xlfn.IFS(W49="1",IF((J49/H49)>100%,100%,J49/H49),W49="2",IF((J49/N49)>100%,100%,J49/N49),W49="3","0%",W49="4","0")+Tabla2[[#This Row],[ III TRIM 20217]],_xlfn.IFS(W49="1",IF((J49/H49)>100%,100%,J49/H49),W49="2",IF((J49/N49)>100%,100%,J49/N49),W49="3","0%",W49="4","")))=100%,100%,(IF(Tabla2[[#This Row],[Calculo1 ]]="1",_xlfn.IFS(W49="1",IF((J49/H49)>100%,100%,J49/H49),W49="2",IF((J49/N49)>100%,100%,J49/N49),W49="3","0%",W49="4","0")+Tabla2[[#This Row],[ III TRIM 20217]],_xlfn.IFS(W49="1",IF((J49/H49)>100%,100%,J49/H49),W49="2",IF((J49/N49)>100%,100%,J49/N49),W49="3","0%",W49="4","")))) -> 0% | AA49: =_xlfn.IFS(V49="1",IF((I49/H49)>100%,"100%",I49/H49),V49="2",IF((I49/M49)>100%,"100%",I49/M49),V49="3","0%",V49="4","") -> 0% | AB49: =_xlfn.IFNA(INDEX(Hoja1!$C$3:$C$230,MATCH(Tabla2[[#This Row],[Calculo5]],Hoja1!$B$3:$B$230,0)),"") -> 1e-16 | AC49: =_xlfn.IFS(X49="1",IF((K49/J49)>100%,"100%",K49/J49),X49="2",IF((K49/O49)>100%,"100%",K49/O49),X49="3","0%",X49="4","") -> 0% | AD49: =_xlfn.IFS(Y49="1",IF((L49/K49)>100%,"100%",L49/K49),Y49="2",IF((L49/P49)>100%,"100%",L49/P49),Y49="3","0%",Y49="4","") -> 0% | AE49: =IF(IF(F49="","ESPECÍFICAR TIPO DE META",_xlfn.IFNA(_xlfn.IFS(SUM(I49:L49)=0,0%,SUM(I49:L49)>0.001,(_xlfn.IFS(F49="INCREMENTO",SUM(I49:L49)/H49,F49="MANTENIMIENTO",SUM(I49:L49)/(H49*Tabla2[[#This Row],[N.X]])))),"ESPECÍFICAR TIPO DE META"))>1,"100%",IF(F49="","ESPECÍFICAR TIPO DE META",_xlfn.IFNA(_xlfn.IFS(SUM(I49:L49)=0,0%,SUM(I49:L49)>0.001,(_xlfn.IFS(F49="INCREMENTO",SUM(I49:L49)/H49,F49="MANTENIMIENTO",SUM(I49:L49)/(H49*Tabla2[[#This Row],[N.X]])))),"ESPECÍFICAR TIPO DE META"))) -> 0 | AF49: ='MIPG INSTITUCIONAL'!N55 -> Se está proyectando el documento | AG49: ='MIPG INSTITUCIONAL'!O55 -> Talento Humano, Recursos Físicos y Tecnológicos | AH49: ='MIPG INSTITUCIONAL'!P55 -> Subdirección Administrativa y Financiera - Profesional Ingeniero de Sistem | AI49: ='MIPG INSTITUCIONAL'!P55 -> Subdirección Administrativa y Financiera - Profesional Ingeniero de Sistem
B50: Gestión con valores para resultados | C50: Gobierno digital | D50: ='MIPG INSTITUCIONAL'!F56 -> Sensibilizar a los usuarios de la información sobre el uso adecuado de las TIC | E50: ='MIPG INSTITUCIONAL'!G56 -> Talleres, charlas y/o campañas para el uso adecuado de las TIC | F50: INCREMENTO | G50: =COUNTIF(R50:U50,"x") -> 2 | H50: ='MIPG INSTITUCIONAL'!H56 -> 2 | I50: ='MIPG INSTITUCIONAL'!I56 -> 0 | J50: ='MIPG INSTITUCIONAL'!J56 -> 0 | K50: ='MIPG INSTITUCIONAL'!K56 -> 0 | L50: ='MIPG INSTITUCIONAL'!L56 -> 0 | N50: 1 | P50: 1 | Q50: =_xlfn.IFNA(IF(_xlfn.IFS(F50="MANTENIMIENTO",SUM(M50:P50)/G50,F50="INCREMENTO",SUM(M50:P50))=H50,"SI",""),"") -> SI | R50: ='MIPG INSTITUCIONAL'!Q56 -> 0 | S50: ='MIPG INSTITUCIONAL'!R56 -> x | T50: ='MIPG INSTITUCIONAL'!S56 -> 0 | U50: ='MIPG INSTITUCIONAL'!T56 -> x | V50: =_xlfn.IFNA(_xlfn.IFS(AND(M50="",I50>0.001),"1",AND(M50>0.001,I50>0.001),"2",AND(M50>0.001,I50=0),"3"),"4") -> 4 | W50: =_xlfn.IFNA(_xlfn.IFS(AND(N50="",J50>0.001),"1",AND(N50>0.001,J50>0.001),"2",AND(N50>0.001,J50=0),"3"),"4") -> 3 | X50: =_xlfn.IFNA(_xlfn.IFS(AND(O50="",K50>0.001),"1",AND(O50>0.001,K50>0.001),"2",AND(O50>0.001,K50=0),"3"),"4") -> 4 | Y50: =_xlfn.IFNA(_xlfn.IFS(AND(P50="",L50>0.001),"1",AND(P50>0.001,L50>0.001),"2",AND(P50>0.001,L50=0),"3"),"4") -> 3 | Z50: =IF((IF(Tabla2[[#This Row],[Calculo1 ]]="1",_xlfn.IFS(W50="1",IF((J50/H50)>100%,100%,J50/H50),W50="2",IF((J50/N50)>100%,100%,J50/N50),W50="3","0%",W50="4","0")+Tabla2[[#This Row],[ III TRIM 20217]],_xlfn.IFS(W50="1",IF((J50/H50)>100%,100%,J50/H50),W50="2",IF((J50/N50)>100%,100%,J50/N50),W50="3","0%",W50="4","")))=100%,100%,(IF(Tabla2[[#This Row],[Calculo1 ]]="1",_xlfn.IFS(W50="1",IF((J50/H50)>100%,100%,J50/H50),W50="2",IF((J50/N50)>100%,100%,J50/N50),W50="3","0%",W50="4","0")+Tabla2[[#This Row],[ III TRIM 20217]],_xlfn.IFS(W50="1",IF((J50/H50)>100%,100%,J50/H50),W50="2",IF((J50/N50)>100%,100%,J50/N50),W50="3","0%",W50="4","")))) -> 0% | AA50: =_xlfn.IFS(V50="1",IF((I50/H50)>100%,"100%",I50/H50),V50="2",IF((I50/M50)>100%,"100%",I50/M50),V50="3","0%",V50="4","") | AB50: =_xlfn.IFNA(INDEX(Hoja1!$C$3:$C$230,MATCH(Tabla2[[#This Row],[Calculo5]],Hoja1!$B$3:$B$230,0)),"") -> 1e-16 | AC50: =_xlfn.IFS(X50="1",IF((K50/J50)>100%,"100%",K50/J50),X50="2",IF((K50/O50)>100%,"100%",K50/O50),X50="3","0%",X50="4","") | AD50: =_xlfn.IFS(Y50="1",IF((L50/K50)>100%,"100%",L50/K50),Y50="2",IF((L50/P50)>100%,"100%",L50/P50),Y50="3","0%",Y50="4","") -> 0% | AE50: =IF(IF(F50="","ESPECÍFICAR TIPO DE META",_xlfn.IFNA(_xlfn.IFS(SUM(I50:L50)=0,0%,SUM(I50:L50)>0.001,(_xlfn.IFS(F50="INCREMENTO",SUM(I50:L50)/H50,F50="MANTENIMIENTO",SUM(I50:L50)/(H50*Tabla2[[#This Row],[N.X]])))),"ESPECÍFICAR TIPO DE META"))>1,"100%",IF(F50="","ESPECÍFICAR TIPO DE META",_xlfn.IFNA(_xlfn.IFS(SUM(I50:L50)=0,0%,SUM(I50:L50)>0.001,(_xlfn.IFS(F50="INCREMENTO",SUM(I50:L50)/H50,F50="MANTENIMIENTO",SUM(I50:L50)/(H50*Tabla2[[#This Row],[N.X]])))),"ESPECÍFICAR TIPO DE META"))) -> 0 | AF50: ='MIPG INSTITUCIONAL'!N56 -> 0 | AG50: ='MIPG INSTITUCIONAL'!O56 -> Talento Humano, Recursos Físicos y Tecnológicos | AH50: ='MIPG INSTITUCIONAL'!P56 -> Subdirección Administrativa y Financiera - Profesional Ingeniero de Sistem | AI50: ='MIPG INSTITUCIONAL'!P56 -> Subdirección Administrativa y Financiera - Profesional Ingeniero de Sistem
B51: Gestión con valores para resultados | C51: Gobierno digital | D51: ='MIPG INSTITUCIONAL'!F57 -> Publicar, en la sección "transparencia y acceso a la información pública" de la página web oficial de la entidad la información actualizada acorde a los lineamientos de la Ley 1712 de 2014 y resolución 1519 de 2020 | E51: ='MIPG INSTITUCIONAL'!G57 -> Registros de la información publicados en la página web de la entidad | F51: MANTENIMIENTO | G51: =COUNTIF(R51:U51,"x") -> 4 | H51: ='MIPG INSTITUCIONAL'!H57 -> 1 | I51: ='MIPG INSTITUCIONAL'!I57 -> 0 | J51: ='MIPG INSTITUCIONAL'!J57 -> 0 | K51: ='MIPG INSTITUCIONAL'!K57 -> 0 | L51: ='MIPG INSTITUCIONAL'!L57 -> 0 | M51: 1 | N51: 1 | O51: 1 | P51: 1 | Q51: =_xlfn.IFNA(IF(_xlfn.IFS(F51="MANTENIMIENTO",SUM(M51:P51)/G51,F51="INCREMENTO",SUM(M51:P51))=H51,"SI",""),"") -> SI | R51: ='MIPG INSTITUCIONAL'!Q57 -> x | S51: ='MIPG INSTITUCIONAL'!R57 -> x | T51: ='MIPG INSTITUCIONAL'!S57 -> x | U51: ='MIPG INSTITUCIONAL'!T57 -> x | V51: =_xlfn.IFNA(_xlfn.IFS(AND(M51="",I51>0.001),"1",AND(M51>0.001,I51>0.001),"2",AND(M51>0.001,I51=0),"3"),"4") -> 3 | W51: =_xlfn.IFNA(_xlfn.IFS(AND(N51="",J51>0.001),"1",AND(N51>0.001,J51>0.001),"2",AND(N51>0.001,J51=0),"3"),"4") -> 3 | X51: =_xlfn.IFNA(_xlfn.IFS(AND(O51="",K51>0.001),"1",AND(O51>0.001,K51>0.001),"2",AND(O51>0.001,K51=0),"3"),"4") -> 3 | Y51: =_xlfn.IFNA(_xlfn.IFS(AND(P51="",L51>0.001),"1",AND(P51>0.001,L51>0.001),"2",AND(P51>0.001,L51=0),"3"),"4") -> 3 | Z51: =IF((IF(Tabla2[[#This Row],[Calculo1 ]]="1",_xlfn.IFS(W51="1",IF((J51/H51)>100%,100%,J51/H51),W51="2",IF((J51/N51)>100%,100%,J51/N51),W51="3","0%",W51="4","0")+Tabla2[[#This Row],[ III TRIM 20217]],_xlfn.IFS(W51="1",IF((J51/H51)>100%,100%,J51/H51),W51="2",IF((J51/N51)>100%,100%,J51/N51),W51="3","0%",W51="4","")))=100%,100%,(IF(Tabla2[[#This Row],[Calculo1 ]]="1",_xlfn.IFS(W51="1",IF((J51/H51)>100%,100%,J51/H51),W51="2",IF((J51/N51)>100%,100%,J51/N51),W51="3","0%",W51="4","0")+Tabla2[[#This Row],[ III TRIM 20217]],_xlfn.IFS(W51="1",IF((J51/H51)>100%,100%,J51/H51),W51="2",IF((J51/N51)>100%,100%,J51/N51),W51="3","0%",W51="4","")))) -> 0% | AA51: =_xlfn.IFS(V51="1",IF((I51/H51)>100%,"100%",I51/H51),V51="2",IF((I51/M51)>100%,"100%",I51/M51),V51="3","0%",V51="4","") -> 0% | AB51: =_xlfn.IFNA(INDEX(Hoja1!$C$3:$C$230,MATCH(Tabla2[[#This Row],[Calculo5]],Hoja1!$B$3:$B$230,0)),"") -> 1e-16 | AC51: =_xlfn.IFS(X51="1",IF((K51/J51)>100%,"100%",K51/J51),X51="2",IF((K51/O51)>100%,"100%",K51/O51),X51="3","0%",X51="4","") -> 0% | AD51: =_xlfn.IFS(Y51="1",IF((L51/K51)>100%,"100%",L51/K51),Y51="2",IF((L51/P51)>100%,"100%",L51/P51),Y51="3","0%",Y51="4","") -> 0% | AE51: =IF(IF(F51="","ESPECÍFICAR TIPO DE META",_xlfn.IFNA(_xlfn.IFS(SUM(I51:L51)=0,0%,SUM(I51:L51)>0.001,(_xlfn.IFS(F51="INCREMENTO",SUM(I51:L51)/H51,F51="MANTENIMIENTO",SUM(I51:L51)/(H51*Tabla2[[#This Row],[N.X]])))),"ESPECÍFICAR TIPO DE META"))>1,"100%",IF(F51="","ESPECÍFICAR TIPO DE META",_xlfn.IFNA(_xlfn.IFS(SUM(I51:L51)=0,0%,SUM(I51:L51)>0.001,(_xlfn.IFS(F51="INCREMENTO",SUM(I51:L51)/H51,F51="MANTENIMIENTO",SUM(I51:L51)/(H51*Tabla2[[#This Row],[N.X]])))),"ESPECÍFICAR TIPO DE META"))) -> 0 | AF51: ='MIPG INSTITUCIONAL'!N57 -> La publicación en la página WEB se realiza de manera permanente | AG51: ='MIPG INSTITUCIONAL'!O57 -> Talento Humano, Recursos Físicos y Tecnológicos | AH51: ='MIPG INSTITUCIONAL'!P57 -> Subdirección Administrativa y Financiera - Profesional Ingeniero de Sistem | AI51: ='MIPG INSTITUCIONAL'!P57 -> Subdirección Administrativa y Financiera - Profesional Ingeniero de Sistem
